Workbook
Name Basket1: [1]Summary!$E$8
Name Basket1: [2]Summary!$E$8
Name Basket1: [3]Summary!$E$8
Name Basket2: [1]Summary!$F$8
Name Basket2: [2]Summary!$F$8
Name Basket2: [3]Summary!$F$8
Name Basket3: [1]Summary!$G$8
Name Basket3: [2]Summary!$G$8
Name Basket3: [3]Summary!$G$8
Name Basket4: [1]Summary!$H$8
Name Basket4: [2]Summary!$H$8
Name Basket4: [3]Summary!$H$8
Name Basket5: [1]Summary!$I$8
Name Basket5: [2]Summary!$I$8
Name Basket5: [3]Summary!$I$8
Name DebResh: [4]Data!$B$5:$C$36
Name Separator: [4]Data!$E$20:$F$26
Name SeparM2: #REF!
Name SeparM2: #REF!
Name SeparM2: #REF!
Name ново: #REF!
Name ново: #REF!
Name ново: #REF!

Sheet Price list
V2: Valid for | X2: June | Y2: orders
S3: 1900 | T3: Lead Escalator | U3: =(O5-1900)*0.025/100 -> 0.01356
S4: 1800 | U4: =(O5-1800)*0.025/100 -> 0.03856
L5: LME June | O5: 1954.24 | S5: 2050 | U5: =(O6-S5)*0.025/100 -> 0.0167275 | X5: Pallets Target | Y5: 22
O6: 2116.91
L7: AD, Discount | O7: 0
B8: Customer | C8: International Code | D8: Nour Code | E8: Nour Polarity | F8: Type | G8: Short code | I8: Capacity C20, Ah | J8: CCA, A [EN} | K8: BOX | O8: Layout | P8: Terminal | Q8: BHD | R8: Weight | S8: Qty per pallet | T8: Base Price EXW | U8: Net Price EXW | W8: Quantity per layer | X8: NOUR Reference | Y8: 1st Order - Kenya | Z8: Total nombre de couches | AA8: Palette 3 couche | AB8: Nour Code | AC8: Code international | AD8: Palettes 3 couches | AE8: Qté/ Palette | AF8: Qté | AG8: Poids net | AH8: Poids brut | AI8: PU € | AJ8: Total €
G9: Lubatex | H9: article commande | L9: L | M9: W | N9: H | R9: kg | S9: pcs | T9: LME 1900€ | U9: =L5 -> LME June
A10: =CONCATENATE(B10,D10) -> RPALB55L1W172R1Z55 | B10: RPA | C10: SMF 55027 | D10: LB55L1W172R1Z55 | E10: R+ | F10: DIN | I10: 52 | J10: 500 | K10: L1 | L10: 207 | M10: 175 | N10: 190 | O10: 0 | P10: 1 | Q10: B13 | R10: 12.56 | S10: 96 | T10: 26.75 | U10: =MROUND((T10/(1-U$3)),0.01) -> 27.12 | V10: =ROUND(Z10,0)*W10 -> 0 | W10: =S10/4 -> 24 | X10: =D10 -> LB55L1W172R1Z55 | Z10: =Y10/W10 -> 0 | AA10: =Z10/3 -> 0 | AB10: =X10 -> LB55L1W172R1Z55 | AD10: =AA10 -> 0 | AG10: =Y10*R10 -> 0 | AH10: =(AD10*25)+AG10 -> 0 | AI10: =U10 -> 27.12 | AJ10: =AI10*Y10 -> 0 | AM10: P0001 | AN10: =CONCATENATE(A10,'PL230087'!$R$5) -> RPALB55L1W172R1Z55Commande 4 | AO10: =AM10 -> P0001 | AP10: =A10 -> RPALB55L1W172R1Z55 | AQ10: =AO10 -> P0001
A11: =CONCATENATE(B11,D11) -> RPALB66L2W172R1Z55 | B11: RPA | C11: SMF 56219 | D11: LB66L2W172R1Z55 | E11: R+ | F11: DIN | I11: 62 | J11: 600 | K11: L2 | L11: 242 | M11: 175 | N11: 190 | O11: 0 | P11: 1 | Q11: B13 | R11: 14.55 | S11: 84 | T11: 30.85 | U11: =MROUND((T11/(1-U$3)),0.01) -> 31.27 | V11: =ROUND(Z11,0)*W11 -> 189 | W11: =S11/4 -> 21 | X11: =D11 -> LB66L2W172R1Z55 | Y11: =AA11*W11*3 -> 189 | Z11: =Y11/W11 -> 9 | AA11: =AD11 -> 3 | AB11: =X11 -> LB66L2W172R1Z55 | AC11: =C11 -> SMF 56219 | AD11: 3 | AE11: =W11*3 -> 63 | AF11: =AD11*W11*3 -> 189 | AG11: =Y11*R11 -> 2749.95 | AH11: =(AD11*25)+AG11 -> 2824.95 | AI11: =U11 -> 31.27 | AJ11: =AI11*Y11 -> 5910.03 | AM11: P0002 | AN11: =CONCATENATE(A11,'PL230087'!$R$5) -> RPALB66L2W172R1Z55Commande 4 | AO11: =AM11 -> P0002 | AP11: =A11 -> RPALB66L2W172R1Z55 | AQ11: =AO11 -> P0002
A12: =CONCATENATE(B12,D12) -> RPALB77L3W172R1Z55 | B12: RPA | C12: SMF 57412 | D12: LB77L3W172R1Z55 | E12: R+ | F12: DIN | I12: 74 | J12: 700 | K12: L3 | L12: 278 | M12: 175 | N12: 190 | O12: 0 | P12: 1 | Q12: B13 | R12: 17.45 | S12: 76 | T12: 38.05 | U12: =MROUND((T12/(1-U$3)),0.01) -> 38.57 | V12: =ROUND(Z12,0)*W12 -> 342 | W12: =S12/4 -> 19 | X12: =D12 -> LB77L3W172R1Z55 | Y12: =AA12*W12*3 -> 342 | Z12: =Y12/W12 -> 18 | AA12: =AD12 -> 6 | AB12: =X12 -> LB77L3W172R1Z55 | AC12: =C12 -> SMF 57412 | AD12: 6 | AE12: =W12*3 -> 57 | AF12: =AD12*W12*3 -> 342 | AG12: =Y12*R12 -> 5967.9 | AH12: =(AD12*25)+AG12 -> 6117.9 | AI12: =U12 -> 38.57 | AJ12: =AI12*Y12 -> 13190.94 | AM12: P0003 | AN12: =CONCATENATE(A12,'PL230087'!$R$5) -> RPALB77L3W172R1Z55Commande 4 | AO12: =AM12 -> P0003 | AP12: =A12 -> RPALB77L3W172R1Z55 | AQ12: =AO12 -> P0003
A13: =CONCATENATE(B13,D13) -> RPALB90L5W172R1Z55 | B13: RPA | C13: SMF 60044 | D13: LB90L5W172R1Z55 | E13: R+ | F13: DIN | I13: 100 | J13: 850 | K13: L5 | L13: 353 | M13: 175 | N13: 190 | O13: 0 | P13: 1 | Q13: B13 | R13: 22.8 | S13: 48 | T13: 51.85 | U13: =MROUND((T13/(1-U$3)),0.01) -> 52.56 | V13: =ROUND(Z13,0)*W13 -> 0 | W13: =S13/4 -> 12 | X13: =D13 -> LB90L5W172R1Z55 | Y13: 0 | Z13: =Y13/W13 -> 0 | AA13: =Z13/3 -> 0 | AB13: =X13 -> LB90L5W172R1Z55 | AD13: =AA13 -> 0 | AG13: =Y13*R13 -> 0 | AH13: =(AD13*25)+AG13 -> 0 | AI13: =U13 -> 52.56 | AJ13: =AI13*Y13 -> 0 | AM13: P0004 | AN13: =CONCATENATE(A13,'PL230087'!$R$5) -> RPALB90L5W172R1Z55Commande 4 | AO13: =AM13 -> P0004 | AP13: =A13 -> RPALB90L5W172R1Z55 | AQ13: =AO13 -> P0004
A14: =CONCATENATE(B14,D14) -> RPALB45B1W172R1Z44 | B14: RPA | C14: SMF 54512 | D14: LB45B1W172R1Z44 | E14: R+ | F14: DIN | I14: 45 | J14: 400 | K14: L1B | L14: 207 | M14: 175 | N14: 225 | O14: 0 | P14: 1 | Q14: B13 | R14: 11.6 | S14: 96 | T14: 24.5 | U14: =MROUND((T14/(1-U$3)),0.01) -> 24.84 | V14: =ROUND(Z14,0)*W14 -> 0 | W14: =S14/4 -> 24 | X14: =D14 -> LB45B1W172R1Z44 | Y14: 0 | Z14: =Y14/W14 -> 0 | AA14: =Z14/3 -> 0 | AB14: =X14 -> LB45B1W172R1Z44 | AD14: =AA14 -> 0 | AG14: =Y14*R14 -> 0 | AH14: =(AD14*25)+AG14 -> 0 | AI14: =U14 -> 24.84 | AJ14: =AI14*Y14 -> 0 | AM14: P0005 | AN14: =CONCATENATE(A14,'PL230087'!$R$5) -> RPALB45B1W172R1Z44Commande 4 | AO14: =AM14 -> P0005 | AP14: =A14 -> RPALB45B1W172R1Z44 | AQ14: =AO14 -> P0005
A15: =CONCATENATE(B15,D15) -> RPALB45L1W172R1Z44 | B15: RPA | C15: SMF 54459 | D15: LB45L1W172R1Z44 | E15: R+ | F15: DIN | I15: 45 | J15: 400 | K15: L1 | L15: 207 | M15: 175 | N15: 225 | O15: 0 | P15: 1 | Q15: B13 | R15: 11.6 | S15: 96 | T15: 24.5 | U15: =MROUND((T15/(1-U$3)),0.01) -> 24.84 | V15: =ROUND(Z15,0)*W15 -> 0 | W15: =S15/4 -> 24 | X15: =D15 -> LB45L1W172R1Z44 | Y15: 0 | Z15: =Y15/W15 -> 0 | AA15: =Z15/3 -> 0 | AB15: =X15 -> LB45L1W172R1Z44 | AD15: =AA15 -> 0 | AG15: =Y15*R15 -> 0 | AH15: =(AD15*25)+AG15 -> 0 | AI15: =U15 -> 24.84 | AJ15: =AI15*Y15 -> 0 | AM15: P0006 | AN15: =CONCATENATE(A15,'PL230087'!$R$5) -> RPALB45L1W172R1Z44Commande 4 | AO15: =AM15 -> P0006 | AP15: =A15 -> RPALB45L1W172R1Z44 | AQ15: =AO15 -> P0006
A16: =CONCATENATE(B16,D16) -> RPALB56B2W172R1Z44 | B16: RPA | C16: SMF 56077 | D16: LB56B2W172R1Z44 | E16: R+ | F16: DIN | I16: 60 | J16: 520 | K16: L2B | L16: 242 | M16: 175 | N16: 175 | O16: 0 | P16: 1 | Q16: B13 | R16: 13.9 | S16: 84 | T16: 29.5 | U16: =MROUND((T16/(1-U$3)),0.01) -> 29.91 | V16: =ROUND(Z16,0)*W16 -> 0 | W16: =S16/4 -> 21 | X16: =D16 -> LB56B2W172R1Z44 | Y16: 0 | Z16: =Y16/W16 -> 0 | AA16: =Z16/3 -> 0 | AB16: =X16 -> LB56B2W172R1Z44 | AD16: =AA16 -> 0 | AG16: =Y16*R16 -> 0 | AH16: =(AD16*25)+AG16 -> 0 | AI16: =U16 -> 29.91 | AJ16: =AI16*Y16 -> 0 | AM16: P0007 | AN16: =CONCATENATE(A16,'PL230087'!$R$5) -> RPALB56B2W172R1Z44Commande 4 | AO16: =AM16 -> P0007 | AP16: =A16 -> RPALB56B2W172R1Z44 | AQ16: =AO16 -> P0007
A17: =CONCATENATE(B17,D17) -> RPALB56L2W172R1Z44 | B17: RPA | C17: SMF 56078 | D17: LB56L2W172R1Z44 | E17: R+ | F17: DIN | I17: 60 | J17: 520 | K17: L2 | L17: 242 | M17: 175 | N17: 190 | O17: 0 | P17: 1 | Q17: B13 | R17: 13.9 | S17: 84 | T17: 29.5 | U17: =MROUND((T17/(1-U$3)),0.01) -> 29.91 | V17: =ROUND(Z17,0)*W17 -> 504 | W17: =S17/4 -> 21 | X17: =D17 -> LB56L2W172R1Z44 | Y17: =AA17*W17*3 -> 504 | Z17: =Y17/W17 -> 24 | AA17: =AD17 -> 8 | AB17: =X17 -> LB56L2W172R1Z44 | AC17: =C17 -> SMF 56078 | AD17: 8 | AE17: =W17*3 -> 63 | AF17: =AD17*W17*3 -> 504 | AG17: =Y17*R17 -> 7005.6 | AH17: =(AD17*25)+AG17 -> 7205.6 | AI17: =U17 -> 29.91 | AJ17: =AI17*Y17 -> 15074.64 | AM17: P0008 | AN17: =CONCATENATE(A17,'PL230087'!$R$5) -> RPALB56L2W172R1Z44Commande 4 | AO17: =AM17 -> P0008 | AP17: =A17 -> RPALB56L2W172R1Z44 | AQ17: =AO17 -> P0008
A18: =CONCATENATE(B18,D18) -> RPALB67B3W172R1Z44 | B18: RPA | C18: SMF 57014 | D18: LB67B3W172R1Z44 | E18: R+ | F18: DIN | I18: 70 | J18: 620 | K18: L3B | L18: 278 | M18: 175 | N18: 175 | O18: 0 | P18: 1 | Q18: B13 | R18: 16.8 | S18: 76 | T18: 34.1 | U18: =MROUND((T18/(1-U$3)),0.01) -> 34.57 | V18: =ROUND(Z18,0)*W18 -> 0 | W18: =S18/4 -> 19 | X18: =D18 -> LB67B3W172R1Z44 | Y18: 0 | Z18: =Y18/W18 -> 0 | AA18: =Z18/3 -> 0 | AB18: =X18 -> LB67B3W172R1Z44 | AD18: =AA18 -> 0 | AG18: =Y18*R18 -> 0 | AH18: =(AD18*25)+AG18 -> 0 | AI18: =U18 -> 34.57 | AJ18: =AI18*Y18 -> 0 | AM18: P0009 | AN18: =CONCATENATE(A18,'PL230087'!$R$5) -> RPALB67B3W172R1Z44Commande 4 | AO18: =AM18 -> P0009 | AP18: =A18 -> RPALB67B3W172R1Z44 | AQ18: =AO18 -> P0009
A19: =CONCATENATE(B19,D19) -> RPALB67L3W172R1Z44 | B19: RPA | C19: SMF 57220 | D19: LB67L3W172R1Z44 | E19: R+ | F19: DIN | I19: 70 | J19: 620 | K19: L3 | L19: 278 | M19: 175 | N19: 190 | O19: 0 | P19: 1 | Q19: B13 | R19: 16.8 | S19: 76 | T19: 34.1 | U19: =MROUND((T19/(1-U$3)),0.01) -> 34.57 | V19: =ROUND(Z19,0)*W19 -> 456 | W19: =S19/4 -> 19 | X19: =D19 -> LB67L3W172R1Z44 | Y19: =AA19*W19*3 -> 456 | Z19: =Y19/W19 -> 24 | AA19: =AD19 -> 8 | AB19: =X19 -> LB67L3W172R1Z44 | AC19: =C19 -> SMF 57220 | AD19: 8 | AE19: =W19*3 -> 57 | AF19: =AD19*W19*3 -> 456 | AG19: =Y19*R19 -> 7660.8 | AH19: =(AD19*25)+AG19 -> 7860.8 | AI19: =U19 -> 34.57 | AJ19: =AI19*Y19 -> 15763.92 | AM19: P0010 | AN19: =CONCATENATE(A19,'PL230087'!$R$5) -> RPALB67L3W172R1Z44Commande 4 | AO19: =AM19 -> P0010 | AP19: =A19 -> RPALB67L3W172R1Z44 | AQ19: =AO19 -> P0010
A20: =CONCATENATE(B20,D20) -> RPALB89L5W172R1Z44 | B20: RPA | C20: SMF 59538 | D20: LB89L5W172R1Z44 | E20: R+ | F20: DIN | I20: 95 | J20: 800 | K20: L5 | L20: 353 | M20: 175 | N20: 190 | O20: 0 | P20: 1 | Q20: B13 | R20: 21.2 | S20: 48 | T20: 47.85 | U20: =MROUND((T20/(1-U$3)),0.01) -> 48.51 | V20: =ROUND(Z20,0)*W20 -> 0 | W20: =S20/4 -> 12 | X20: =D20 -> LB89L5W172R1Z44 | Y20: 0 | Z20: =Y20/W20 -> 0 | AA20: =Z20/3 -> 0 | AB20: =X20 -> LB89L5W172R1Z44 | AD20: =AA20 -> 0 | AG20: =Y20*R20 -> 0 | AH20: =(AD20*25)+AG20 -> 0 | AI20: =U20 -> 48.51 | AJ20: =AI20*Y20 -> 0 | AM20: P0011 | AN20: =CONCATENATE(A20,'PL230087'!$R$5) -> RPALB89L5W172R1Z44Commande 4 | AO20: =AM20 -> P0011 | AP20: =A20 -> RPALB89L5W172R1Z44 | AQ20: =AO20 -> P0011
A21: =CONCATENATE(B21,D21) -> RPALB44B1K072R1S12 | B21: RPA | C21: MF 54512 | D21: LB44B1K072R1S12 | E21: R+ | F21: DIN | I21: 44 | J21: 380 | K21: L1B | L21: 207 | M21: 175 | N21: 175 | O21: 0 | P21: 1 | Q21: B13 | R21: 10.7 | S21: 96 | T21: 23.25 | U21: =MROUND((T21/(1-U$3)),0.01) -> 23.57 | V21: =ROUND(Z21,0)*W21 -> 0 | W21: =S21/4 -> 24 | X21: =D21 -> LB44B1K072R1S12 | Y21: 0 | Z21: =Y21/W21 -> 0 | AA21: =Z21/3 -> 0 | AB21: =X21 -> LB44B1K072R1S12 | AD21: =AA21 -> 0 | AG21: =Y21*R21 -> 0 | AH21: =(AD21*25)+AG21 -> 0 | AI21: =U21 -> 23.57 | AJ21: =AI21*Y21 -> 0 | AM21: P0012 | AN21: =CONCATENATE(A21,'PL230087'!$R$5) -> RPALB44B1K072R1S12Commande 4 | AO21: =AM21 -> P0012 | AP21: =A21 -> RPALB44B1K072R1S12 | AQ21: =AO21 -> P0012
A22: =CONCATENATE(B22,D22) -> RPALB44L1K072R1S12 | B22: RPA | C22: MF 54459 | D22: LB44L1K072R1S12 | E22: R+ | F22: DIN | I22: 44 | J22: 380 | K22: L1 | L22: 207 | M22: 175 | N22: 190 | O22: 0 | P22: 1 | Q22: B13 | R22: 10.9 | S22: 96 | T22: 23.25 | U22: =MROUND((T22/(1-U$3)),0.01) -> 23.57 | V22: =ROUND(Z22,0)*W22 -> 72 | W22: =S22/4 -> 24 | X22: =D22 -> LB44L1K072R1S12 | Y22: =AA22*W22*3 -> 72 | Z22: =Y22/W22 -> 3 | AA22: =AD22 -> 1 | AB22: =X22 -> LB44L1K072R1S12 | AC22: =C22 -> MF 54459 | AD22: 1 | AE22: =W22*3 -> 72 | AF22: =AD22*W22*3 -> 72 | AG22: =Y22*R22 -> 784.8 | AH22: =(AD22*25)+AG22 -> 809.8 | AI22: =U22 -> 23.57 | AJ22: =AI22*Y22 -> 1697.04 | AM22: P0013 | AN22: =CONCATENATE(A22,'PL230087'!$R$5) -> RPALB44L1K072R1S12Commande 4 | AO22: =AM22 -> P0013 | AP22: =A22 -> RPALB44L1K072R1S12 | AQ22: =AO22 -> P0013
A23: =CONCATENATE(B23,D23) -> RPALB55B2K072R1S12 | B23: RPA | C23: MF 55519 | D23: LB55B2K072R1S12 | E23: R+ | F23: DIN | I23: 55 | J23: 460 | K23: L2B | L23: 242 | M23: 175 | N23: 175 | O23: 0 | P23: 1 | Q23: B13 | R23: 11.9 | S23: 84 | T23: 27.85 | U23: =MROUND((T23/(1-U$3)),0.01) -> 28.23 | V23: =ROUND(Z23,0)*W23 -> 0 | W23: =S23/4 -> 21 | X23: =D23 -> LB55B2K072R1S12 | Z23: =Y23/W23 -> 0 | AA23: =Z23/3 -> 0 | AB23: =X23 -> LB55B2K072R1S12 | AD23: =AA23 -> 0 | AG23: =Y23*R23 -> 0 | AH23: =(AD23*25)+AG23 -> 0 | AI23: =U23 -> 28.23 | AJ23: =AI23*Y23 -> 0 | AK23: =R23*Y23 -> 0 | AM23: P0014 | AN23: =CONCATENATE(A23,'PL230087'!$R$5) -> RPALB55B2K072R1S12Commande 4 | AO23: =AM23 -> P0014 | AP23: =A23 -> RPALB55B2K072R1S12 | AQ23: =AO23 -> P0014
A24: =CONCATENATE(B24,D24) -> RPALB55L2K072R1S12 | B24: RPA | C24: MF 55559 | D24: LB55L2K072R1S12 | E24: R+ | F24: DIN | I24: 55 | J24: 460 | K24: L2 | L24: 242 | M24: 175 | N24: 190 | O24: 0 | P24: 1 | Q24: B13 | R24: 12.3 | S24: 84 | T24: 27.85 | U24: =MROUND((T24/(1-U$3)),0.01) -> 28.23 | V24: =ROUND(Z24,0)*W24 -> 0 | W24: =S24/4 -> 21 | X24: =D24 -> LB55L2K072R1S12 | Z24: =Y24/W24 -> 0 | AA24: =Z24/3 -> 0 | AB24: =X24 -> LB55L2K072R1S12 | AD24: =AA24 -> 0 | AG24: =Y24*R24 -> 0 | AH24: =(AD24*25)+AG24 -> 0 | AI24: =U24 -> 28.23 | AJ24: =AI24*Y24 -> 0 | AM24: P0015 | AN24: =CONCATENATE(A24,'PL230087'!$R$5) -> RPALB55L2K072R1S12Commande 4 | AO24: =AM24 -> P0015 | AP24: =A24 -> RPALB55L2K072R1S12 | AQ24: =AO24 -> P0015
A25: =CONCATENATE(B25,D25) -> RPALB66B3K072R1S12 | B25: RPA | C25: MF 56613 | D25: LB66B3K072R1S12 | E25: R+ | F25: DIN | I25: 66 | J25: 550 | K25: L3B | L25: 278 | M25: 175 | N25: 175 | O25: 0 | P25: 1 | Q25: B13 | R25: 15.5 | S25: 76 | T25: 33.25 | U25: =MROUND((T25/(1-U$3)),0.01) -> 33.71 | V25: =ROUND(Z25,0)*W25 -> 0 | W25: =S25/4 -> 19 | X25: =D25 -> LB66B3K072R1S12 | Z25: =Y25/W25 -> 0 | AA25: =Z25/3 -> 0 | AB25: =X25 -> LB66B3K072R1S12 | AD25: =AA25 -> 0 | AG25: =Y25*R25 -> 0 | AH25: =(AD25*25)+AG25 -> 0 | AI25: =U25 -> 33.71 | AJ25: =AI25*Y25 -> 0 | AK25: =R25*Y25 -> 0 | AM25: P0016 | AN25: =CONCATENATE(A25,'PL230087'!$R$5) -> RPALB66B3K072R1S12Commande 4 | AO25: =AM25 -> P0016 | AP25: =A25 -> RPALB66B3K072R1S12 | AQ25: =AO25 -> P0016
A26: =CONCATENATE(B26,D26) -> RPALB66L3K072R1S12 | B26: RPA | C26: MF 56648 | D26: LB66L3K072R1S12 | E26: R+ | F26: DIN | I26: 66 | J26: 550 | K26: L3 | L26: 278 | M26: 175 | N26: 190 | O26: 0 | P26: 1 | Q26: B13 | R26: 15.8 | S26: 76 | T26: 33.25 | U26: =MROUND((T26/(1-U$3)),0.01) -> 33.71 | V26: =ROUND(Z26,0)*W26 -> 0 | W26: =S26/4 -> 19 | X26: =D26 -> LB66L3K072R1S12 | Z26: =Y26/W26 -> 0 | AA26: =Z26/3 -> 0 | AB26: =X26 -> LB66L3K072R1S12 | AD26: =AA26 -> 0 | AG26: =Y26*R26 -> 0 | AH26: =(AD26*25)+AG26 -> 0 | AI26: =U26 -> 33.71 | AJ26: =AI26*Y26 -> 0 | AM26: P0017 | AN26: =CONCATENATE(A26,'PL230087'!$R$5) -> RPALB66L3K072R1S12Commande 4 | AO26: =AM26 -> P0017 | AP26: =A26 -> RPALB66L3K072R1S12 | AQ26: =AO26 -> P0017
A27: =CONCATENATE(B27,D27) -> RPALB88L5K072R1S12 | B27: RPA | C27: MF 58827 | D27: LB88L5K072R1S12 | E27: R+ | F27: DIN | I27: 88 | J27: 700 | K27: L5 | L27: 353 | M27: 175 | N27: 190 | O27: 0 | P27: 1 | Q27: B13 | R27: 20.8 | S27: 48 | T27: 46.6 | U27: =MROUND((T27/(1-U$3)),0.01) -> 47.24 | V27: =ROUND(Z27,0)*W27 -> 0 | W27: =S27/4 -> 12 | X27: =D27 -> LB88L5K072R1S12 | Z27: =Y27/W27 -> 0 | AA27: =Z27/3 -> 0 | AB27: =X27 -> LB88L5K072R1S12 | AD27: =AA27 -> 0 | AG27: =Y27*R27 -> 0 | AH27: =(AD27*25)+AG27 -> 0 | AI27: =U27 -> 47.24 | AJ27: =AI27*Y27 -> 0 | AK27: =R27*Y27 -> 0 | AM27: P0018 | AN27: =CONCATENATE(A27,'PL230087'!$R$5) -> RPALB88L5K072R1S12Commande 4 | AO27: =AM27 -> P0018 | AP27: =A27 -> RPALB88L5K072R1S12 | AQ27: =AO27 -> P0018
A28: =CONCATENATE(B28,D28) -> RPAMSP89AF003L1S13 | B28: RPA | C28: 62545 | D28: MSP89AF003L1S13 | E28: L+ | F28: DIN | I28: 125 | J28: 850 | K28: A | L28: 513 | M28: 192 | N28: 215 | O28: 3 | P28: 1 | Q28: B0 | R28: 32.7 | S28: 32 | T28: 73.3 | U28: =MROUND((T28/(1-U$3)),0.01) -> 74.31 | V28: =ROUND(Z28,0)*W28 -> 0 | W28: =S28/4 -> 8 | X28: =D28 -> MSP89AF003L1S13 | Z28: =Y28/W28 -> 0 | AA28: =Z28/3 -> 0 | AB28: =X28 -> MSP89AF003L1S13 | AD28: =AA28 -> 0 | AG28: =Y28*R28 -> 0 | AH28: =(AD28*25)+AG28 -> 0 | AI28: =U28 -> 74.31 | AJ28: =AI28*Y28 -> 0 | AK28: =R28*Y28 -> 0 | AM28: P0019 | AN28: =CONCATENATE(A28,'PL230087'!$R$5) -> RPAMSP89AF003L1S13Commande 4 | AO28: =AM28 -> P0019 | AP28: =A28 -> RPAMSP89AF003L1S13 | AQ28: =AO28 -> P0019
A29: =CONCATENATE(B29,D29) -> RPAMSP90BF003L1S13 | B29: RPA | C29: 64317 | D29: MSP90BF003L1S13 | E29: L+ | F29: DIN | I29: 143 | J29: 900 | K29: B | L29: 513 | M29: 223 | N29: 215 | O29: 3 | P29: 1 | Q29: B0 | R29: 37.7 | S29: 28 | T29: 84.3 | U29: =MROUND((T29/(1-U$3)),0.01) -> 85.46 | V29: =ROUND(Z29,0)*W29 -> 0 | W29: =S29/4 -> 7 | X29: =D29 -> MSP90BF003L1S13 | Z29: =Y29/W29 -> 0 | AA29: =Z29/3 -> 0 | AB29: =X29 -> MSP90BF003L1S13 | AD29: =AA29 -> 0 | AG29: =Y29*R29 -> 0 | AH29: =(AD29*25)+AG29 -> 0 | AI29: =U29 -> 85.46 | AJ29: =AI29*Y29 -> 0 | AK29: =R29*Y29 -> 0 | AM29: P0020 | AN29: =CONCATENATE(A29,'PL230087'!$R$5) -> RPAMSP90BF003L1S13Commande 4 | AO29: =AM29 -> P0020 | AP29: =A29 -> RPAMSP90BF003L1S13 | AQ29: =AO29 -> P0020
A30: =CONCATENATE(B30,D30) -> RPAMSP12BF003L1S13 | B30: RPA | C30: 67043 | D30: MSP12BF003L1S13 | E30: L+ | F30: DIN | I30: 170 | J30: 1000 | K30: B | L30: 513 | M30: 223 | N30: 215 | O30: 3 | P30: 1 | Q30: B0 | R30: 42 | S30: 28 | T30: 93.9 | U30: =MROUND((T30/(1-U$3)),0.01) -> 95.19 | V30: =ROUND(Z30,0)*W30 -> 0 | W30: =S30/4 -> 7 | X30: =D30 -> MSP12BF003L1S13 | Z30: =Y30/W30 -> 0 | AA30: =Z30/3 -> 0 | AB30: =X30 -> MSP12BF003L1S13 | AD30: =AA30 -> 0 | AG30: =Y30*R30 -> 0 | AH30: =(AD30*25)+AG30 -> 0 | AI30: =U30 -> 95.19 | AJ30: =AI30*Y30 -> 0 | AK30: =R30*Y30 -> 0 | AM30: P0021 | AN30: =CONCATENATE(A30,'PL230087'!$R$5) -> RPAMSP12BF003L1S13Commande 4 | AO30: =AM30 -> P0021 | AP30: =A30 -> RPAMSP12BF003L1S13 | AQ30: =AO30 -> P0021
A31: =CONCATENATE(B31,D31) -> RPAML34CF00L1S13 | B31: RPA | C31: 70027 | D31: ML34CF00L1S13 | E31: L+ | F31: DIN | I31: 200 | J31: 1200 | K31: C | L31: 518 | M31: 275 | N31: 235 | O31: 3 | P31: 1 | Q31: B0 | R31: 54 | S31: 24 | T31: 111.75 | U31: =MROUND((T31/(1-U$3)),0.01) -> 113.29 | V31: =ROUND(Z31,0)*W31 -> 0 | W31: =S31/4 -> 6 | X31: =D31 -> ML34CF00L1S13 | Z31: =Y31/W31 -> 0 | AA31: =Z31/3 -> 0 | AB31: =X31 -> ML34CF00L1S13 | AD31: =AA31 -> 0 | AG31: =Y31*R31 -> 0 | AH31: =(AD31*25)+AG31 -> 0 | AI31: =U31 -> 113.29 | AJ31: =AI31*Y31 -> 0 | AK31: =R31*Y31 -> 0 | AM31: P0022 | AN31: =CONCATENATE(A31,'PL230087'!$R$5) -> RPAML34CF00L1S13Commande 4 | AO31: =AM31 -> P0022 | AP31: =A31 -> RPAML34CF00L1S13 | AQ31: =AO31 -> P0022
A32: =CONCATENATE(B32,D32) -> RPA | B32: RPA | AM32: P0023 | AN32: =CONCATENATE(A32,'PL230087'!$R$5) -> RPACommande 4 | AO32: =AM32 -> P0023 | AP32: =A32 -> RPA | AQ32: =AO32 -> P0023
A33: =CONCATENATE(B33,D33) -> RPA | B33: RPA | AM33: P0024 | AN33: =CONCATENATE(A33,'PL230087'!$R$5) -> RPACommande 4 | AO33: =AM33 -> P0024 | AP33: =A33 -> RPA | AQ33: =AO33 -> P0024
A34: =CONCATENATE(B34,D34) -> RPA | B34: RPA | AM34: P0025 | AN34: =CONCATENATE(A34,'PL230087'!$R$5) -> RPACommande 4 | AO34: =AM34 -> P0025 | AP34: =A34 -> RPA | AQ34: =AO34 -> P0025
A35: =CONCATENATE(B35,D35) -> RPA | B35: RPA | AM35: P0026 | AN35: =CONCATENATE(A35,'PL230087'!$R$5) -> RPACommande 4 | AO35: =AM35 -> P0026 | AP35: =A35 -> RPA | AQ35: =AO35 -> P0026
A36: =CONCATENATE(B36,D36) -> RPA | B36: RPA | AM36: P0027 | AN36: =CONCATENATE(A36,'PL230087'!$R$5) -> RPACommande 4 | AO36: =AM36 -> P0027 | AP36: =A36 -> RPA | AQ36: =AO36 -> P0027
A37: =CONCATENATE(B37,D37) -> RPA | B37: RPA | AM37: P0028 | AN37: =CONCATENATE(A37,'PL230087'!$R$5) -> RPACommande 4 | AO37: =AM37 -> P0028 | AP37: =A37 -> RPA | AQ37: =AO37 -> P0028
A38: =CONCATENATE(B38,D38) -> RPA | B38: RPA | AM38: P0029 | AN38: =CONCATENATE(A38,'PL230087'!$R$5) -> RPACommande 4 | AO38: =AM38 -> P0029 | AP38: =A38 -> RPA | AQ38: =AO38 -> P0029
A39: =CONCATENATE(B39,D39) -> RPA | B39: RPA | AM39: P0030 | AN39: =CONCATENATE(A39,'PL230087'!$R$5) -> RPACommande 4 | AO39: =AM39 -> P0030 | AP39: =A39 -> RPA | AQ39: =AO39 -> P0030
A40: =CONCATENATE(B40,D40) -> RPA | B40: RPA | AM40: P0031 | AN40: =CONCATENATE(A40,'PL230087'!$R$5) -> RPACommande 4 | AO40: =AM40 -> P0031 | AP40: =A40 -> RPA | AQ40: =AO40 -> P0031
A41: =CONCATENATE(B41,D41) -> RPA | B41: RPA | AM41: P0032 | AN41: =CONCATENATE(A41,'PL230087'!$R$5) -> RPACommande 4 | AO41: =AM41 -> P0032 | AP41: =A41 -> RPA | AQ41: =AO41 -> P0032
A42: =CONCATENATE(B42,D42) -> BatcarLB44B1K073R1S13 | B42: Batcar | D42: LB44B1K073R1S13 | E42: R+ | F42: DIN | I42: 40 | J42: 340 | K42: LB1 | L42: 207 | M42: 175 | N42: 175 | O42: 0 | P42: 1 | Q42: B13/B4 | R42: 10.7 | S42: 96 | T42: 20.4 | U42: =MROUND((T42/(1-U$4)),0.01) -> 21.22 | V42: =ROUND(Z42,0)*W42 -> 0 | X42: =D42 -> LB44B1K073R1S13 | AB42: =X42 -> LB44B1K073R1S13 | AD42: =AA42 -> 0 | AG42: =Y42*R42 -> 0 | AH42: =(AD42*25)+AG42 -> 0 | AI42: =U42 -> 21.22 | AJ42: =AI42*Y42 -> 0 | AK42: =R42*Y42 -> 0 | AM42: P0033 | AN42: =CONCATENATE(A42,'PL230087'!$R$5) -> BatcarLB44B1K073R1S13Commande 4 | AO42: =AM42 -> P0033 | AP42: =A42 -> BatcarLB44B1K073R1S13 | AQ42: =AO42 -> P0033
A43: =CONCATENATE(B43,D43) -> BatcarLB44L1K072R1S13 | B43: Batcar | D43: LB44L1K072R1S13 | E43: R+ | F43: DIN | I43: 40 | J43: 340 | K43: L1 | L43: 207 | M43: 175 | N43: 190 | O43: 0 | P43: 1 | Q43: B13 | R43: 10.9 | S43: 96 | T43: 20.4 | U43: =MROUND((T43/(1-U$4)),0.01) -> 21.22 | V43: =ROUND(Z43,0)*W43 -> 0 | X43: =D43 -> LB44L1K072R1S13 | AB43: =X43 -> LB44L1K072R1S13 | AD43: =AA43 -> 0 | AG43: =Y43*R43 -> 0 | AH43: =(AD43*25)+AG43 -> 0 | AI43: =U43 -> 21.22 | AJ43: =AI43*Y43 -> 0 | AM43: P0034 | AN43: =CONCATENATE(A43,'PL230087'!$R$5) -> BatcarLB44L1K072R1S13Commande 4 | AO43: =AM43 -> P0034 | AP43: =A43 -> BatcarLB44L1K072R1S13 | AQ43: =AO43 -> P0034
A44: =CONCATENATE(B44,D44) -> BatcarLB45B1K073R1S13 | B44: Batcar | D44: LB45B1K073R1S13 | E44: R+ | F44: DIN | I44: 44 | J44: 360 | K44: LB1 | L44: 207 | M44: 175 | N44: 175 | O44: 0 | P44: 1 | Q44: B13/B4 | R44: 11.6 | S44: 96 | T44: 21.5 | U44: =MROUND((T44/(1-U$4)),0.01) -> 22.36 | V44: =ROUND(Z44,0)*W44 -> 0 | X44: =D44 -> LB45B1K073R1S13 | AB44: =X44 -> LB45B1K073R1S13 | AD44: =AA44 -> 0 | AG44: =Y44*R44 -> 0 | AH44: =(AD44*25)+AG44 -> 0 | AI44: =U44 -> 22.36 | AJ44: =AI44*Y44 -> 0 | AM44: P0035 | AN44: =CONCATENATE(A44,'PL230087'!$R$5) -> BatcarLB45B1K073R1S13Commande 4 | AO44: =AM44 -> P0035 | AP44: =A44 -> BatcarLB45B1K073R1S13 | AQ44: =AO44 -> P0035
A45: =CONCATENATE(B45,D45) -> BatcarLB45L1K073R1S13 | B45: Batcar | D45: LB45L1K073R1S13 | E45: R+ | F45: DIN | I45: 44 | J45: 360 | K45: L1 | L45: 207 | M45: 175 | N45: 190 | O45: 0 | P45: 1 | Q45: B13 | R45: 11.9 | S45: 96 | T45: 21.5 | U45: =MROUND((T45/(1-U$4)),0.01) -> 22.36 | V45: =ROUND(Z45,0)*W45 -> 0 | X45: =D45 -> LB45L1K073R1S13 | AB45: =X45 -> LB45L1K073R1S13 | AD45: =AA45 -> 0 | AG45: =Y45*R45 -> 0 | AH45: =(AD45*25)+AG45 -> 0 | AI45: =U45 -> 22.36 | AJ45: =AI45*Y45 -> 0 | AM45: P0036 | AN45: =CONCATENATE(A45,'PL230087'!$R$5) -> BatcarLB45L1K073R1S13Commande 4 | AO45: =AM45 -> P0036 | AP45: =A45 -> BatcarLB45L1K073R1S13 | AQ45: =AO45 -> P0036
A46: =CONCATENATE(B46,D46) -> BatcarLB55L1K073R1S13 | B46: Batcar | D46: LB55L1K073R1S13 | E46: R+ | F46: DIN | I46: 50 | J46: 440 | K46: L1 | L46: 207 | M46: 175 | N46: 190 | O46: 0 | P46: 1 | Q46: B13 | R46: 12.6 | S46: 96 | T46: 23.35 | U46: =MROUND((T46/(1-U$4)),0.01) -> 24.29 | V46: =ROUND(Z46,0)*W46 -> 0 | X46: =D46 -> LB55L1K073R1S13 | AB46: =X46 -> LB55L1K073R1S13 | AD46: =AA46 -> 0 | AG46: =Y46*R46 -> 0 | AH46: =(AD46*25)+AG46 -> 0 | AI46: =U46 -> 24.29 | AJ46: =AI46*Y46 -> 0 | AK46: =R46*Y46 -> 0 | AM46: P0037 | AN46: =CONCATENATE(A46,'PL230087'!$R$5) -> BatcarLB55L1K073R1S13Commande 4 | AO46: =AM46 -> P0037 | AP46: =A46 -> BatcarLB55L1K073R1S13 | AQ46: =AO46 -> P0037
A47: =CONCATENATE(B47,D47) -> BatcarLB45B2K073R1S13 | B47: Batcar | D47: LB45B2K073R1S13 | E47: R+ | F47: DIN | I47: 45 | J47: 380 | K47: LB2 | L47: 242 | M47: 175 | N47: 175 | O47: 0 | P47: 1 | Q47: B13/B4 | R47: 11.7 | S47: 84 | T47: 23.35 | U47: =MROUND((T47/(1-U$4)),0.01) -> 24.29 | V47: =ROUND(Z47,0)*W47 -> 0 | X47: =D47 -> LB45B2K073R1S13 | AB47: =X47 -> LB45B2K073R1S13 | AD47: =AA47 -> 0 | AG47: =Y47*R47 -> 0 | AH47: =(AD47*25)+AG47 -> 0 | AI47: =U47 -> 24.29 | AJ47: =AI47*Y47 -> 0 | AM47: P0038 | AN47: =CONCATENATE(A47,'PL230087'!$R$5) -> BatcarLB45B2K073R1S13Commande 4 | AO47: =AM47 -> P0038 | AP47: =A47 -> BatcarLB45B2K073R1S13 | AQ47: =AO47 -> P0038
A48: =CONCATENATE(B48,D48) -> BatcarLB55B2K073R1S13 | B48: Batcar | D48: LB55B2K073R1S13 | E48: R+ | F48: DIN | I48: 50 | J48: 460 | K48: LB2 | L48: 242 | M48: 175 | N48: 175 | O48: 0 | P48: 1 | Q48: B13/B4 | R48: 11.9 | S48: 84 | T48: 24 | U48: =MROUND((T48/(1-U$4)),0.01) -> 24.96 | V48: =ROUND(Z48,0)*W48 -> 0 | X48: =D48 -> LB55B2K073R1S13 | AB48: =X48 -> LB55B2K073R1S13 | AD48: =AA48 -> 0 | AG48: =Y48*R48 -> 0 | AH48: =(AD48*25)+AG48 -> 0 | AI48: =U48 -> 24.96 | AJ48: =AI48*Y48 -> 0 | AK48: =R48*Y48 -> 0 | AM48: P0039 | AN48: =CONCATENATE(A48,'PL230087'!$R$5) -> BatcarLB55B2K073R1S13Commande 4 | AO48: =AM48 -> P0039 | AP48: =A48 -> BatcarLB55B2K073R1S13 | AQ48: =AO48 -> P0039
A49: =CONCATENATE(B49,D49) -> BatcarLB55L2K073R1S13 | B49: Batcar | D49: LB55L2K073R1S13 | E49: R+ | F49: DIN | I49: 50 | J49: 460 | K49: L2 | L49: 242 | M49: 175 | N49: 190 | O49: 0 | P49: 1 | Q49: B13 | R49: 12.3 | S49: 84 | T49: 24 | U49: =MROUND((T49/(1-U$4)),0.01) -> 24.96 | Y49: =SUM(Y10:Y48) -> 1563 | Z49: =SUM(Z10:Z48) -> 78 | AA49: =SUM(AA10:AA48) -> 26 | AD49: =SUM(AD10:AD48) -> 26 | AF49: =SUM(AF10:AF48) -> 1563 | AG49: =SUBTOTAL(9,AG11:AG22) -> 24169.05 | AH49: =SUBTOTAL(9,AH11:AH22) -> 24819.05 | AJ49: =SUBTOTAL(9,AJ11:AJ22) -> 51636.57 | AM49: P0040 | AN49: =CONCATENATE(A49,'PL230087'!$R$5) -> BatcarLB55L2K073R1S13Commande 4 | AO49: =AM49 -> P0040 | AP49: =A49 -> BatcarLB55L2K073R1S13 | AQ49: =AO49 -> P0040
A50: =CONCATENATE(B50,D50) -> BatcarLB56B2K073R1S13 | B50: Batcar | D50: LB56B2K073R1S13 | E50: R+ | F50: DIN | I50: 55 | J50: 500 | K50: LB2 | L50: 242 | M50: 175 | N50: 175 | O50: 0 | P50: 1 | Q50: B13/B4 | R50: 14.3 | S50: 84 | T50: 25.5 | U50: =MROUND((T50/(1-U$4)),0.01) -> 26.52 | AG50: =AH50-AH49 -> 0 | AH50: =AG49+(AD49*25) -> 24819.05 | AM50: P0041 | AN50: =CONCATENATE(A50,'PL230087'!$R$5) -> BatcarLB56B2K073R1S13Commande 4 | AO50: =AM50 -> P0041 | AP50: =A50 -> BatcarLB56B2K073R1S13 | AQ50: =AO50 -> P0041
A51: =CONCATENATE(B51,D51) -> BatcarLB56L2K073R1S13 | B51: Batcar | D51: LB56L2K073R1S13 | E51: R+ | F51: DIN | I51: 55 | J51: 500 | K51: L2 | L51: 242 | M51: 175 | N51: 190 | O51: 0 | P51: 1 | Q51: B13 | R51: 14.3 | S51: 84 | T51: 25.5 | U51: =MROUND((T51/(1-U$4)),0.01) -> 26.52 | AM51: P0042 | AN51: =CONCATENATE(A51,'PL230087'!$R$5) -> BatcarLB56L2K073R1S13Commande 4 | AO51: =AM51 -> P0042 | AP51: =A51 -> BatcarLB56L2K073R1S13 | AQ51: =AO51 -> P0042
A52: =CONCATENATE(B52,D52) -> BatcarLB66L2K073R1S13 | B52: Batcar | D52: LB66L2K073R1S13 | E52: R+ | F52: DIN | I52: 60 | J52: 560 | K52: L2 | L52: 242 | M52: 175 | N52: 190 | O52: 0 | P52: 1 | Q52: B13 | R52: 14.6 | S52: 84 | T52: 27.1 | U52: =MROUND((T52/(1-U$4)),0.01) -> 28.19 | AM52: P0043 | AN52: =CONCATENATE(A52,'PL230087'!$R$5) -> BatcarLB66L2K073R1S13Commande 4 | AO52: =AM52 -> P0043 | AP52: =A52 -> BatcarLB66L2K073R1S13 | AQ52: =AO52 -> P0043
A53: =CONCATENATE(B53,D53) -> BatcarLB66B3K073R1S13 | B53: Batcar | D53: LB66B3K073R1S13 | E53: R+ | F53: DIN | I53: 63 | J53: 560 | K53: LB3 | L53: 278 | M53: 175 | N53: 175 | O53: 0 | P53: 1 | Q53: B13/B4 | R53: 15.5 | S53: 68 | T53: 29.5 | U53: =MROUND((T53/(1-U$4)),0.01) -> 30.68 | AM53: P0044 | AN53: =CONCATENATE(A53,'PL230087'!$R$5) -> BatcarLB66B3K073R1S13Commande 4 | AO53: =AM53 -> P0044 | AP53: =A53 -> BatcarLB66B3K073R1S13 | AQ53: =AO53 -> P0044
A54: =CONCATENATE(B54,D54) -> BatcarLB67B3K073R1S13 | B54: Batcar | D54: LB67B3K073R1S13 | E54: R+ | F54: DIN | I54: 66 | J54: 600 | K54: LB3 | L54: 278 | M54: 175 | N54: 175 | O54: 0 | P54: 1 | Q54: B13/B4 | R54: 16.8 | S54: 68 | T54: 30.2 | U54: =MROUND((T54/(1-U$4)),0.01) -> 31.41 | AM54: P0045 | AN54: =CONCATENATE(A54,'PL230087'!$R$5) -> BatcarLB67B3K073R1S13Commande 4 | AO54: =AM54 -> P0045 | AP54: =A54 -> BatcarLB67B3K073R1S13 | AQ54: =AO54 -> P0045
A55: =CONCATENATE(B55,D55) -> BatcarLB67L3K073R1S13 | B55: Batcar | D55: LB67L3K073R1S13 | E55: R+ | F55: DIN | I55: 66 | J55: 600 | K55: L3 | L55: 278 | M55: 175 | N55: 190 | O55: 0 | P55: 1 | Q55: B13 | R55: 16.8 | S55: 68 | T55: 30.2 | U55: =MROUND((T55/(1-U$4)),0.01) -> 31.41 | AM55: P0046 | AN55: =CONCATENATE(A55,'PL230087'!$R$5) -> BatcarLB67L3K073R1S13Commande 4 | AO55: =AM55 -> P0046 | AP55: =A55 -> BatcarLB67L3K073R1S13 | AQ55: =AO55 -> P0046
A56: =CONCATENATE(B56,D56) -> BatcarLB77B3K073R1S13 | B56: Batcar | D56: LB77B3K073R1S13 | E56: R+ | F56: DIN | I56: 70 | J56: 670 | K56: LB3 | L56: 278 | M56: 175 | N56: 175 | O56: 0 | P56: 1 | Q56: B13/B4 | R56: 17.5 | S56: 68 | T56: 32 | U56: =MROUND((T56/(1-U$4)),0.01) -> 33.28 | AM56: P0047 | AN56: =CONCATENATE(A56,'PL230087'!$R$5) -> BatcarLB77B3K073R1S13Commande 4 | AO56: =AM56 -> P0047 | AP56: =A56 -> BatcarLB77B3K073R1S13 | AQ56: =AO56 -> P0047
A57: =CONCATENATE(B57,D57) -> BatcarLB77L3K073R1S13 | B57: Batcar | D57: LB77L3K073R1S13 | E57: R+ | F57: DIN | I57: 70 | J57: 670 | K57: L3 | L57: 278 | M57: 175 | N57: 190 | O57: 0 | P57: 1 | Q57: B13 | R57: 17.5 | S57: 68 | T57: 32 | U57: =MROUND((T57/(1-U$4)),0.01) -> 33.28 | AM57: P0048 | AN57: =CONCATENATE(A57,'PL230087'!$R$5) -> BatcarLB77L3K073R1S13Commande 4 | AO57: =AM57 -> P0048 | AP57: =A57 -> BatcarLB77L3K073R1S13 | AQ57: =AO57 -> P0048
A58: =CONCATENATE(B58,D58) -> BatcarLB78L3K073R1S13 | B58: Batcar | D58: LB78L3K073R1S13 | E58: R+ | F58: DIN | I58: 75 | J58: 720 | K58: L3 | L58: 278 | M58: 175 | N58: 190 | O58: 0 | P58: 1 | Q58: B13 | R58: 17.8 | S58: 68 | T58: 33.25 | U58: =MROUND((T58/(1-U$4)),0.01) -> 34.58 | AM58: P0049 | AN58: =CONCATENATE(A58,'PL230087'!$R$5) -> BatcarLB78L3K073R1S13Commande 4 | AO58: =AM58 -> P0049 | AP58: =A58 -> BatcarLB78L3K073R1S13 | AQ58: =AO58 -> P0049
A59: =CONCATENATE(B59,D59) -> BatcarLB88L5K072R1S13 | B59: Batcar | D59: LB88L5K072R1S13 | E59: R+ | F59: DIN | I59: 85 | J59: 700 | K59: L5 | L59: 353 | M59: 175 | N59: 190 | O59: 0 | P59: 1 | Q59: B13 | R59: 20.8 | S59: 48 | T59: 38.1 | U59: =MROUND((T59/(1-U$4)),0.01) -> 39.63 | AM59: P0050 | AN59: =CONCATENATE(A59,'PL230087'!$R$5) -> BatcarLB88L5K072R1S13Commande 4 | AO59: =AM59 -> P0050 | AP59: =A59 -> BatcarLB88L5K072R1S13 | AQ59: =AO59 -> P0050
A60: =CONCATENATE(B60,D60) -> BatcarLB89L5K072R1S13 | B60: Batcar | D60: LB89L5K072R1S13 | E60: R+ | F60: DIN | I60: 88 | J60: 750 | K60: L5 | L60: 353 | M60: 175 | N60: 190 | O60: 0 | P60: 1 | Q60: B13 | R60: 21.2 | S60: 48 | T60: 39.7 | U60: =MROUND((T60/(1-U$4)),0.01) -> 41.29 | AM60: P0051 | AN60: =CONCATENATE(A60,'PL230087'!$R$5) -> BatcarLB89L5K072R1S13Commande 4 | AO60: =AM60 -> P0051 | AP60: =A60 -> BatcarLB89L5K072R1S13 | AQ60: =AO60 -> P0051
A61: =CONCATENATE(B61,D61) -> BatcarLB99L5K073R1S13 | B61: Batcar | D61: LB99L5K073R1S13 | E61: R+ | F61: DIN | I61: 95 | J61: 840 | K61: L5 | L61: 353 | M61: 175 | N61: 190 | O61: 0 | P61: 1 | Q61: B13 | R61: 22 | S61: 48 | T61: 41.45 | U61: =MROUND((T61/(1-U$4)),0.01) -> 43.11 | AM61: P0052 | AN61: =CONCATENATE(A61,'PL230087'!$R$5) -> BatcarLB99L5K073R1S13Commande 4 | AO61: =AM61 -> P0052 | AP61: =A61 -> BatcarLB99L5K073R1S13 | AQ61: =AO61 -> P0052
A62: =CONCATENATE(B62,D62) -> BatcarLB90L5K073R1S13 | B62: Batcar | D62: LB90L5K073R1S13 | E62: R+ | F62: DIN | I62: 100 | J62: 880 | K62: L5 | L62: 353 | M62: 175 | N62: 190 | O62: 0 | P62: 1 | Q62: B13 | R62: 22.7 | S62: 48 | T62: 43.4 | U62: =MROUND((T62/(1-U$4)),0.01) -> 45.14 | AM62: P0053 | AN62: =CONCATENATE(A62,'PL230087'!$R$5) -> BatcarLB90L5K073R1S13Commande 4 | AO62: =AM62 -> P0053 | AP62: =A62 -> BatcarLB90L5K073R1S13 | AQ62: =AO62 -> P0053
A63: =CONCATENATE(B63,D63) -> Batcar | B63: Batcar | AM63: P0054 | AN63: =CONCATENATE(A63,'PL230087'!$R$5) -> BatcarCommande 4 | AO63: =AM63 -> P0054 | AP63: =A63 -> Batcar | AQ63: =AO63 -> P0054
A64: =CONCATENATE(B64,D64) -> Batcar | B64: Batcar | AM64: P0055 | AN64: =CONCATENATE(A64,'PL230087'!$R$5) -> BatcarCommande 4 | AO64: =AM64 -> P0055 | AP64: =A64 -> Batcar | AQ64: =AO64 -> P0055
A65: =CONCATENATE(B65,D65) -> Batcar | B65: Batcar | AM65: P0056 | AN65: =CONCATENATE(A65,'PL230087'!$R$5) -> BatcarCommande 4 | AO65: =AM65 -> P0056 | AP65: =A65 -> Batcar | AQ65: =AO65 -> P0056
A66: =CONCATENATE(B66,D66) -> Batcar | B66: Batcar | AM66: P0057 | AN66: =CONCATENATE(A66,'PL230087'!$R$5) -> BatcarCommande 4 | AO66: =AM66 -> P0057 | AP66: =A66 -> Batcar | AQ66: =AO66 -> P0057
A67: =CONCATENATE(B67,D67) -> Batcar | B67: Batcar | AM67: P0058 | AN67: =CONCATENATE(A67,'PL230087'!$R$5) -> BatcarCommande 4 | AO67: =AM67 -> P0058 | AP67: =A67 -> Batcar | AQ67: =AO67 -> P0058
A68: =CONCATENATE(B68,D68) -> Batcar | B68: Batcar | AM68: P0059 | AN68: =CONCATENATE(A68,'PL230087'!$R$5) -> BatcarCommande 4 | AO68: =AM68 -> P0059 | AP68: =A68 -> Batcar | AQ68: =AO68 -> P0059
A69: =CONCATENATE(B69,D69) -> Batcar | B69: Batcar | AM69: P0060 | AN69: =CONCATENATE(A69,'PL230087'!$R$5) -> BatcarCommande 4 | AO69: =AM69 -> P0060 | AP69: =A69 -> Batcar | AQ69: =AO69 -> P0060
A70: =CONCATENATE(B70,D70) -> Batcar | B70: Batcar | AM70: P0061 | AN70: =CONCATENATE(A70,'PL230087'!$R$5) -> BatcarCommande 4 | AO70: =AM70 -> P0061 | AP70: =A70 -> Batcar | AQ70: =AO70 -> P0061
A71: =CONCATENATE(B71,D71) -> Batcar | B71: Batcar | AM71: P0062 | AN71: =CONCATENATE(A71,'PL230087'!$R$5) -> BatcarCommande 4 | AO71: =AM71 -> P0062 | AP71: =A71 -> Batcar | AQ71: =AO71 -> P0062
A72: =CONCATENATE(B72,D72) -> Batcar | B72: Batcar | AM72: P0063 | AN72: =CONCATENATE(A72,'PL230087'!$R$5) -> BatcarCommande 4 | AO72: =AM72 -> P0063 | AP72: =A72 -> Batcar | AQ72: =AO72 -> P0063
A73: =CONCATENATE(B73,D73) -> Ouest BatteriesLB55L1W172R1Z55 | B73: Ouest Batteries | C73: SMF 55027 | D73: LB55L1W172R1Z55 | E73: R+ | F73: DIN | G73: 222PLUSMF | I73: 52 | J73: 500 | K73: L1 | L73: 207 | M73: 175 | N73: 190 | O73: 0 | P73: 1 | Q73: B13 | R73: 12.555 | S73: 96 | T73: 26.75 | U73: =MROUND((T73/(1-U$3)),0.01) -> 27.12 | AM73: P0064 | AN73: =CONCATENATE(A73,'PL230087'!$R$5) -> Ouest BatteriesLB55L1W172R1Z55Commande 4 | AO73: =AM73 -> P0064 | AP73: =A73 -> Ouest BatteriesLB55L1W172R1Z55 | AQ73: =AO73 -> P0064
A74: =CONCATENATE(B74,D74) -> Ouest BatteriesLB66L2W172R1Z55 | B74: Ouest Batteries | C74: SMF 56219 | D74: LB66L2W172R1Z55 | E74: R+ | F74: DIN | G74: 426PLUSMF | I74: 62 | J74: 600 | K74: L2 | L74: 242 | M74: 175 | N74: 190 | O74: 0 | P74: 1 | Q74: B13 | R74: 14.552 | S74: 84 | T74: 30.85 | U74: =MROUND((T74/(1-U$3)),0.01) -> 31.27 | AM74: P0065 | AN74: =CONCATENATE(A74,'PL230087'!$R$5) -> Ouest BatteriesLB66L2W172R1Z55Commande 4 | AO74: =AM74 -> P0065 | AP74: =A74 -> Ouest BatteriesLB66L2W172R1Z55 | AQ74: =AO74 -> P0065
A75: =CONCATENATE(B75,D75) -> Ouest BatteriesLB77L3W172R1Z55 | B75: Ouest Batteries | C75: SMF 57412 | D75: LB77L3W172R1Z55 | E75: R+ | F75: DIN | I75: 74 | J75: 700 | K75: L3 | L75: 278 | M75: 175 | N75: 190 | O75: 0 | P75: 1 | Q75: B13 | R75: 17.454 | S75: 76 | T75: 38.05 | U75: =MROUND((T75/(1-U$3)),0.01) -> 38.57 | AM75: P0066 | AN75: =CONCATENATE(A75,'PL230087'!$R$5) -> Ouest BatteriesLB77L3W172R1Z55Commande 4 | AO75: =AM75 -> P0066 | AP75: =A75 -> Ouest BatteriesLB77L3W172R1Z55 | AQ75: =AO75 -> P0066
A76: =CONCATENATE(B76,D76) -> Ouest BatteriesLB90L5W172R1Z55 | B76: Ouest Batteries | C76: SMF 60044 | D76: LB90L5W172R1Z55 | E76: R+ | F76: DIN | I76: 100 | J76: 850 | K76: L5 | L76: 353 | M76: 175 | N76: 190 | O76: 0 | P76: 1 | Q76: B13 | R76: 22.8 | S76: 48 | T76: 51.85 | U76: =MROUND((T76/(1-U$3)),0.01) -> 52.56 | AM76: P0067 | AN76: =CONCATENATE(A76,'PL230087'!$R$5) -> Ouest BatteriesLB90L5W172R1Z55Commande 4 | AO76: =AM76 -> P0067 | AP76: =A76 -> Ouest BatteriesLB90L5W172R1Z55 | AQ76: =AO76 -> P0067
A77: =CONCATENATE(B77,D77) -> Ouest BatteriesLB45B1W172R1Z44 | B77: Ouest Batteries | C77: SMF 54512 | D77: LB45B1W172R1Z44 | E77: R+ | F77: DIN | G77: 418MF | I77: 45 | J77: 400 | K77: L1B | L77: 207 | M77: 175 | N77: 225 | O77: 0 | P77: 1 | Q77: B13 | R77: 11.6 | S77: 96 | T77: 24.5 | U77: =MROUND((T77/(1-U$3)),0.01) -> 24.84 | AM77: P0068 | AN77: =CONCATENATE(A77,'PL230087'!$R$5) -> Ouest BatteriesLB45B1W172R1Z44Commande 4 | AO77: =AM77 -> P0068 | AP77: =A77 -> Ouest BatteriesLB45B1W172R1Z44 | AQ77: =AO77 -> P0068
A78: =CONCATENATE(B78,D78) -> Ouest BatteriesLB45L1W172R1Z44 | B78: Ouest Batteries | C78: SMF 54459 | D78: LB45L1W172R1Z44 | E78: R+ | F78: DIN | G78: 422MF | I78: 45 | J78: 400 | K78: L1 | L78: 207 | M78: 175 | N78: 225 | O78: 0 | P78: 1 | Q78: B13 | R78: 11.6 | S78: 96 | T78: 24.5 | U78: =MROUND((T78/(1-U$3)),0.01) -> 24.84 | AM78: P0069 | AN78: =CONCATENATE(A78,'PL230087'!$R$5) -> Ouest BatteriesLB45L1W172R1Z44Commande 4 | AO78: =AM78 -> P0069 | AP78: =A78 -> Ouest BatteriesLB45L1W172R1Z44 | AQ78: =AO78 -> P0069
A79: =CONCATENATE(B79,D79) -> Ouest BatteriesLB56B2W172R1Z44 | B79: Ouest Batteries | C79: SMF 56077 | D79: LB56B2W172R1Z44 | E79: R+ | F79: DIN | G79: 600MF | I79: 60 | J79: 520 | K79: L2B | L79: 242 | M79: 175 | N79: 175 | O79: 0 | P79: 1 | Q79: B13 | R79: 13.9 | S79: 84 | T79: 29.5 | U79: =MROUND((T79/(1-U$3)),0.01) -> 29.91 | AM79: P0070 | AN79: =CONCATENATE(A79,'PL230087'!$R$5) -> Ouest BatteriesLB56B2W172R1Z44Commande 4 | AO79: =AM79 -> P0070 | AP79: =A79 -> Ouest BatteriesLB56B2W172R1Z44 | AQ79: =AO79 -> P0070
A80: =CONCATENATE(B80,D80) -> Ouest BatteriesLB56L2W172R1Z44 | B80: Ouest Batteries | C80: SMF 56078 | D80: LB56L2W172R1Z44 | E80: R+ | F80: DIN | G80: 426MF | I80: 60 | J80: 520 | K80: L2 | L80: 242 | M80: 175 | N80: 190 | O80: 0 | P80: 1 | Q80: B13 | R80: 13.9 | S80: 84 | T80: 29.5 | U80: =MROUND((T80/(1-U$3)),0.01) -> 29.91 | AM80: P0071 | AN80: =CONCATENATE(A80,'PL230087'!$R$5) -> Ouest BatteriesLB56L2W172R1Z44Commande 4 | AO80: =AM80 -> P0071 | AP80: =A80 -> Ouest BatteriesLB56L2W172R1Z44 | AQ80: =AO80 -> P0071
A81: =CONCATENATE(B81,D81) -> Ouest BatteriesLB67B3W172R1Z44 | B81: Ouest Batteries | C81: SMF 57014 | D81: LB67B3W172R1Z44 | E81: R+ | F81: DIN | G81: 358MF | I81: 70 | J81: 620 | K81: L3B | L81: 278 | M81: 175 | N81: 175 | O81: 0 | P81: 1 | Q81: B13 | R81: 16.8 | S81: 76 | T81: 34.1 | U81: =MROUND((T81/(1-U$3)),0.01) -> 34.57 | AM81: P0072 | AN81: =CONCATENATE(A81,'PL230087'!$R$5) -> Ouest BatteriesLB67B3W172R1Z44Commande 4 | AO81: =AM81 -> P0072 | AP81: =A81 -> Ouest BatteriesLB67B3W172R1Z44 | AQ81: =AO81 -> P0072
A82: =CONCATENATE(B82,D82) -> Ouest BatteriesLB67L3W172R1Z44 | B82: Ouest Batteries | C82: SMF 57220 | D82: LB67L3W172R1Z44 | E82: R+ | F82: DIN | G82: 430MF | I82: 70 | J82: 620 | K82: L3 | L82: 278 | M82: 175 | N82: 190 | O82: 0 | P82: 1 | Q82: B13 | R82: 16.8 | S82: 76 | T82: 34.1 | U82: =MROUND((T82/(1-U$3)),0.01) -> 34.57 | AM82: P0073 | AN82: =CONCATENATE(A82,'PL230087'!$R$5) -> Ouest BatteriesLB67L3W172R1Z44Commande 4 | AO82: =AM82 -> P0073 | AP82: =A82 -> Ouest BatteriesLB67L3W172R1Z44 | AQ82: =AO82 -> P0073
A83: =CONCATENATE(B83,D83) -> Ouest BatteriesLB89L5W172R1Z44 | B83: Ouest Batteries | C83: SMF 59538 | D83: LB89L5W172R1Z44 | E83: R+ | F83: DIN | I83: 95 | J83: 800 | K83: L5 | L83: 353 | M83: 175 | N83: 190 | O83: 0 | P83: 1 | Q83: B13 | R83: 21.2 | S83: 48 | T83: 47.85 | U83: =MROUND((T83/(1-U$3)),0.01) -> 48.51 | AM83: P0074 | AN83: =CONCATENATE(A83,'PL230087'!$R$5) -> Ouest BatteriesLB89L5W172R1Z44Commande 4 | AO83: =AM83 -> P0074 | AP83: =A83 -> Ouest BatteriesLB89L5W172R1Z44 | AQ83: =AO83 -> P0074
A84: =CONCATENATE(B84,D84) -> Ouest BatteriesLB44B1K072R1S12 | B84: Ouest Batteries | C84: MF 54512 | D84: LB44B1K072R1S12 | E84: R+ | F84: DIN | I84: 44 | J84: 380 | K84: L1B | L84: 207 | M84: 175 | N84: 175 | O84: 0 | P84: 1 | Q84: B13 | R84: 10.7 | S84: 96 | T84: 23.25 | U84: =MROUND((T84/(1-U$3)),0.01) -> 23.57 | AM84: P0075 | AN84: =CONCATENATE(A84,'PL230087'!$R$5) -> Ouest BatteriesLB44B1K072R1S12Commande 4 | AO84: =AM84 -> P0075 | AP84: =A84 -> Ouest BatteriesLB44B1K072R1S12 | AQ84: =AO84 -> P0075
A85: =CONCATENATE(B85,D85) -> Ouest BatteriesLB44L1K072R1S12 | B85: Ouest Batteries | C85: MF 54459 | D85: LB44L1K072R1S12 | E85: R+ | F85: DIN | G85: 422MF | I85: 44 | J85: 380 | K85: L1 | L85: 207 | M85: 175 | N85: 190 | O85: 0 | P85: 1 | Q85: B13 | R85: 10.9 | S85: 96 | T85: 23.25 | U85: =MROUND((T85/(1-U$3)),0.01) -> 23.57 | AM85: P0076 | AN85: =CONCATENATE(A85,'PL230087'!$R$5) -> Ouest BatteriesLB44L1K072R1S12Commande 4 | AO85: =AM85 -> P0076 | AP85: =A85 -> Ouest BatteriesLB44L1K072R1S12 | AQ85: =AO85 -> P0076
A86: =CONCATENATE(B86,D86) -> Ouest BatteriesLB55B2K072R1S12 | B86: Ouest Batteries | C86: MF 55519 | D86: LB55B2K072R1S12 | E86: R+ | F86: DIN | I86: 55 | J86: 460 | K86: L2B | L86: 242 | M86: 175 | N86: 175 | O86: 0 | P86: 1 | Q86: B13 | R86: 11.9 | S86: 84 | T86: 27.85 | U86: =MROUND((T86/(1-U$3)),0.01) -> 28.23 | AM86: P0077 | AN86: =CONCATENATE(A86,'PL230087'!$R$5) -> Ouest BatteriesLB55B2K072R1S12Commande 4 | AO86: =AM86 -> P0077 | AP86: =A86 -> Ouest BatteriesLB55B2K072R1S12 | AQ86: =AO86 -> P0077
A87: =CONCATENATE(B87,D87) -> Ouest BatteriesLB55L2K072R1S12 | B87: Ouest Batteries | C87: MF 55559 | D87: LB55L2K072R1S12 | E87: R+ | F87: DIN | I87: 55 | J87: 460 | K87: L2 | L87: 242 | M87: 175 | N87: 190 | O87: 0 | P87: 1 | Q87: B13 | R87: 12.3 | S87: 84 | T87: 27.85 | U87: =MROUND((T87/(1-U$3)),0.01) -> 28.23 | AM87: P0078 | AN87: =CONCATENATE(A87,'PL230087'!$R$5) -> Ouest BatteriesLB55L2K072R1S12Commande 4 | AO87: =AM87 -> P0078 | AP87: =A87 -> Ouest BatteriesLB55L2K072R1S12 | AQ87: =AO87 -> P0078
A88: =CONCATENATE(B88,D88) -> Ouest BatteriesLB66B3K072R1S12 | B88: Ouest Batteries | C88: MF 56613 | D88: LB66B3K072R1S12 | E88: R+ | F88: DIN | I88: 66 | J88: 550 | K88: L3B | L88: 278 | M88: 175 | N88: 175 | O88: 0 | P88: 1 | Q88: B13 | R88: 15.5 | S88: 76 | T88: 33.25 | U88: =MROUND((T88/(1-U$3)),0.01) -> 33.71 | AM88: P0079 | AN88: =CONCATENATE(A88,'PL230087'!$R$5) -> Ouest BatteriesLB66B3K072R1S12Commande 4 | AO88: =AM88 -> P0079 | AP88: =A88 -> Ouest BatteriesLB66B3K072R1S12 | AQ88: =AO88 -> P0079
A89: =CONCATENATE(B89,D89) -> Ouest BatteriesLB66L3K072R1S12 | B89: Ouest Batteries | C89: MF 56648 | D89: LB66L3K072R1S12 | E89: R+ | F89: DIN | I89: 66 | J89: 550 | K89: L3 | L89: 278 | M89: 175 | N89: 190 | O89: 0 | P89: 1 | Q89: B13 | R89: 15.8 | S89: 76 | T89: 33.25 | U89: =MROUND((T89/(1-U$3)),0.01) -> 33.71 | AM89: P0080 | AN89: =CONCATENATE(A89,'PL230087'!$R$5) -> Ouest BatteriesLB66L3K072R1S12Commande 4 | AO89: =AM89 -> P0080 | AP89: =A89 -> Ouest BatteriesLB66L3K072R1S12 | AQ89: =AO89 -> P0080
A90: =CONCATENATE(B90,D90) -> Ouest BatteriesLB88L5K072R1S12 | B90: Ouest Batteries | C90: MF 58827 | D90: LB88L5K072R1S12 | E90: R+ | F90: DIN | I90: 88 | J90: 700 | K90: L5 | L90: 353 | M90: 175 | N90: 190 | O90: 0 | P90: 1 | Q90: B13 | R90: 20.8 | S90: 48 | T90: 46.6 | U90: =MROUND((T90/(1-U$3)),0.01) -> 47.24 | AM90: P0081 | AN90: =CONCATENATE(A90,'PL230087'!$R$5) -> Ouest BatteriesLB88L5K072R1S12Commande 4 | AO90: =AM90 -> P0081 | AP90: =A90 -> Ouest BatteriesLB88L5K072R1S12 | AQ90: =AO90 -> P0081
A91: =CONCATENATE(B91,D91) -> Ouest Batteries | B91: Ouest Batteries | AM91: P0082 | AN91: =CONCATENATE(A91,'PL230087'!$R$5) -> Ouest BatteriesCommande 4 | AO91: =AM91 -> P0082 | AP91: =A91 -> Ouest Batteries | AQ91: =AO91 -> P0082
A92: =CONCATENATE(B92,D92) -> Ouest Batteries | B92: Ouest Batteries | AM92: P0083 | AN92: =CONCATENATE(A92,'PL230087'!$R$5) -> Ouest BatteriesCommande 4 | AO92: =AM92 -> P0083 | AP92: =A92 -> Ouest Batteries | AQ92: =AO92 -> P0083
A93: =CONCATENATE(B93,D93) -> Ouest Batteries | B93: Ouest Batteries | AM93: P0084 | AN93: =CONCATENATE(A93,'PL230087'!$R$5) -> Ouest BatteriesCommande 4 | AO93: =AM93 -> P0084 | AP93: =A93 -> Ouest Batteries | AQ93: =AO93 -> P0084
A94: =CONCATENATE(B94,D94) -> Ouest Batteries | B94: Ouest Batteries | AM94: P0085 | AN94: =CONCATENATE(A94,'PL230087'!$R$5) -> Ouest BatteriesCommande 4 | AO94: =AM94 -> P0085 | AP94: =A94 -> Ouest Batteries | AQ94: =AO94 -> P0085
A95: =CONCATENATE(B95,D95) -> Ouest Batteries | B95: Ouest Batteries | AM95: P0086 | AN95: =CONCATENATE(A95,'PL230087'!$R$5) -> Ouest BatteriesCommande 4 | AO95: =AM95 -> P0086 | AP95: =A95 -> Ouest Batteries | AQ95: =AO95 -> P0086
A96: =CONCATENATE(B96,D96) -> Ouest Batteries | B96: Ouest Batteries | AM96: P0087 | AN96: =CONCATENATE(A96,'PL230087'!$R$5) -> Ouest BatteriesCommande 4 | AO96: =AM96 -> P0087 | AP96: =A96 -> Ouest Batteries | AQ96: =AO96 -> P0087
A97: =CONCATENATE(B97,D97) -> Ouest Batteries | B97: Ouest Batteries | AM97: P0088 | AN97: =CONCATENATE(A97,'PL230087'!$R$5) -> Ouest BatteriesCommande 4 | AO97: =AM97 -> P0088 | AP97: =A97 -> Ouest Batteries | AQ97: =AO97 -> P0088
A98: =CONCATENATE(B98,D98) -> Ouest Batteries | B98: Ouest Batteries | AM98: P0089 | AN98: =CONCATENATE(A98,'PL230087'!$R$5) -> Ouest BatteriesCommande 4 | AO98: =AM98 -> P0089 | AP98: =A98 -> Ouest Batteries | AQ98: =AO98 -> P0089
A99: =CONCATENATE(B99,D99) -> Ouest Batteries | B99: Ouest Batteries | AM99: P0090 | AN99: =CONCATENATE(A99,'PL230087'!$R$5) -> Ouest BatteriesCommande 4 | AO99: =AM99 -> P0090 | AP99: =A99 -> Ouest Batteries | AQ99: =AO99 -> P0090
A100: =CONCATENATE(B100,D100) -> Ouest Batteries | B100: Ouest Batteries | AM100: P0091 | AN100: =CONCATENATE(A100,'PL230087'!$R$5) -> Ouest BatteriesCommande 4 | AO100: =AM100 -> P0091 | AP100: =A100 -> Ouest Batteries | AQ100: =AO100 -> P0091
A101: =CONCATENATE(B101,D101) -> ProxitechLB55L1W172R1Z55 | B101: Proxitech | C101: SMF 55027 | D101: LB55L1W172R1Z55 | E101: R+ | F101: DIN | I101: 52 | J101: 500 | K101: L1 | L101: 207 | M101: 175 | N101: 190 | O101: 0 | P101: 1 | Q101: B13 | R101: 12.6 | S101: 96 | T101: 26.4 | U101: =MROUND((T101/(1-U$3)),0.01) -> 26.76 | AM101: P0092 | AN101: =CONCATENATE(A101,'PL230087'!$R$5) -> ProxitechLB55L1W172R1Z55Commande 4 | AO101: =AM101 -> P0092 | AP101: =A101 -> ProxitechLB55L1W172R1Z55 | AQ101: =AO101 -> P0092
...

Sheet Commande Export 2023
H1: =SUBTOTAL(9,H3:H1972) -> 1337.4167 | J1: =SUBTOTAL(9,J3:J1972) -> 98705 | K1: =SUBTOTAL(9,K3:K1972) -> 13254 | L1: =SUBTOTAL(9,L3:L1972) -> 82446 | M1: =SUBTOTAL(9,M3:M1972) -> 1783 | N1: =+J1-L1 -> 16259
A2: Customer | B2: Destination | C2: Battery type | D2: International code | E2: NOUR code | F2: Box | G2: Qtt par palette | H2: NBR PALETTES | I2: Poids Brut | J2: Qtt Commandée | K2: Stck Semi-fini | L2: Stck Batt fini & Livée | M2: Reste a Produire Assemblage | N2: Possible Delivery | O2: Deadline | P2: Delivery date & Commentaire | Q2: Date facture | R2: N° Facture
A3: Bin Shihon | B3: Commande 1 | D3: MF48D26R | E3: D26 GAUCHE 4/5 | F3: D26 | G3: 68 | H3: =+J3/G3 -> 5 | J3: 340 | L3: 340 | M3: =IF(0<J3-K3-L3,J3-K3-L3,0) -> 0 | N3: W03 | O3: JANVIER | P3: 44957 | Q3: 44942 | R3: FN230003 | S3: =E3 -> D26 GAUCHE 4/5 | T3: =D3 -> MF48D26R | V3: =VLOOKUP(S3,'Price list'!D$15:S$298,15,FALSE) -> #N/A | W3: =G3 -> 68 | X3: =H3 -> 5 | Y3: =VLOOKUP(A3,AA:AB,2,FALSE) -> BIN SHIHON | Z3: =B3 -> Commande 1 | AA3: =A3 -> Bin Shihon | AB3: BIN SHIHON | AC3: =CONCATENATE(Y3,S3,Z3) -> BIN SHIHOND26 GAUCHE 4/5Commande 1 | AD3: =S3 -> D26 GAUCHE 4/5 | AE3: =CONCATENATE(Y3,AD3) -> BIN SHIHOND26 GAUCHE 4/5 | AF3: =VLOOKUP(AC3,'Price list'!AN:AO,2,FALSE) -> #N/A | AG3: =S3 -> D26 GAUCHE 4/5 | AH3: =W3 -> 68 | AI3: =X3 -> 5
A4: Bin Shihon | B4: Commande 1 | D4: MF48D26L | E4: D26 DROITE 4/5 | F4: D26 | G4: 68 | H4: =+J4/G4 -> 13 | J4: 884 | L4: 884 | M4: =IF(0<J4-K4-L4,J4-K4-L4,0) -> 0 | N4: W03 | P4: 44957 | Q4: 44942 | R4: FN230003 | S4: =E4 -> D26 DROITE 4/5 | T4: =D4 -> MF48D26L | V4: =VLOOKUP(S4,'Price list'!D$15:S$298,15,FALSE) -> #N/A | W4: =G4 -> 68 | X4: =H4 -> 13 | Y4: =VLOOKUP(A4,AA:AB,2,FALSE) -> BIN SHIHON | Z4: =B4 -> Commande 1 | AA4: =A53 -> Libya | AB4: Arrafik | AC4: =CONCATENATE(Y4,S4,Z4) -> BIN SHIHOND26 DROITE 4/5Commande 1 | AD4: =S4 -> D26 DROITE 4/5 | AE4: =CONCATENATE(Y4,AD4) -> BIN SHIHOND26 DROITE 4/5 | AF4: =VLOOKUP(AC4,'Price list'!AN:AO,2,FALSE) -> #N/A | AG4: =S4 -> D26 DROITE 4/5 | AH4: =W4 -> 68 | AI4: =X4 -> 13
A5: Bin Shihon | B5: Commande 1 | D5: MF55D23R | E5: D23 GAUCHE 5/5 | F5: D23 | G5: 76 | H5: =+J5/G5 -> 2 | J5: 152 | L5: 152 | M5: =IF(0<J5-K5-L5,J5-K5-L5,0) -> 0 | N5: W03 | P5: 44957 | Q5: 44942 | R5: FN230003 | S5: =E5 -> D23 GAUCHE 5/5 | T5: =D5 -> MF55D23R | V5: =VLOOKUP(S5,'Price list'!D$15:S$298,15,FALSE) -> #N/A | W5: =G5 -> 76 | X5: =H5 -> 2 | Y5: =VLOOKUP(A5,AA:AB,2,FALSE) -> BIN SHIHON | Z5: =B5 -> Commande 1 | AA5: =A65 -> LITTORAL BATTERIES | AB5: Littoral Batteries | AC5: =CONCATENATE(Y5,S5,Z5) -> BIN SHIHOND23 GAUCHE 5/5Commande 1 | AD5: =S5 -> D23 GAUCHE 5/5 | AE5: =CONCATENATE(Y5,AD5) -> BIN SHIHOND23 GAUCHE 5/5 | AF5: =VLOOKUP(AC5,'Price list'!AN:AO,2,FALSE) -> #N/A | AG5: =S5 -> D23 GAUCHE 5/5 | AH5: =W5 -> 76 | AI5: =X5 -> 2
A6: Bin Shihon | B6: Commande 1 | D6: MF55D23L | E6: D23 DROITE 5/5 | F6: D23 | G6: 76 | H6: =+J6/G6 -> 16 | J6: 1216 | L6: 1216 | M6: =IF(0<J6-K6-L6,J6-K6-L6,0) -> 0 | N6: W03 | P6: 44957 | Q6: 44942 | R6: FN230003 | S6: =E6 -> D23 DROITE 5/5 | T6: =D6 -> MF55D23L | V6: =VLOOKUP(S6,'Price list'!D$15:S$298,15,FALSE) -> #N/A | W6: =G6 -> 76 | X6: =H6 -> 16 | Y6: =VLOOKUP(A6,AA:AB,2,FALSE) -> BIN SHIHON | Z6: =B6 -> Commande 1 | AA6: =A84 -> ACCUSPLUS | AB6: RPA | AC6: =CONCATENATE(Y6,S6,Z6) -> BIN SHIHOND23 DROITE 5/5Commande 1 | AD6: =S6 -> D23 DROITE 5/5 | AE6: =CONCATENATE(Y6,AD6) -> BIN SHIHOND23 DROITE 5/5 | AF6: =VLOOKUP(AC6,'Price list'!AN:AO,2,FALSE) -> #N/A | AG6: =S6 -> D23 DROITE 5/5 | AH6: =W6 -> 76 | AI6: =X6 -> 16
A7: Bin Shihon | B7: Commande 1 | D7: MF50B24LS | E7: NS60LSMF DROITE | F7: NS60 | G7: 100 | H7: =+J7/G7 -> 10 | J7: 1000 | L7: 1000 | M7: =IF(0<J7-K7-L7,J7-K7-L7,0) -> 0 | N7: W03 | P7: 44957 | Q7: 44942 | R7: FN230003 | S7: =E7 -> NS60LSMF DROITE | T7: =D7 -> MF50B24LS | V7: =VLOOKUP(S7,'Price list'!D$15:S$298,15,FALSE) -> #N/A | W7: =G7 -> 100 | X7: =H7 -> 10 | Y7: =VLOOKUP(A7,AA:AB,2,FALSE) -> BIN SHIHON | Z7: =B7 -> Commande 1 | AA7: =A92 -> Ouest Batteries | AB7: Ouest Batteries | AC7: =CONCATENATE(Y7,S7,Z7) -> BIN SHIHONNS60LSMF DROITECommande 1 | AD7: =S7 -> NS60LSMF DROITE | AE7: =CONCATENATE(Y7,AD7) -> BIN SHIHONNS60LSMF DROITE | AF7: =VLOOKUP(AC7,'Price list'!AN:AO,2,FALSE) -> #N/A | AG7: =S7 -> NS60LSMF DROITE | AH7: =W7 -> 100 | AI7: =X7 -> 10
A8: Bin Shihon | B8: Commande 1 | D8: MF65D31R | E8: D31 GAUCHE 6/6 | F8: D31 | G8: 56 | H8: =+J8/G8 -> 2 | J8: 112 | L8: 112 | M8: =IF(0<J8-K8-L8,J8-K8-L8,0) -> 0 | N8: W03 | P8: 44957 | Q8: 44942 | R8: FN230003 | S8: =E8 -> D31 GAUCHE 6/6 | T8: =D8 -> MF65D31R | V8: =VLOOKUP(S8,'Price list'!D$15:S$298,15,FALSE) -> #N/A | W8: =G8 -> 56 | X8: =H8 -> 2 | Y8: =VLOOKUP(A8,AA:AB,2,FALSE) -> BIN SHIHON | Z8: =B8 -> Commande 1 | AA8: =A125 -> ALGERIE | AB8: Next Power | AC8: =CONCATENATE(Y8,S8,Z8) -> BIN SHIHOND31 GAUCHE 6/6Commande 1 | AD8: =S8 -> D31 GAUCHE 6/6 | AE8: =CONCATENATE(Y8,AD8) -> BIN SHIHOND31 GAUCHE 6/6 | AF8: =VLOOKUP(AC8,'Price list'!AN:AO,2,FALSE) -> #N/A | AG8: =S8 -> D31 GAUCHE 6/6 | AH8: =W8 -> 56 | AI8: =X8 -> 2
A9: Bin Shihon | B9: Commande 1 | D9: MF65D31L | E9: D31 DOITE 6/6 | F9: D31 | G9: 56 | H9: =+J9/G9 -> 3 | J9: 168 | L9: 168 | M9: =IF(0<J9-K9-L9,J9-K9-L9,0) -> 0 | N9: W03 | P9: 44957 | Q9: 44942 | R9: FN230003 | S9: =E9 -> D31 DOITE 6/6 | T9: =D9 -> MF65D31L | V9: =VLOOKUP(S9,'Price list'!D$15:S$298,15,FALSE) -> #N/A | W9: =G9 -> 56 | X9: =H9 -> 3 | Y9: =VLOOKUP(A9,AA:AB,2,FALSE) -> BIN SHIHON | Z9: =B9 -> Commande 1 | AA9: =A149 -> LUBATEX | AB9: Lubatex | AC9: =CONCATENATE(Y9,S9,Z9) -> BIN SHIHOND31 DOITE 6/6Commande 1 | AD9: =S9 -> D31 DOITE 6/6 | AE9: =CONCATENATE(Y9,AD9) -> BIN SHIHOND31 DOITE 6/6 | AF9: =VLOOKUP(AC9,'Price list'!AN:AO,2,FALSE) -> #N/A | AG9: =S9 -> D31 DOITE 6/6 | AH9: =W9 -> 56 | AI9: =X9 -> 3
A10: Bin Shihon | B10: Commande 1 | D10: MF80D26R | E10: D26 GAUCHE 6/6 | F10: D26 | G10: 68 | H10: =+J10/G10 -> 3 | J10: 204 | L10: 204 | M10: =IF(0<J10-K10-L10,J10-K10-L10,0) -> 0 | N10: W03 | P10: 44957 | Q10: 44942 | R10: FN230003 | S10: =E10 -> D26 GAUCHE 6/6 | T10: =D10 -> MF80D26R | V10: =VLOOKUP(S10,'Price list'!D$15:S$298,15,FALSE) -> #N/A | W10: =G10 -> 68 | X10: =H10 -> 3 | Y10: =VLOOKUP(A10,AA:AB,2,FALSE) -> BIN SHIHON | Z10: =B10 -> Commande 1 | AA10: =A160 -> PROXITECH | AB10: Proxitech | AC10: =CONCATENATE(Y10,S10,Z10) -> BIN SHIHOND26 GAUCHE 6/6Commande 1 | AD10: =S10 -> D26 GAUCHE 6/6 | AE10: =CONCATENATE(Y10,AD10) -> BIN SHIHOND26 GAUCHE 6/6 | AF10: =VLOOKUP(AC10,'Price list'!AN:AO,2,FALSE) -> #N/A | AG10: =S10 -> D26 GAUCHE 6/6 | AH10: =W10 -> 68 | AI10: =X10 -> 3
A11: Bin Shihon | B11: Commande 1 | D11: MF80D26L | E11: D26 DROITE 6/6 | F11: D26 | G11: 68 | H11: =+J11/G11 -> 16 | J11: 1088 | L11: 1088 | M11: =IF(0<J11-K11-L11,J11-K11-L11,0) -> 0 | N11: W03 | P11: 44957 | Q11: 44942 | R11: FN230003 | S11: =E11 -> D26 DROITE 6/6 | T11: =D11 -> MF80D26L | V11: =VLOOKUP(S11,'Price list'!D$15:S$298,15,FALSE) -> #N/A | W11: =G11 -> 68 | X11: =H11 -> 16 | Y11: =VLOOKUP(A11,AA:AB,2,FALSE) -> BIN SHIHON | Z11: =B11 -> Commande 1 | AA11: =A241 -> DT Batteries d’Armor | AB11: RPA | AC11: =CONCATENATE(Y11,S11,Z11) -> BIN SHIHOND26 DROITE 6/6Commande 1 | AD11: =S11 -> D26 DROITE 6/6 | AE11: =CONCATENATE(Y11,AD11) -> BIN SHIHOND26 DROITE 6/6 | AF11: =VLOOKUP(AC11,'Price list'!AN:AO,2,FALSE) -> #N/A | AG11: =S11 -> D26 DROITE 6/6 | AH11: =W11 -> 68 | AI11: =X11 -> 16
A12: Bin Shihon | B12: Commande 1 | D12: MF105D31L | E12: D31 DOITE 7/8 | F12: D31 | G12: 56 | H12: =+J12/G12 -> 4 | J12: 224 | L12: 224 | M12: =IF(0<J12-K12-L12,J12-K12-L12,0) -> 0 | N12: W03 | P12: 44957 | Q12: 44942 | R12: FN230003 | S12: =E12 -> D31 DOITE 7/8 | T12: =D12 -> MF105D31L | V12: =VLOOKUP(S12,'Price list'!D$15:S$298,15,FALSE) -> #N/A | W12: =G12 -> 56 | X12: =H12 -> 4 | Y12: =VLOOKUP(A12,AA:AB,2,FALSE) -> BIN SHIHON | Z12: =B12 -> Commande 1 | AC12: =CONCATENATE(Y12,S12,Z12) -> BIN SHIHOND31 DOITE 7/8Commande 1 | AD12: =S12 -> D31 DOITE 7/8 | AE12: =CONCATENATE(Y12,AD12) -> BIN SHIHOND31 DOITE 7/8 | AF12: =VLOOKUP(AC12,'Price list'!AN:AO,2,FALSE) -> #N/A | AG12: =S12 -> D31 DOITE 7/8 | AH12: =W12 -> 56 | AI12: =X12 -> 4
A13: Bin Shihon | B13: Commande 1 | D13: MF54459 | E13: LB145L1P432R1 | F13: L1 | G13: 84 | H13: =+J13/G13 -> 8 | J13: 672 | L13: 672 | M13: =IF(0<J13-K13-L13,J13-K13-L13,0) -> 0 | N13: W03 | P13: 44957 | Q13: 44942 | R13: FN230003 | S13: =E13 -> LB145L1P432R1 | T13: =D13 -> MF54459 | V13: =VLOOKUP(S13,'Price list'!D$15:S$298,15,FALSE) -> 11.8 | W13: =G13 -> 84 | X13: =H13 -> 8 | Y13: =VLOOKUP(A13,AA:AB,2,FALSE) -> BIN SHIHON | Z13: =B13 -> Commande 1 | AC13: =CONCATENATE(Y13,S13,Z13) -> BIN SHIHONLB145L1P432R1Commande 1 | AD13: =S13 -> LB145L1P432R1 | AE13: =CONCATENATE(Y13,AD13) -> BIN SHIHONLB145L1P432R1 | AF13: =VLOOKUP(AC13,'Price list'!AN:AO,2,FALSE) -> #N/A | AG13: =S13 -> LB145L1P432R1 | AH13: =W13 -> 84 | AI13: =X13 -> 8
A14: Bin Shihon | B14: Commande 1 | D14: MF55559 | E14: LB156L2P432R1 | F14: L2 | G14: 76 | H14: =+J14/G14 -> 10 | J14: 760 | L14: 760 | M14: =IF(0<J14-K14-L14,J14-K14-L14,0) -> 0 | N14: W03 | P14: 44957 | Q14: 44942 | R14: FN230003 | S14: =E14 -> LB156L2P432R1 | T14: =D14 -> MF55559 | V14: =VLOOKUP(S14,'Price list'!D$15:S$298,15,FALSE) -> 14.3 | W14: =G14 -> 76 | X14: =H14 -> 10 | Y14: =VLOOKUP(A14,AA:AB,2,FALSE) -> BIN SHIHON | Z14: =B14 -> Commande 1 | AC14: =CONCATENATE(Y14,S14,Z14) -> BIN SHIHONLB156L2P432R1Commande 1 | AD14: =S14 -> LB156L2P432R1 | AE14: =CONCATENATE(Y14,AD14) -> BIN SHIHONLB156L2P432R1 | AF14: =VLOOKUP(AC14,'Price list'!AN:AO,2,FALSE) -> #N/A | AG14: =S14 -> LB156L2P432R1 | AH14: =W14 -> 76 | AI14: =X14 -> 10
A15: Bin Shihon | B15: Commande 1 | D15: MF56638 | E15: LB167L3P432R1 | F15: L3 | G15: 64 | H15: =+J15/G15 -> 5 | J15: 320 | L15: 320 | M15: =IF(0<J15-K15-L15,J15-K15-L15,0) -> 0 | N15: W03 | P15: 44957 | Q15: 44942 | R15: FN230003 | S15: =E15 -> LB167L3P432R1 | T15: =D15 -> MF56638 | V15: =VLOOKUP(S15,'Price list'!D$15:S$298,15,FALSE) -> 15.8 | W15: =G15 -> 64 | X15: =H15 -> 5 | Y15: =VLOOKUP(A15,AA:AB,2,FALSE) -> BIN SHIHON | Z15: =B15 -> Commande 1 | AC15: =CONCATENATE(Y15,S15,Z15) -> BIN SHIHONLB167L3P432R1Commande 1 | AD15: =S15 -> LB167L3P432R1 | AE15: =CONCATENATE(Y15,AD15) -> BIN SHIHONLB167L3P432R1 | AF15: =VLOOKUP(AC15,'Price list'!AN:AO,2,FALSE) -> #N/A | AG15: =S15 -> LB167L3P432R1 | AH15: =W15 -> 64 | AI15: =X15 -> 5
A16: Bin Shihon | B16: Commande 1 | D16: MF56219 | E16: LB166L2P432R1 | F16: L2 | G16: 76 | H16: =+J16/G16 -> 3 | J16: 228 | L16: 228 | M16: =IF(0<J16-K16-L16,J16-K16-L16,0) -> 0 | N16: W03 | P16: 44957 | Q16: 44942 | R16: FN230003 | S16: =E16 -> LB166L2P432R1 | T16: =D16 -> MF56219 | V16: =VLOOKUP(S16,'Price list'!D$15:S$298,15,FALSE) -> 14.7 | W16: =G16 -> 76 | X16: =H16 -> 3 | Y16: =VLOOKUP(A16,AA:AB,2,FALSE) -> BIN SHIHON | Z16: =B16 -> Commande 1 | AC16: =CONCATENATE(Y16,S16,Z16) -> BIN SHIHONLB166L2P432R1Commande 1 | AD16: =S16 -> LB166L2P432R1 | AE16: =CONCATENATE(Y16,AD16) -> BIN SHIHONLB166L2P432R1 | AF16: =VLOOKUP(AC16,'Price list'!AN:AO,2,FALSE) -> #N/A | AG16: =S16 -> LB166L2P432R1 | AH16: =W16 -> 76 | AI16: =X16 -> 3
A17: Bin Shihon | B17: Commande 1 | D17: MF57220 | E17: LB177L3P432R1 | F17: L3 | G17: 64 | H17: =+J17/G17 -> 7 | J17: 448 | L17: 448 | M17: =IF(0<J17-K17-L17,J17-K17-L17,0) -> 0 | N17: W03 | P17: 44957 | Q17: 44942 | R17: FN230003 | S17: =E17 -> LB177L3P432R1 | T17: =D17 -> MF57220 | V17: =VLOOKUP(S17,'Price list'!D$15:S$298,15,FALSE) -> 17.2 | W17: =G17 -> 64 | X17: =H17 -> 7 | Y17: =VLOOKUP(A17,AA:AB,2,FALSE) -> BIN SHIHON | Z17: =B17 -> Commande 1 | AC17: =CONCATENATE(Y17,S17,Z17) -> BIN SHIHONLB177L3P432R1Commande 1 | AD17: =S17 -> LB177L3P432R1 | AE17: =CONCATENATE(Y17,AD17) -> BIN SHIHONLB177L3P432R1 | AF17: =VLOOKUP(AC17,'Price list'!AN:AO,2,FALSE) -> #N/A | AG17: =S17 -> LB177L3P432R1 | AH17: =W17 -> 64 | AI17: =X17 -> 7
A18: Bin Shihon | B18: Commande 1 | D18: MF58827 | E18: LB189L5P432R1 | F18: L5 | G18: 48 | H18: =+J18/G18 -> 2 | J18: 96 | L18: 96 | M18: =IF(0<J18-K18-L18,J18-K18-L18,0) -> 0 | N18: W03 | P18: 44957 | Q18: 44942 | R18: FN230003 | S18: =E18 -> LB189L5P432R1 | T18: =D18 -> MF58827 | V18: =VLOOKUP(S18,'Price list'!D$15:S$298,15,FALSE) -> 21.3 | W18: =G18 -> 48 | X18: =H18 -> 2 | Y18: =VLOOKUP(A18,AA:AB,2,FALSE) -> BIN SHIHON | Z18: =B18 -> Commande 1 | AC18: =CONCATENATE(Y18,S18,Z18) -> BIN SHIHONLB189L5P432R1Commande 1 | AD18: =S18 -> LB189L5P432R1 | AE18: =CONCATENATE(Y18,AD18) -> BIN SHIHONLB189L5P432R1 | AF18: =VLOOKUP(AC18,'Price list'!AN:AO,2,FALSE) -> #N/A | AG18: =S18 -> LB189L5P432R1 | AH18: =W18 -> 48 | AI18: =X18 -> 2
A19: Bin Shihon | B19: Commande 1 | D19: MF60038 | E19: LB190L5P432R1 | F19: L5 | G19: 48 | H19: =+J19/G19 -> 1 | J19: 48 | L19: 48 | M19: =IF(0<J19-K19-L19,J19-K19-L19,0) -> 0 | N19: W03 | P19: 44957 | Q19: 44942 | R19: FN230003 | S19: =E19 -> LB190L5P432R1 | T19: =D19 -> MF60038 | V19: =VLOOKUP(S19,'Price list'!D$15:S$298,15,FALSE) -> 22.4 | W19: =G19 -> 48 | X19: =H19 -> 1 | Y19: =VLOOKUP(A19,AA:AB,2,FALSE) -> BIN SHIHON | Z19: =B19 -> Commande 1 | AC19: =CONCATENATE(Y19,S19,Z19) -> BIN SHIHONLB190L5P432R1Commande 1 | AD19: =S19 -> LB190L5P432R1 | AE19: =CONCATENATE(Y19,AD19) -> BIN SHIHONLB190L5P432R1 | AF19: =VLOOKUP(AC19,'Price list'!AN:AO,2,FALSE) -> #N/A | AG19: =S19 -> LB190L5P432R1 | AH19: =W19 -> 48 | AI19: =X19 -> 1
A20: Bin Shihon | B20: Commande 1 | D20: MF48D26R | E20: D26 GAUCHE 4/5 | F20: D26 | G20: 68 | H20: =+J20/G20 -> 1 | J20: 68 | L20: 68 | M20: =IF(0<J20-K20-L20,J20-K20-L20,0) -> 0 | N20: W04 | O20: FEBRUARY | P20: 44958 | Q20: 44950 | R20: FN230006 | S20: =E20 -> D26 GAUCHE 4/5 | T20: =D20 -> MF48D26R | V20: =VLOOKUP(S20,'Price list'!D$15:S$298,15,FALSE) -> #N/A | W20: =G20 -> 68 | X20: =H20 -> 1 | Y20: =VLOOKUP(A20,AA:AB,2,FALSE) -> BIN SHIHON | Z20: =B20 -> Commande 1 | AC20: =CONCATENATE(Y20,S20,Z20) -> BIN SHIHOND26 GAUCHE 4/5Commande 1 | AD20: =S20 -> D26 GAUCHE 4/5 | AE20: =CONCATENATE(Y20,AD20) -> BIN SHIHOND26 GAUCHE 4/5 | AF20: =VLOOKUP(AC20,'Price list'!AN:AO,2,FALSE) -> #N/A | AG20: =S20 -> D26 GAUCHE 4/5 | AH20: =W20 -> 68 | AI20: =X20 -> 1
A21: Bin Shihon | B21: Commande 1 | D21: MF55D23R | E21: D23 GAUCHE 5/5 | F21: D23 | G21: 76 | H21: =+J21/G21 -> 1 | J21: 76 | L21: 76 | M21: =IF(0<J21-K21-L21,J21-K21-L21,0) -> 0 | N21: W04 | P21: 44958 | Q21: 44950 | R21: FN230006 | S21: =E21 -> D23 GAUCHE 5/5 | T21: =D21 -> MF55D23R | V21: =VLOOKUP(S21,'Price list'!D$15:S$298,15,FALSE) -> #N/A | W21: =G21 -> 76 | X21: =H21 -> 1 | Y21: =VLOOKUP(A21,AA:AB,2,FALSE) -> BIN SHIHON | Z21: =B21 -> Commande 1 | AC21: =CONCATENATE(Y21,S21,Z21) -> BIN SHIHOND23 GAUCHE 5/5Commande 1 | AD21: =S21 -> D23 GAUCHE 5/5 | AE21: =CONCATENATE(Y21,AD21) -> BIN SHIHOND23 GAUCHE 5/5 | AF21: =VLOOKUP(AC21,'Price list'!AN:AO,2,FALSE) -> #N/A | AG21: =S21 -> D23 GAUCHE 5/5 | AH21: =W21 -> 76 | AI21: =X21 -> 1
A22: Bin Shihon | B22: Commande 1 | D22: MF55D23L | E22: D23 DROITE 5/5 | F22: D23 | G22: 76 | H22: =+J22/G22 -> 26 | J22: 1976 | L22: 1976 | M22: =IF(0<J22-K22-L22,J22-K22-L22,0) -> 0 | N22: W04 | P22: 44958 | Q22: 44950 | R22: FN230006 | S22: =E22 -> D23 DROITE 5/5 | T22: =D22 -> MF55D23L | V22: =VLOOKUP(S22,'Price list'!D$15:S$298,15,FALSE) -> #N/A | W22: =G22 -> 76 | X22: =H22 -> 26 | Y22: =VLOOKUP(A22,AA:AB,2,FALSE) -> BIN SHIHON | Z22: =B22 -> Commande 1 | AC22: =CONCATENATE(Y22,S22,Z22) -> BIN SHIHOND23 DROITE 5/5Commande 1 | AD22: =S22 -> D23 DROITE 5/5 | AE22: =CONCATENATE(Y22,AD22) -> BIN SHIHOND23 DROITE 5/5 | AF22: =VLOOKUP(AC22,'Price list'!AN:AO,2,FALSE) -> #N/A | AG22: =S22 -> D23 DROITE 5/5 | AH22: =W22 -> 76 | AI22: =X22 -> 26
A23: Bin Shihon | B23: Commande 1 | D23: MF50B24R | E23: NS60MF GAUCHE | F23: NS60 | G23: 100 | H23: =+J23/G23 -> 2 | J23: 200 | L23: 200 | M23: =IF(0<J23-K23-L23,J23-K23-L23,0) -> 0 | N23: W04 | P23: 44958 | Q23: 44950 | R23: FN230006 | S23: =E23 -> NS60MF GAUCHE | T23: =D23 -> MF50B24R | V23: =VLOOKUP(S23,'Price list'!D$15:S$298,15,FALSE) -> #N/A | W23: =G23 -> 100 | X23: =H23 -> 2 | Y23: =VLOOKUP(A23,AA:AB,2,FALSE) -> BIN SHIHON | Z23: =B23 -> Commande 1 | AC23: =CONCATENATE(Y23,S23,Z23) -> BIN SHIHONNS60MF GAUCHECommande 1 | AD23: =S23 -> NS60MF GAUCHE | AE23: =CONCATENATE(Y23,AD23) -> BIN SHIHONNS60MF GAUCHE | AF23: =VLOOKUP(AC23,'Price list'!AN:AO,2,FALSE) -> #N/A | AG23: =S23 -> NS60MF GAUCHE | AH23: =W23 -> 100 | AI23: =X23 -> 2
A24: Bin Shihon | B24: Commande 1 | D24: MF50B24LS | E24: NS60LSMF DROITE | F24: NS60 | G24: 100 | H24: =+J24/G24 -> 21 | J24: 2100 | L24: 2100 | M24: =IF(0<J24-K24-L24,J24-K24-L24,0) -> 0 | N24: W04 | P24: 44958 | Q24: 44950 | R24: FN230006 | S24: =E24 -> NS60LSMF DROITE | T24: =D24 -> MF50B24LS | V24: =VLOOKUP(S24,'Price list'!D$15:S$298,15,FALSE) -> #N/A | W24: =G24 -> 100 | X24: =H24 -> 21 | Y24: =VLOOKUP(A24,AA:AB,2,FALSE) -> BIN SHIHON | Z24: =B24 -> Commande 1 | AC24: =CONCATENATE(Y24,S24,Z24) -> BIN SHIHONNS60LSMF DROITECommande 1 | AD24: =S24 -> NS60LSMF DROITE | AE24: =CONCATENATE(Y24,AD24) -> BIN SHIHONNS60LSMF DROITE | AF24: =VLOOKUP(AC24,'Price list'!AN:AO,2,FALSE) -> #N/A | AG24: =S24 -> NS60LSMF DROITE | AH24: =W24 -> 100 | AI24: =X24 -> 21
A25: Bin Shihon | B25: Commande 1 | D25: MF65D31R | E25: D31 GAUCHE 6/6 | F25: D31 | G25: 56 | H25: =+J25/G25 -> 3 | J25: 168 | L25: 168 | M25: =IF(0<J25-K25-L25,J25-K25-L25,0) -> 0 | N25: W04 | P25: 44958 | Q25: 44950 | R25: FN230006 | S25: =E25 -> D31 GAUCHE 6/6 | T25: =D25 -> MF65D31R | V25: =VLOOKUP(S25,'Price list'!D$15:S$298,15,FALSE) -> #N/A | W25: =G25 -> 56 | X25: =H25 -> 3 | Y25: =VLOOKUP(A25,AA:AB,2,FALSE) -> BIN SHIHON | Z25: =B25 -> Commande 1 | AC25: =CONCATENATE(Y25,S25,Z25) -> BIN SHIHOND31 GAUCHE 6/6Commande 1 | AD25: =S25 -> D31 GAUCHE 6/6 | AE25: =CONCATENATE(Y25,AD25) -> BIN SHIHOND31 GAUCHE 6/6 | AF25: =VLOOKUP(AC25,'Price list'!AN:AO,2,FALSE) -> #N/A | AG25: =S25 -> D31 GAUCHE 6/6 | AH25: =W25 -> 56 | AI25: =X25 -> 3
A26: Bin Shihon | B26: Commande 1 | D26: MF65D31L | E26: D31 DOITE 6/6 | F26: D31 | G26: 56 | H26: =+J26/G26 -> 4 | J26: 224 | L26: 224 | M26: =IF(0<J26-K26-L26,J26-K26-L26,0) -> 0 | N26: W04 | P26: 44958 | Q26: 44950 | R26: FN230006 | S26: =E26 -> D31 DOITE 6/6 | T26: =D26 -> MF65D31L | V26: =VLOOKUP(S26,'Price list'!D$15:S$298,15,FALSE) -> #N/A | W26: =G26 -> 56 | X26: =H26 -> 4 | Y26: =VLOOKUP(A26,AA:AB,2,FALSE) -> BIN SHIHON | Z26: =B26 -> Commande 1 | AC26: =CONCATENATE(Y26,S26,Z26) -> BIN SHIHOND31 DOITE 6/6Commande 1 | AD26: =S26 -> D31 DOITE 6/6 | AE26: =CONCATENATE(Y26,AD26) -> BIN SHIHOND31 DOITE 6/6 | AF26: =VLOOKUP(AC26,'Price list'!AN:AO,2,FALSE) -> #N/A | AG26: =S26 -> D31 DOITE 6/6 | AH26: =W26 -> 56 | AI26: =X26 -> 4
A27: Bin Shihon | B27: Commande 1 | D27: MF80D26R | E27: D26 GAUCHE 6/6 | F27: D26 | G27: 68 | H27: =+J27/G27 -> 1 | J27: 68 | L27: 68 | M27: =IF(0<J27-K27-L27,J27-K27-L27,0) -> 0 | N27: W04 | P27: 44958 | Q27: 44950 | R27: FN230006 | S27: =E27 -> D26 GAUCHE 6/6 | T27: =D27 -> MF80D26R | V27: =VLOOKUP(S27,'Price list'!D$15:S$298,15,FALSE) -> #N/A | W27: =G27 -> 68 | X27: =H27 -> 1 | Y27: =VLOOKUP(A27,AA:AB,2,FALSE) -> BIN SHIHON | Z27: =B27 -> Commande 1 | AC27: =CONCATENATE(Y27,S27,Z27) -> BIN SHIHOND26 GAUCHE 6/6Commande 1 | AD27: =S27 -> D26 GAUCHE 6/6 | AE27: =CONCATENATE(Y27,AD27) -> BIN SHIHOND26 GAUCHE 6/6 | AF27: =VLOOKUP(AC27,'Price list'!AN:AO,2,FALSE) -> #N/A | AG27: =S27 -> D26 GAUCHE 6/6 | AH27: =W27 -> 68 | AI27: =X27 -> 1
A28: Bin Shihon | B28: Commande 1 | D28: MF80D26L | E28: D26 DROITE 6/6 | F28: D26 | G28: 68 | H28: =+J28/G28 -> 16 | J28: 1088 | L28: 1088 | M28: =IF(0<J28-K28-L28,J28-K28-L28,0) -> 0 | N28: W04 | P28: 44958 | Q28: 44950 | R28: FN230006 | S28: =E28 -> D26 DROITE 6/6 | T28: =D28 -> MF80D26L | V28: =VLOOKUP(S28,'Price list'!D$15:S$298,15,FALSE) -> #N/A | W28: =G28 -> 68 | X28: =H28 -> 16 | Y28: =VLOOKUP(A28,AA:AB,2,FALSE) -> BIN SHIHON | Z28: =B28 -> Commande 1 | AC28: =CONCATENATE(Y28,S28,Z28) -> BIN SHIHOND26 DROITE 6/6Commande 1 | AD28: =S28 -> D26 DROITE 6/6 | AE28: =CONCATENATE(Y28,AD28) -> BIN SHIHOND26 DROITE 6/6 | AF28: =VLOOKUP(AC28,'Price list'!AN:AO,2,FALSE) -> #N/A | AG28: =S28 -> D26 DROITE 6/6 | AH28: =W28 -> 68 | AI28: =X28 -> 16
A29: Bin Shihon | B29: Commande 1 | D29: MF105D31L | E29: D31 DOITE 7/8 | F29: D31 | G29: 56 | H29: =+J29/G29 -> 6 | J29: 336 | L29: 336 | M29: =IF(0<J29-K29-L29,J29-K29-L29,0) -> 0 | N29: W04 | P29: 44958 | Q29: 44950 | R29: FN230006 | S29: =E29 -> D31 DOITE 7/8 | T29: =D29 -> MF105D31L | V29: =VLOOKUP(S29,'Price list'!D$15:S$298,15,FALSE) -> #N/A | W29: =G29 -> 56 | X29: =H29 -> 6 | Y29: =VLOOKUP(A29,AA:AB,2,FALSE) -> BIN SHIHON | Z29: =B29 -> Commande 1 | AC29: =CONCATENATE(Y29,S29,Z29) -> BIN SHIHOND31 DOITE 7/8Commande 1 | AD29: =S29 -> D31 DOITE 7/8 | AE29: =CONCATENATE(Y29,AD29) -> BIN SHIHOND31 DOITE 7/8 | AF29: =VLOOKUP(AC29,'Price list'!AN:AO,2,FALSE) -> #N/A | AG29: =S29 -> D31 DOITE 7/8 | AH29: =W29 -> 56 | AI29: =X29 -> 6
A30: Bin Shihon | B30: Commande 1 | D30: MF54459 | E30: LB145L1P432R1 | F30: L1 | G30: 84 | H30: =+J30/G30 -> 10 | J30: 840 | L30: 840 | M30: =IF(0<J30-K30-L30,J30-K30-L30,0) -> 0 | N30: W04 | P30: 44958 | Q30: 44950 | R30: FN230006 | S30: =E30 -> LB145L1P432R1 | T30: =D30 -> MF54459 | V30: =VLOOKUP(S30,'Price list'!D$15:S$298,15,FALSE) -> 11.8 | W30: =G30 -> 84 | X30: =H30 -> 10 | Y30: =VLOOKUP(A30,AA:AB,2,FALSE) -> BIN SHIHON | Z30: =B30 -> Commande 1 | AC30: =CONCATENATE(Y30,S30,Z30) -> BIN SHIHONLB145L1P432R1Commande 1 | AD30: =S30 -> LB145L1P432R1 | AE30: =CONCATENATE(Y30,AD30) -> BIN SHIHONLB145L1P432R1 | AF30: =VLOOKUP(AC30,'Price list'!AN:AO,2,FALSE) -> #N/A | AG30: =S30 -> LB145L1P432R1 | AH30: =W30 -> 84 | AI30: =X30 -> 10
A31: Bin Shihon | B31: Commande 1 | D31: MF55559 | E31: LB156L2P432R1 | F31: L2 | G31: 76 | H31: =+J31/G31 -> 20 | J31: 1520 | L31: 1520 | M31: =IF(0<J31-K31-L31,J31-K31-L31,0) -> 0 | N31: W04 | P31: 44958 | Q31: 44950 | R31: FN230006 | S31: =E31 -> LB156L2P432R1 | T31: =D31 -> MF55559 | V31: =VLOOKUP(S31,'Price list'!D$15:S$298,15,FALSE) -> 14.3 | W31: =G31 -> 76 | X31: =H31 -> 20 | Y31: =VLOOKUP(A31,AA:AB,2,FALSE) -> BIN SHIHON | Z31: =B31 -> Commande 1 | AC31: =CONCATENATE(Y31,S31,Z31) -> BIN SHIHONLB156L2P432R1Commande 1 | AD31: =S31 -> LB156L2P432R1 | AE31: =CONCATENATE(Y31,AD31) -> BIN SHIHONLB156L2P432R1 | AF31: =VLOOKUP(AC31,'Price list'!AN:AO,2,FALSE) -> #N/A | AG31: =S31 -> LB156L2P432R1 | AH31: =W31 -> 76 | AI31: =X31 -> 20
A32: Bin Shihon | B32: Commande 1 | D32: MF56638 | E32: LB167L3P432R1 | F32: L3 | G32: 64 | H32: =+J32/G32 -> 10 | J32: 640 | L32: 640 | M32: =IF(0<J32-K32-L32,J32-K32-L32,0) -> 0 | N32: W04 | P32: 44958 | Q32: 44950 | R32: FN230006 | S32: =E32 -> LB167L3P432R1 | T32: =D32 -> MF56638 | V32: =VLOOKUP(S32,'Price list'!D$15:S$298,15,FALSE) -> 15.8 | W32: =G32 -> 64 | X32: =H32 -> 10 | Y32: =VLOOKUP(A32,AA:AB,2,FALSE) -> BIN SHIHON | Z32: =B32 -> Commande 1 | AC32: =CONCATENATE(Y32,S32,Z32) -> BIN SHIHONLB167L3P432R1Commande 1 | AD32: =S32 -> LB167L3P432R1 | AE32: =CONCATENATE(Y32,AD32) -> BIN SHIHONLB167L3P432R1 | AF32: =VLOOKUP(AC32,'Price list'!AN:AO,2,FALSE) -> #N/A | AG32: =S32 -> LB167L3P432R1 | AH32: =W32 -> 64 | AI32: =X32 -> 10
... A36: Bin Shihon | B36: Commande 1 | D36: MF60038 | E36: LB190L5P432R1 | F36: L5 | G36: 48 | H36: =+J36/G36 -> 1 | J36: 48 | L36: 48 | M36: =IF(0<J36-K36-L36,J36-K36-L36,0) -> 0 | N36: W04 | P36: 44958 | Q36: 44950 | R36: FN230006 | S36: =E36 -> LB190L5P432R1 | T36: =D36 -> MF60038 | V36: =VLOOKUP(S36,'Price list'!D$15:S$298,15,FALSE) -> 22.4 | W36: =G36 -> 48 | X36: =H36 -> 1 | Y36: =VLOOKUP(A36,AA:AB,2,FALSE) -> BIN SHIHON | Z36: =B36 -> Commande 1 | AC36: =CONCATENATE(Y36,S36,Z36) -> BIN SHIHONLB190L5P432R1Commande 1 | AD36: =S36 -> LB190L5P432R1 | AE36: =CONCATENATE(Y36,AD36) -> BIN SHIHONLB190L5P432R1 | AF36: =VLOOKUP(AC36,'Price list'!AN:AO,2,FALSE) -> #N/A | AG36: =S36 -> LB190L5P432R1 | AH36: =W36 -> 48 | AI36: =X36 -> 1
A37: Bin Shihon | B37: Commande 1 | D37: MF48D26R | E37: D26 GAUCHE 4/5 | F37: D26 | G37: 68 | H37: =+J37/G37 -> 1 | J37: 68 | L37: 68 | M37: =IF(0<J37-K37-L37,J37-K37-L37,0) -> 0 | N37: W05 | O37: 44978 | P37: 44986 | Q37: 44972 | R37: FN230016 | S37: =E37 -> D26 GAUCHE 4/5 | T37: =D37 -> MF48D26R | V37: =VLOOKUP(S37,'Price list'!D$15:S$298,15,FALSE) -> #N/A | W37: =G37 -> 68 | X37: =H37 -> 1 | Y37: =VLOOKUP(A37,AA:AB,2,FALSE) -> BIN SHIHON | Z37: =B37 -> Commande 1 | AC37: =CONCATENATE(Y37,S37,Z37) -> BIN SHIHOND26 GAUCHE 4/5Commande 1 | AD37: =S37 -> D26 GAUCHE 4/5 | AE37: =CONCATENATE(Y37,AD37) -> BIN SHIHOND26 GAUCHE 4/5 | AF37: =VLOOKUP(AC37,'Price list'!AN:AO,2,FALSE) -> #N/A | AG37: =S37 -> D26 GAUCHE 4/5 | AH37: =W37 -> 68 | AI37: =X37 -> 1
A38: Bin Shihon | B38: Commande 1 | D38: MF48D26L | E38: D26 DROITE 4/5 | F38: D26 | G38: 68 | H38: =+J38/G38 -> 2 | J38: 136 | L38: 136 | M38: =IF(0<J38-K38-L38,J38-K38-L38,0) -> 0 | N38: W05 | O38: 44978 | P38: 44986 | Q38: 44972 | R38: FN230016 | S38: =E38 -> D26 DROITE 4/5 | T38: =D38 -> MF48D26L | V38: =VLOOKUP(S38,'Price list'!D$15:S$298,15,FALSE) -> #N/A | W38: =G38 -> 68 | X38: =H38 -> 2 | Y38: =VLOOKUP(A38,AA:AB,2,FALSE) -> BIN SHIHON | Z38: =B38 -> Commande 1 | AC38: =CONCATENATE(Y38,S38,Z38) -> BIN SHIHOND26 DROITE 4/5Commande 1 | AD38: =S38 -> D26 DROITE 4/5 | AE38: =CONCATENATE(Y38,AD38) -> BIN SHIHOND26 DROITE 4/5 | AF38: =VLOOKUP(AC38,'Price list'!AN:AO,2,FALSE) -> #N/A | AG38: =S38 -> D26 DROITE 4/5 | AH38: =W38 -> 68 | AI38: =X38 -> 2
A39: Bin Shihon | B39: Commande 1 | D39: MF55D23R | E39: D23 GAUCHE 5/5 | F39: D23 | G39: 76 | H39: =+J39/G39 -> 3 | J39: 228 | L39: 228 | M39: =IF(0<J39-K39-L39,J39-K39-L39,0) -> 0 | N39: W05 | O39: 44978 | P39: 44986 | Q39: 44972 | R39: FN230016 | S39: =E39 -> D23 GAUCHE 5/5 | T39: =D39 -> MF55D23R | V39: =VLOOKUP(S39,'Price list'!D$15:S$298,15,FALSE) -> #N/A | W39: =G39 -> 76 | X39: =H39 -> 3 | Y39: =VLOOKUP(A39,AA:AB,2,FALSE) -> BIN SHIHON | Z39: =B39 -> Commande 1 | AC39: =CONCATENATE(Y39,S39,Z39) -> BIN SHIHOND23 GAUCHE 5/5Commande 1 | AD39: =S39 -> D23 GAUCHE 5/5 | AE39: =CONCATENATE(Y39,AD39) -> BIN SHIHOND23 GAUCHE 5/5 | AF39: =VLOOKUP(AC39,'Price list'!AN:AO,2,FALSE) -> #N/A | AG39: =S39 -> D23 GAUCHE 5/5 | AH39: =W39 -> 76 | AI39: =X39 -> 3
A40: Bin Shihon | B40: Commande 1 | D40: MF55D23L | E40: D23 DROITE 5/5 | F40: D23 | G40: 76 | H40: =+J40/G40 -> 9 | J40: 684 | L40: 684 | M40: =IF(0<J40-K40-L40,J40-K40-L40,0) -> 0 | N40: W05 | O40: 44978 | P40: 44986 | Q40: 44972 | R40: FN230016 | S40: =E40 -> D23 DROITE 5/5 | T40: =D40 -> MF55D23L | V40: =VLOOKUP(S40,'Price list'!D$15:S$298,15,FALSE) -> #N/A | W40: =G40 -> 76 | X40: =H40 -> 9 | Y40: =VLOOKUP(A40,AA:AB,2,FALSE) -> BIN SHIHON | Z40: =B40 -> Commande 1 | AC40: =CONCATENATE(Y40,S40,Z40) -> BIN SHIHOND23 DROITE 5/5Commande 1 | AD40: =S40 -> D23 DROITE 5/5 | AE40: =CONCATENATE(Y40,AD40) -> BIN SHIHOND23 DROITE 5/5 | AF40: =VLOOKUP(AC40,'Price list'!AN:AO,2,FALSE) -> #N/A | AG40: =S40 -> D23 DROITE 5/5 | AH40: =W40 -> 76 | AI40: =X40 -> 9
A41: Bin Shihon | B41: Commande 1 | D41: MF65D31R | E41: D31 GAUCHE 6/6 | F41: D31 | G41: 56 | H41: =+J41/G41 -> 2 | J41: 112 | L41: 112 | M41: =IF(0<J41-K41-L41,J41-K41-L41,0) -> 0 | N41: W05 | O41: 44978 | P41: 44986 | Q41: 44972 | R41: FN230016 | S41: =E41 -> D31 GAUCHE 6/6 | T41: =D41 -> MF65D31R | V41: =VLOOKUP(S41,'Price list'!D$15:S$298,15,FALSE) -> #N/A | W41: =G41 -> 56 | X41: =H41 -> 2 | Y41: =VLOOKUP(A41,AA:AB,2,FALSE) -> BIN SHIHON | Z41: =B41 -> Commande 1 | AC41: =CONCATENATE(Y41,S41,Z41) -> BIN SHIHOND31 GAUCHE 6/6Commande 1 | AD41: =S41 -> D31 GAUCHE 6/6 | AE41: =CONCATENATE(Y41,AD41) -> BIN SHIHOND31 GAUCHE 6/6 | AF41: =VLOOKUP(AC41,'Price list'!AN:AO,2,FALSE) -> #N/A | AG41: =S41 -> D31 GAUCHE 6/6 | AH41: =W41 -> 56 | AI41: =X41 -> 2
A42: Bin Shihon | B42: Commande 1 | D42: MF80D26R | E42: D26 GAUCHE 6/6 | F42: D26 | G42: 68 | H42: =+J42/G42 -> 1 | J42: 68 | L42: 68 | M42: =IF(0<J42-K42-L42,J42-K42-L42,0) -> 0 | N42: W05 | O42: 44978 | P42: 44986 | Q42: 44972 | R42: FN230016 | S42: =E42 -> D26 GAUCHE 6/6 | T42: =D42 -> MF80D26R | V42: =VLOOKUP(S42,'Price list'!D$15:S$298,15,FALSE) -> #N/A | W42: =G42 -> 68 | X42: =H42 -> 1 | Y42: =VLOOKUP(A42,AA:AB,2,FALSE) -> BIN SHIHON | Z42: =B42 -> Commande 1 | AC42: =CONCATENATE(Y42,S42,Z42) -> BIN SHIHOND26 GAUCHE 6/6Commande 1 | AD42: =S42 -> D26 GAUCHE 6/6 | AE42: =CONCATENATE(Y42,AD42) -> BIN SHIHOND26 GAUCHE 6/6 | AF42: =VLOOKUP(AC42,'Price list'!AN:AO,2,FALSE) -> #N/A | AG42: =S42 -> D26 GAUCHE 6/6 | AH42: =W42 -> 68 | AI42: =X42 -> 1
A43: Bin Shihon | B43: Commande 1 | D43: MF80D26L | E43: D26 DROITE 6/6 | F43: D26 | G43: 68 | H43: =+J43/G43 -> 10 | J43: 680 | L43: 680 | M43: =IF(0<J43-K43-L43,J43-K43-L43,0) -> 0 | N43: W05 | O43: 44978 | P43: 44986 | Q43: 44972 | R43: FN230016 | S43: =E43 -> D26 DROITE 6/6 | T43: =D43 -> MF80D26L | V43: =VLOOKUP(S43,'Price list'!D$15:S$298,15,FALSE) -> #N/A | W43: =G43 -> 68 | X43: =H43 -> 10 | Y43: =VLOOKUP(A43,AA:AB,2,FALSE) -> BIN SHIHON | Z43: =B43 -> Commande 1 | AC43: =CONCATENATE(Y43,S43,Z43) -> BIN SHIHOND26 DROITE 6/6Commande 1 | AD43: =S43 -> D26 DROITE 6/6 | AE43: =CONCATENATE(Y43,AD43) -> BIN SHIHOND26 DROITE 6/6 | AF43: =VLOOKUP(AC43,'Price list'!AN:AO,2,FALSE) -> #N/A | AG43: =S43 -> D26 DROITE 6/6 | AH43: =W43 -> 68 | AI43: =X43 -> 10
A44: Bin Shihon | B44: Commande 1 | D44: MF54459 | E44: LB145L1P432R1 | F44: L1 | G44: 84 | H44: =+J44/G44 -> 5 | J44: 420 | L44: 420 | M44: =IF(0<J44-K44-L44,J44-K44-L44,0) -> 0 | N44: W05 | O44: 44978 | P44: 44986 | Q44: 44972 | R44: FN230016 | S44: =E44 -> LB145L1P432R1 | T44: =D44 -> MF54459 | V44: =VLOOKUP(S44,'Price list'!D$15:S$298,15,FALSE) -> 11.8 | W44: =G44 -> 84 | X44: =H44 -> 5 | Y44: =VLOOKUP(A44,AA:AB,2,FALSE) -> BIN SHIHON | Z44: =B44 -> Commande 1 | AC44: =CONCATENATE(Y44,S44,Z44) -> BIN SHIHONLB145L1P432R1Commande 1 | AD44: =S44 -> LB145L1P432R1 | AE44: =CONCATENATE(Y44,AD44) -> BIN SHIHONLB145L1P432R1 | AF44: =VLOOKUP(AC44,'Price list'!AN:AO,2,FALSE) -> #N/A | AG44: =S44 -> LB145L1P432R1 | AH44: =W44 -> 84 | AI44: =X44 -> 5
A45: Bin Shihon | B45: Commande 1 | D45: MF56219 | E45: LB166L2P432R1 | F45: L2 | G45: 76 | H45: =+J45/G45 -> 1 | J45: 76 | L45: 76 | M45: =IF(0<J45-K45-L45,J45-K45-L45,0) -> 0 | N45: W05 | O45: 44978 | P45: 44986 | Q45: 44972 | R45: FN230016 | S45: =E45 -> LB166L2P432R1 | T45: =D45 -> MF56219 | V45: =VLOOKUP(S45,'Price list'!D$15:S$298,15,FALSE) -> 14.7 | W45: =G45 -> 76 | X45: =H45 -> 1 | Y45: =VLOOKUP(A45,AA:AB,2,FALSE) -> BIN SHIHON | Z45: =B45 -> Commande 1 | AC45: =CONCATENATE(Y45,S45,Z45) -> BIN SHIHONLB166L2P432R1Commande 1 | AD45: =S45 -> LB166L2P432R1 | AE45: =CONCATENATE(Y45,AD45) -> BIN SHIHONLB166L2P432R1 | AF45: =VLOOKUP(AC45,'Price list'!AN:AO,2,FALSE) -> #N/A | AG45: =S45 -> LB166L2P432R1 | AH45: =W45 -> 76 | AI45: =X45 -> 1
A46: Bin Shihon | B46: Commande 1 | D46: MF57220 | E46: LB177L3P432R1 | F46: L3 | G46: 64 | H46: =+J46/G46 -> 10 | J46: 640 | L46: 640 | M46: =IF(0<J46-K46-L46,J46-K46-L46,0) -> 0 | N46: W05 | O46: 44978 | P46: 44986 | Q46: 44972 | R46: FN230016 | S46: =E46 -> LB177L3P432R1 | T46: =D46 -> MF57220 | V46: =VLOOKUP(S46,'Price list'!D$15:S$298,15,FALSE) -> 17.2 | W46: =G46 -> 64 | X46: =H46 -> 10 | Y46: =VLOOKUP(A46,AA:AB,2,FALSE) -> BIN SHIHON | Z46: =B46 -> Commande 1 | AC46: =CONCATENATE(Y46,S46,Z46) -> BIN SHIHONLB177L3P432R1Commande 1 | AD46: =S46 -> LB177L3P432R1 | AE46: =CONCATENATE(Y46,AD46) -> BIN SHIHONLB177L3P432R1 | AF46: =VLOOKUP(AC46,'Price list'!AN:AO,2,FALSE) -> #N/A | AG46: =S46 -> LB177L3P432R1 | AH46: =W46 -> 64 | AI46: =X46 -> 10
A47: Bin Shihon | B47: Commande 1 | C47: M145J7X172L1 | D47: MF48D26R | E47: D26 GAUCHE 4/5 | F47: D26 | G47: 68 | H47: =+J47/G47 -> 13 | J47: 884 | L47: 884 | M47: =IF(0<J47-K47-L47,J47-K47-L47,0) -> 0 | N47: W10 | P47: 45028 | Q47: 45020 | R47: FN230041 | S47: =E47 -> D26 GAUCHE 4/5 | T47: =D47 -> MF48D26R | V47: =VLOOKUP(S47,'Price list'!D$15:S$298,15,FALSE) -> #N/A | W47: =G47 -> 68 | X47: =H47 -> 13 | Y47: =VLOOKUP(A47,AA:AB,2,FALSE) -> BIN SHIHON | Z47: =B47 -> Commande 1 | AC47: =CONCATENATE(Y47,S47,Z47) -> BIN SHIHOND26 GAUCHE 4/5Commande 1 | AD47: =S47 -> D26 GAUCHE 4/5 | AE47: =CONCATENATE(Y47,AD47) -> BIN SHIHOND26 GAUCHE 4/5 | AF47: =VLOOKUP(AC47,'Price list'!AN:AO,2,FALSE) -> #N/A | AG47: =S47 -> D26 GAUCHE 4/5 | AH47: =W47 -> 68 | AI47: =X47 -> 13
A48: Bin Shihon | B48: Commande 1 | C48: M145J7X172R1 | D48: MF48D26L | E48: D26 DROITE 4/5 | F48: D26 | G48: 68 | H48: =+J48/G48 -> 24 | J48: 1632 | L48: 1632 | M48: =IF(0<J48-K48-L48,J48-K48-L48,0) -> 0 | N48: W10 | P48: 45028 | Q48: 45020 | R48: FN230041 | S48: =E48 -> D26 DROITE 4/5 | T48: =D48 -> MF48D26L | V48: =VLOOKUP(S48,'Price list'!D$15:S$298,15,FALSE) -> #N/A | W48: =G48 -> 68 | X48: =H48 -> 24 | Y48: =VLOOKUP(A48,AA:AB,2,FALSE) -> BIN SHIHON | Z48: =B48 -> Commande 1 | AC48: =CONCATENATE(Y48,S48,Z48) -> BIN SHIHOND26 DROITE 4/5Commande 1 | AD48: =S48 -> D26 DROITE 4/5 | AE48: =CONCATENATE(Y48,AD48) -> BIN SHIHOND26 DROITE 4/5 | AF48: =VLOOKUP(AC48,'Price list'!AN:AO,2,FALSE) -> #N/A | AG48: =S48 -> D26 DROITE 4/5 | AH48: =W48 -> 68 | AI48: =X48 -> 24
A49: Bin Shihon | B49: Commande 1 | C49: M166J7X172L1 | D49: MF80D26R | E49: D26 GAUCHE 6/6 | F49: D26 | G49: 68 | H49: =+J49/G49 -> 3 | J49: 204 | L49: 204 | M49: =IF(0<J49-K49-L49,J49-K49-L49,0) -> 0 | N49: W10 | P49: 45028 | Q49: 45020 | R49: FN230041 | S49: =E49 -> D26 GAUCHE 6/6 | T49: =D49 -> MF80D26R | V49: =VLOOKUP(S49,'Price list'!D$15:S$298,15,FALSE) -> #N/A | W49: =G49 -> 68 | X49: =H49 -> 3 | Y49: =VLOOKUP(A49,AA:AB,2,FALSE) -> BIN SHIHON | Z49: =B49 -> Commande 1 | AC49: =CONCATENATE(Y49,S49,Z49) -> BIN SHIHOND26 GAUCHE 6/6Commande 1 | AD49: =S49 -> D26 GAUCHE 6/6 | AE49: =CONCATENATE(Y49,AD49) -> BIN SHIHOND26 GAUCHE 6/6 | AF49: =VLOOKUP(AC49,'Price list'!AN:AO,2,FALSE) -> #N/A | AG49: =S49 -> D26 GAUCHE 6/6 | AH49: =W49 -> 68 | AI49: =X49 -> 3
A50: Bin Shihon | B50: Commande 1 | C50: LB166L2P432R1 | D50: MF56219 | E50: LB166L2P432R1 | F50: L2 | G50: 76 | H50: =+J50/G50 -> 2 | J50: 152 | L50: 152 | M50: =IF(0<J50-K50-L50,J50-K50-L50,0) -> 0 | N50: W10 | P50: 45028 | Q50: 45020 | R50: FN230041 | S50: =E50 -> LB166L2P432R1 | T50: =D50 -> MF56219 | V50: =VLOOKUP(S50,'Price list'!D$15:S$298,15,FALSE) -> 14.7 | W50: =G50 -> 76 | X50: =H50 -> 2 | Y50: =VLOOKUP(A50,AA:AB,2,FALSE) -> BIN SHIHON | Z50: =B50 -> Commande 1 | AC50: =CONCATENATE(Y50,S50,Z50) -> BIN SHIHONLB166L2P432R1Commande 1 | AD50: =S50 -> LB166L2P432R1 | AE50: =CONCATENATE(Y50,AD50) -> BIN SHIHONLB166L2P432R1 | AF50: =VLOOKUP(AC50,'Price list'!AN:AO,2,FALSE) -> #N/A | AG50: =S50 -> LB166L2P432R1 | AH50: =W50 -> 76 | AI50: =X50 -> 2
A51: Bin Shihon | B51: Commande 1 | C51: LB189L5P432R1 | D51: MF58827 | E51: LB189L5P432R1 | F51: L5 | G51: 48 | H51: =+J51/G51 -> 1 | J51: 48 | L51: 48 | M51: =IF(0<J51-K51-L51,J51-K51-L51,0) -> 0 | N51: W10 | P51: 45028 | Q51: 45020 | R51: FN230041 | S51: =E51 -> LB189L5P432R1 | T51: =D51 -> MF58827 | V51: =VLOOKUP(S51,'Price list'!D$15:S$298,15,FALSE) -> 21.3 | W51: =G51 -> 48 | X51: =H51 -> 1 | Y51: =VLOOKUP(A51,AA:AB,2,FALSE) -> BIN SHIHON | Z51: =B51 -> Commande 1 | AC51: =CONCATENATE(Y51,S51,Z51) -> BIN SHIHONLB189L5P432R1Commande 1 | AD51: =S51 -> LB189L5P432R1 | AE51: =CONCATENATE(Y51,AD51) -> BIN SHIHONLB189L5P432R1 | AF51: =VLOOKUP(AC51,'Price list'!AN:AO,2,FALSE) -> #N/A | AG51: =S51 -> LB189L5P432R1 | AH51: =W51 -> 48 | AI51: =X51 -> 1
A52: Bin Shihon | B52: Commande 1 | C52: LB190L5P432R1 | D52: MF60038 | E52: LB190L5P432R1 | F52: L5 | G52: 48 | H52: =+J52/G52 -> 1 | J52: 48 | L52: 48 | M52: =IF(0<J52-K52-L52,J52-K52-L52,0) -> 0 | N52: W10 | P52: 45028 | Q52: 45020 | R52: FN230041 | S52: =E52 -> LB190L5P432R1 | T52: =D52 -> MF60038 | V52: =VLOOKUP(S52,'Price list'!D$15:S$298,15,FALSE) -> 22.4 | W52: =G52 -> 48 | X52: =H52 -> 1 | Y52: =VLOOKUP(A52,AA:AB,2,FALSE) -> BIN SHIHON | Z52: =B52 -> Commande 1 | AC52: =CONCATENATE(Y52,S52,Z52) -> BIN SHIHONLB190L5P432R1Commande 1 | AD52: =S52 -> LB190L5P432R1 | AE52: =CONCATENATE(Y52,AD52) -> BIN SHIHONLB190L5P432R1 | AF52: =VLOOKUP(AC52,'Price list'!AN:AO,2,FALSE) -> #N/A | AG52: =S52 -> LB190L5P432R1 | AH52: =W52 -> 48 | AI52: =X52 -> 1
A53: Libya | B53: Commande 1 | C53: PL1MF | E53: LB44L1P072R1S121 | F53: L1 | J53: 240 | L53: 240 | M53: =IF(0<J53-K53-L53,J53-K53-L53,0) -> 0 | N53: W51 | O53: 44938 | P53: 44938 | Q53: 44935 | R53: FN230001 | S53: =E53 -> LB44L1P072R1S121 | T53: =D53 -> 0 | V53: =VLOOKUP(S53,'Price list'!D$15:S$298,15,FALSE) -> #N/A | W53: =G53 -> 0 | X53: =H53 -> 0 | Y53: =VLOOKUP(A53,AA:AB,2,FALSE) -> Arrafik | Z53: =B53 -> Commande 1 | AC53: =CONCATENATE(Y53,S53,Z53) -> ArrafikLB44L1P072R1S121Commande 1 | AD53: =S53 -> LB44L1P072R1S121 | AE53: =CONCATENATE(Y53,AD53) -> ArrafikLB44L1P072R1S121 | AF53: =VLOOKUP(AC53,'Price list'!AN:AO,2,FALSE) -> #N/A | AG53: =S53 -> LB44L1P072R1S121 | AH53: =W53 -> 0 | AI53: =X53 -> 0
A54: Libya | B54: Commande 1 | C54: PL1 | E54: LB34L1K077R1S122 | F54: L1 | J54: =10*120 -> 1200 | L54: =10*120 -> 1200 | M54: =IF(0<J54-K54-L54,J54-K54-L54,0) -> 0 | N54: W51 | O54: 44938 | P54: 44938 | Q54: 44935 | R54: FN230001 | S54: =E54 -> LB34L1K077R1S122 | T54: =D54 -> 0 | V54: =VLOOKUP(S54,'Price list'!D$15:S$298,15,FALSE) -> #N/A | W54: =G54 -> 0 | X54: =H54 -> 0 | Y54: =VLOOKUP(A54,AA:AB,2,FALSE) -> Arrafik | Z54: =B54 -> Commande 1 | AC54: =CONCATENATE(Y54,S54,Z54) -> ArrafikLB34L1K077R1S122Commande 1 | AD54: =S54 -> LB34L1K077R1S122 | AE54: =CONCATENATE(Y54,AD54) -> ArrafikLB34L1K077R1S122 | AF54: =VLOOKUP(AC54,'Price list'!AN:AO,2,FALSE) -> #N/A | AG54: =S54 -> LB34L1K077R1S122 | AH54: =W54 -> 0 | AI54: =X54 -> 0
A55: Libya | B55: Commande 1 | C55: PL2 G | E55: LB45L2K073L1S122 | F55: L2 | J55: =5*114 -> 570 | L55: 570 | M55: =IF(0<J55-K55-L55,J55-K55-L55,0) -> 0 | N55: W51 | O55: 44938 | P55: 44938 | Q55: 44935 | R55: FN230001 | S55: =E55 -> LB45L2K073L1S122 | T55: =D55 -> 0 | V55: =VLOOKUP(S55,'Price list'!D$15:S$298,15,FALSE) -> #N/A | W55: =G55 -> 0 | X55: =H55 -> 0 | Y55: =VLOOKUP(A55,AA:AB,2,FALSE) -> Arrafik | Z55: =B55 -> Commande 1 | AC55: =CONCATENATE(Y55,S55,Z55) -> ArrafikLB45L2K073L1S122Commande 1 | AD55: =S55 -> LB45L2K073L1S122 | AE55: =CONCATENATE(Y55,AD55) -> ArrafikLB45L2K073L1S122 | AF55: =VLOOKUP(AC55,'Price list'!AN:AO,2,FALSE) -> #N/A | AG55: =S55 -> LB45L2K073L1S122 | AH55: =W55 -> 0 | AI55: =X55 -> 0
A56: Libya | B56: Commande 1 | C56: PL2 | E56: LB45L2K073R1S122 | F56: L2 | J56: =3*114 -> 342 | L56: 342 | M56: =IF(0<J56-K56-L56,J56-K56-L56,0) -> 0 | N56: W51 | O56: 44938 | P56: 44938 | Q56: 44935 | R56: FN230001 | S56: =E56 -> LB45L2K073R1S122 | T56: =D56 -> 0 | V56: =VLOOKUP(S56,'Price list'!D$15:S$298,15,FALSE) -> #N/A | W56: =G56 -> 0 | X56: =H56 -> 0 | Y56: =VLOOKUP(A56,AA:AB,2,FALSE) -> Arrafik | Z56: =B56 -> Commande 1 | AC56: =CONCATENATE(Y56,S56,Z56) -> ArrafikLB45L2K073R1S122Commande 1 | AD56: =S56 -> LB45L2K073R1S122 | AE56: =CONCATENATE(Y56,AD56) -> ArrafikLB45L2K073R1S122 | AF56: =VLOOKUP(AC56,'Price list'!AN:AO,2,FALSE) -> #N/A | AG56: =S56 -> LB45L2K073R1S122 | AH56: =W56 -> 0 | AI56: =X56 -> 0
A57: Libya | B57: Commande 1 | C57: PL3 | E57: LB56L3K073R1S122 | F57: L3 | J57: =10*96 -> 960 | L57: 960 | M57: =IF(0<J57-K57-L57,J57-K57-L57,0) -> 0 | N57: W51 | O57: 44938 | P57: 44938 | Q57: 44935 | R57: FN230001 | S57: =E57 -> LB56L3K073R1S122 | T57: =D57 -> 0 | V57: =VLOOKUP(S57,'Price list'!D$15:S$298,15,FALSE) -> #N/A | W57: =G57 -> 0 | X57: =H57 -> 0 | Y57: =VLOOKUP(A57,AA:AB,2,FALSE) -> Arrafik | Z57: =B57 -> Commande 1 | AC57: =CONCATENATE(Y57,S57,Z57) -> ArrafikLB56L3K073R1S122Commande 1 | AD57: =S57 -> LB56L3K073R1S122 | AE57: =CONCATENATE(Y57,AD57) -> ArrafikLB56L3K073R1S122 | AF57: =VLOOKUP(AC57,'Price list'!AN:AO,2,FALSE) -> #N/A | AG57: =S57 -> LB56L3K073R1S122 | AH57: =W57 -> 0 | AI57: =X57 -> 0
A58: Libya | B58: Commande 1 | C58: D23 | E58: M45J6X072R1S121 | F58: D23 | J58: =4*80 -> 320 | L58: 320 | M58: =IF(0<J58-K58-L58,J58-K58-L58,0) -> 0 | N58: W51 | O58: 44938 | P58: 44938 | Q58: 44935 | R58: FN230001 | S58: =E58 -> M45J6X072R1S121 | T58: =D58 -> 0 | V58: =VLOOKUP(S58,'Price list'!D$15:S$298,15,FALSE) -> #N/A | W58: =G58 -> 0 | X58: =H58 -> 0 | Y58: =VLOOKUP(A58,AA:AB,2,FALSE) -> Arrafik | Z58: =B58 -> Commande 1 | AC58: =CONCATENATE(Y58,S58,Z58) -> ArrafikM45J6X072R1S121Commande 1 | AD58: =S58 -> M45J6X072R1S121 | AE58: =CONCATENATE(Y58,AD58) -> ArrafikM45J6X072R1S121 | AF58: =VLOOKUP(AC58,'Price list'!AN:AO,2,FALSE) -> #N/A | AG58: =S58 -> M45J6X072R1S121 | AH58: =W58 -> 0 | AI58: =X58 -> 0
A59: Libya | B59: Commande 2 | C59: PL1MF | E59: LB44L1P072R1S121 | F59: L1 | G59: 120 | H59: =+J59/G59 -> 2 | J59: 240 | L59: 240 | M59: =IF(0<J59-K59-L59,J59-K59-L59,0) -> 0 | N59: W07 | O59: 44956 | P59: 44956 | Q59: 44949 | R59: FN230005 | S59: =E59 -> LB44L1P072R1S121 | T59: =D59 -> 0 | V59: =VLOOKUP(S59,'Price list'!D$15:S$298,15,FALSE) -> #N/A | W59: =G59 -> 120 | X59: =H59 -> 2 | Y59: =VLOOKUP(A59,AA:AB,2,FALSE) -> Arrafik | Z59: =B59 -> Commande 2 | AC59: =CONCATENATE(Y59,S59,Z59) -> ArrafikLB44L1P072R1S121Commande 2 | AD59: =S59 -> LB44L1P072R1S121 | AE59: =CONCATENATE(Y59,AD59) -> ArrafikLB44L1P072R1S121 | AF59: =VLOOKUP(AC59,'Price list'!AN:AO,2,FALSE) -> #N/A | AG59: =S59 -> LB44L1P072R1S121 | AH59: =W59 -> 120 | AI59: =X59 -> 2
A60: Libya | B60: Commande 2 | C60: PL1 | E60: LB34L1K077R1S122 | F60: L1 | G60: 120 | H60: =+J60/G60 -> 10 | J60: 1200 | L60: 1200 | M60: =IF(0<J60-K60-L60,J60-K60-L60,0) -> 0 | N60: W07 | O60: 44956 | P60: 44956 | Q60: 44949 | R60: FN230005 | S60: =E60 -> LB34L1K077R1S122 | T60: =D60 -> 0 | V60: =VLOOKUP(S60,'Price list'!D$15:S$298,15,FALSE) -> #N/A | W60: =G60 -> 120 | X60: =H60 -> 10 | Y60: =VLOOKUP(A60,AA:AB,2,FALSE) -> Arrafik | Z60: =B60 -> Commande 2 | AC60: =CONCATENATE(Y60,S60,Z60) -> ArrafikLB34L1K077R1S122Commande 2 | AD60: =S60 -> LB34L1K077R1S122 | AE60: =CONCATENATE(Y60,AD60) -> ArrafikLB34L1K077R1S122 | AF60: =VLOOKUP(AC60,'Price list'!AN:AO,2,FALSE) -> #N/A | AG60: =S60 -> LB34L1K077R1S122 | AH60: =W60 -> 120 | AI60: =X60 -> 10
A61: Libya | B61: Commande 2 | C61: PL2 G | E61: LB45L2K073L1S122 | F61: L2 | G61: 114 | H61: =+J61/G61 -> 5 | J61: 570 | L61: 570 | M61: =IF(0<J61-K61-L61,J61-K61-L61,0) -> 0 | N61: W07 | O61: 44956 | P61: 44956 | Q61: 44949 | R61: FN230005 | S61: =E61 -> LB45L2K073L1S122 | T61: =D61 -> 0 | V61: =VLOOKUP(S61,'Price list'!D$15:S$298,15,FALSE) -> #N/A | W61: =G61 -> 114 | X61: =H61 -> 5 | Y61: =VLOOKUP(A61,AA:AB,2,FALSE) -> Arrafik | Z61: =B61 -> Commande 2 | AC61: =CONCATENATE(Y61,S61,Z61) -> ArrafikLB45L2K073L1S122Commande 2 | AD61: =S61 -> LB45L2K073L1S122 | AE61: =CONCATENATE(Y61,AD61) -> ArrafikLB45L2K073L1S122 | AF61: =VLOOKUP(AC61,'Price list'!AN:AO,2,FALSE) -> #N/A | AG61: =S61 -> LB45L2K073L1S122 | AH61: =W61 -> 114 | AI61: =X61 -> 5
A62: Libya | B62: Commande 2 | C62: PL2 | E62: LB45L2K073R1S122 | F62: L2 | G62: 114 | H62: =+J62/G62 -> 3 | J62: 342 | L62: 342 | M62: =IF(0<J62-K62-L62,J62-K62-L62,0) -> 0 | N62: W07 | O62: 44956 | P62: 44956 | Q62: 44949 | R62: FN230005 | S62: =E62 -> LB45L2K073R1S122 | T62: =D62 -> 0 | V62: =VLOOKUP(S62,'Price list'!D$15:S$298,15,FALSE) -> #N/A | W62: =G62 -> 114 | X62: =H62 -> 3 | Y62: =VLOOKUP(A62,AA:AB,2,FALSE) -> Arrafik | Z62: =B62 -> Commande 2 | AC62: =CONCATENATE(Y62,S62,Z62) -> ArrafikLB45L2K073R1S122Commande 2 | AD62: =S62 -> LB45L2K073R1S122 | AE62: =CONCATENATE(Y62,AD62) -> ArrafikLB45L2K073R1S122 | AF62: =VLOOKUP(AC62,'Price list'!AN:AO,2,FALSE) -> #N/A | AG62: =S62 -> LB45L2K073R1S122 | AH62: =W62 -> 114 | AI62: =X62 -> 3
A63: Libya | B63: Commande 2 | C63: PL3 | E63: LB56L3K073R1S122 | F63: L3 | G63: 96 | H63: =+J63/G63 -> 10 | J63: 960 | L63: 960 | M63: =IF(0<J63-K63-L63,J63-K63-L63,0) -> 0 | N63: W07 | O63: 44956 | P63: 44956 | Q63: 44949 | R63: FN230005 | S63: =E63 -> LB56L3K073R1S122 | T63: =D63 -> 0 | V63: =VLOOKUP(S63,'Price list'!D$15:S$298,15,FALSE) -> #N/A | W63: =G63 -> 96 | X63: =H63 -> 10 | Y63: =VLOOKUP(A63,AA:AB,2,FALSE) -> Arrafik | Z63: =B63 -> Commande 2 | AC63: =CONCATENATE(Y63,S63,Z63) -> ArrafikLB56L3K073R1S122Commande 2 | AD63: =S63 -> LB56L3K073R1S122 | AE63: =CONCATENATE(Y63,AD63) -> ArrafikLB56L3K073R1S122 | AF63: =VLOOKUP(AC63,'Price list'!AN:AO,2,FALSE) -> #N/A | AG63: =S63 -> LB56L3K073R1S122 | AH63: =W63 -> 96 | AI63: =X63 -> 10
A64: Libya | B64: Commande 2 | C64: D23 | E64: M45J6X072R1S121 | F64: D23 | G64: 80 | H64: =+J64/G64 -> 4 | J64: 320 | L64: 320 | M64: =IF(0<J64-K64-L64,J64-K64-L64,0) -> 0 | N64: W07 | O64: 44956 | P64: 44956 | Q64: 44949 | R64: FN230005 | S64: =E64 -> M45J6X072R1S121 | T64: =D64 -> 0 | V64: =VLOOKUP(S64,'Price list'!D$15:S$298,15,FALSE) -> #N/A | W64: =G64 -> 80 | X64: =H64 -> 4 | Y64: =VLOOKUP(A64,AA:AB,2,FALSE) -> Arrafik | Z64: =B64 -> Commande 2 | AC64: =CONCATENATE(Y64,S64,Z64) -> ArrafikM45J6X072R1S121Commande 2 | AD64: =S64 -> M45J6X072R1S121 | AE64: =CONCATENATE(Y64,AD64) -> ArrafikM45J6X072R1S121 | AF64: =VLOOKUP(AC64,'Price list'!AN:AO,2,FALSE) -> #N/A | AG64: =S64 -> M45J6X072R1S121 | AH64: =W64 -> 80 | AI64: =X64 -> 4
A65: LITTORAL BATTERIES | B65: Commande 1 | C65: SMART | D65: SMF 57412 | E65: LB77L3W172R1Z55 | F65: L3 | G65: 57 | H65: =+J65/G65 -> 9 | J65: 513 | L65: 513 | M65: =IF(0<J65-K65-L65,J65-K65-L65,0) -> 0 | N65: W07 | O65: 44964 | P65: 44968 | Q65: 44963 | R65: FN230011 | S65: =E65 -> LB77L3W172R1Z55 | T65: =D65 -> SMF 57412 | V65: =VLOOKUP(S65,'Price list'!D$15:S$298,15,FALSE) -> 17.454 | W65: =G65 -> 57 | X65: =H65 -> 9 | Y65: =VLOOKUP(A65,AA:AB,2,FALSE) -> Littoral Batteries | Z65: =B65 -> Commande 1 | AC65: =CONCATENATE(Y65,S65,Z65) -> Littoral BatteriesLB77L3W172R1Z55Commande 1 | AD65: =S65 -> LB77L3W172R1Z55 | AE65: =CONCATENATE(Y65,AD65) -> Littoral BatteriesLB77L3W172R1Z55 | AF65: =VLOOKUP(AC65,'Price list'!AN:AO,2,FALSE) -> #N/A | AG65: =S65 -> LB77L3W172R1Z55 | AH65: =W65 -> 57 | AI65: =X65 -> 9
A66: LITTORAL BATTERIES | B66: Commande 1 | C66: SMART | D66: SMF 60044 | E66: LB90L5W172R1Z55 | F66: L5 | G66: 36 | H66: =+J66/G66 -> 9 | J66: 324 | L66: 324 | M66: =IF(0<J66-K66-L66,J66-K66-L66,0) -> 0 | N66: W07 | O66: 44964 | P66: 44968 | Q66: 44963 | R66: FN230011 | S66: =E66 -> LB90L5W172R1Z55 | T66: =D66 -> SMF 60044 | V66: =VLOOKUP(S66,'Price list'!D$15:S$298,15,FALSE) -> 22.8 | W66: =G66 -> 36 | X66: =H66 -> 9 | Y66: =VLOOKUP(A66,AA:AB,2,FALSE) -> Littoral Batteries | Z66: =B66 -> Commande 1 | AC66: =CONCATENATE(Y66,S66,Z66) -> Littoral BatteriesLB90L5W172R1Z55Commande 1 | AD66: =S66 -> LB90L5W172R1Z55 | AE66: =CONCATENATE(Y66,AD66) -> Littoral BatteriesLB90L5W172R1Z55 | AF66: =VLOOKUP(AC66,'Price list'!AN:AO,2,FALSE) -> #N/A | AG66: =S66 -> LB90L5W172R1Z55 | AH66: =W66 -> 36 | AI66: =X66 -> 9
A67: LITTORAL BATTERIES | B67: Commande 1 | C67: SMART | D67: SMF 56277 | E67: LB66B2W172R1Z55 | F67: L2B | G67: 63 | H67: =+J67/G67 -> 3 | J67: 189 | L67: 189 | M67: =IF(0<J67-K67-L67,J67-K67-L67,0) -> 0 | N67: W07 | O67: 44964 | P67: 44968 | Q67: 44963 | R67: FN230011 | S67: =E67 -> LB66B2W172R1Z55 | T67: =D67 -> SMF 56277 | V67: =VLOOKUP(S67,'Price list'!D$15:S$298,15,FALSE) -> 14.1 | W67: =G67 -> 63 | X67: =H67 -> 3 | Y67: =VLOOKUP(A67,AA:AB,2,FALSE) -> Littoral Batteries | Z67: =B67 -> Commande 1 | AC67: =CONCATENATE(Y67,S67,Z67) -> Littoral BatteriesLB66B2W172R1Z55Commande 1 | AD67: =S67 -> LB66B2W172R1Z55 | AE67: =CONCATENATE(Y67,AD67) -> Littoral BatteriesLB66B2W172R1Z55 | AF67: =VLOOKUP(AC67,'Price list'!AN:AO,2,FALSE) -> #N/A | AG67: =S67 -> LB66B2W172R1Z55 | AH67: =W67 -> 63 | AI67: =X67 -> 3
A68: LITTORAL BATTERIES | B68: Commande 1 | C68: SMART | D68: SMF 57414 | E68: LB77B3W172R1Z55 | F68: L3B | G68: 57 | H68: =+J68/G68 -> 3 | J68: 171 | L68: 171 | M68: =IF(0<J68-K68-L68,J68-K68-L68,0) -> 0 | N68: W07 | O68: 44964 | P68: 44968 | Q68: 44963 | R68: FN230011 | S68: =E68 -> LB77B3W172R1Z55 | T68: =D68 -> SMF 57414 | V68: =VLOOKUP(S68,'Price list'!D$15:S$298,15,FALSE) -> 17 | W68: =G68 -> 57 | X68: =H68 -> 3 | Y68: =VLOOKUP(A68,AA:AB,2,FALSE) -> Littoral Batteries | Z68: =B68 -> Commande 1 | AC68: =CONCATENATE(Y68,S68,Z68) -> Littoral BatteriesLB77B3W172R1Z55Commande 1 | AD68: =S68 -> LB77B3W172R1Z55 | AE68: =CONCATENATE(Y68,AD68) -> Littoral BatteriesLB77B3W172R1Z55 | AF68: =VLOOKUP(AC68,'Price list'!AN:AO,2,FALSE) -> #N/A | AG68: =S68 -> LB77B3W172R1Z55 | AH68: =W68 -> 57 | AI68: =X68 -> 3
A69: LITTORAL BATTERIES | B69: Commande 2 | C69: SMART | D69: SMF 56219 | E69: LB66L2W172R1Z55 | F69: L2 | G69: 63 | H69: =+J69/G69 -> 6 | J69: 378 | L69: 378 | M69: =IF(0<J69-K69-L69,J69-K69-L69,0) -> 0 | N69: W08 | O69: 44975 | P69: 44978 | Q69: 44972 | R69: FN230012 | S69: =E69 -> LB66L2W172R1Z55 | T69: =D69 -> SMF 56219 | V69: =VLOOKUP(S69,'Price list'!D$15:S$298,15,FALSE) -> 14.552 | W69: =G69 -> 63 | X69: =H69 -> 6 | Y69: =VLOOKUP(A69,AA:AB,2,FALSE) -> Littoral Batteries | Z69: =B69 -> Commande 2 | AC69: =CONCATENATE(Y69,S69,Z69) -> Littoral BatteriesLB66L2W172R1Z55Commande 2 | AD69: =S69 -> LB66L2W172R1Z55 | AE69: =CONCATENATE(Y69,AD69) -> Littoral BatteriesLB66L2W172R1Z55 | AF69: =VLOOKUP(AC69,'Price list'!AN:AO,2,FALSE) -> #N/A | AG69: =S69 -> LB66L2W172R1Z55 | AH69: =W69 -> 63 | AI69: =X69 -> 6
A70: LITTORAL BATTERIES | B70: Commande 2 | C70: PREMIUM | D70: SMF 56077 | E70: LB56B2W172R1Z44 | F70: L2B | G70: 63 | H70: =+J70/G70 -> 13 | J70: 819 | L70: 819 | M70: =IF(0<J70-K70-L70,J70-K70-L70,0) -> 0 | N70: W08 | O70: 44975 | P70: 44978 | Q70: 44972 | R70: FN230012 | S70: =E70 -> LB56B2W172R1Z44 | T70: =D70 -> SMF 56077 | V70: =VLOOKUP(S70,'Price list'!D$15:S$298,15,FALSE) -> 13.9 | W70: =G70 -> 63 | X70: =H70 -> 13 | Y70: =VLOOKUP(A70,AA:AB,2,FALSE) -> Littoral Batteries | Z70: =B70 -> Commande 2 | AC70: =CONCATENATE(Y70,S70,Z70) -> Littoral BatteriesLB56B2W172R1Z44Commande 2 | AD70: =S70 -> LB56B2W172R1Z44 | AE70: =CONCATENATE(Y70,AD70) -> Littoral BatteriesLB56B2W172R1Z44 | AF70: =VLOOKUP(AC70,'Price list'!AN:AO,2,FALSE) -> #N/A | AG70: =S70 -> LB56B2W172R1Z44 | AH70: =W70 -> 63 | AI70: =X70 -> 13
A71: LITTORAL BATTERIES | B71: Commande 2 | C71: PREMIUM | D71: SMF 57220 | E71: LB67L3W172R1Z44 | F71: L3 | G71: 57 | H71: =+J71/G71 -> 5 | J71: 285 | L71: 285 | M71: =IF(0<J71-K71-L71,J71-K71-L71,0) -> 0 | N71: W08 | O71: 44975 | P71: 44978 | Q71: 44972 | R71: FN230012 | S71: =E71 -> LB67L3W172R1Z44 | T71: =D71 -> SMF 57220 | V71: =VLOOKUP(S71,'Price list'!D$15:S$298,15,FALSE) -> 16.8 | W71: =G71 -> 57 | X71: =H71 -> 5 | Y71: =VLOOKUP(A71,AA:AB,2,FALSE) -> Littoral Batteries | Z71: =B71 -> Commande 2 | AC71: =CONCATENATE(Y71,S71,Z71) -> Littoral BatteriesLB67L3W172R1Z44Commande 2 | AD71: =S71 -> LB67L3W172R1Z44 | AE71: =CONCATENATE(Y71,AD71) -> Littoral BatteriesLB67L3W172R1Z44 | AF71: =VLOOKUP(AC71,'Price list'!AN:AO,2,FALSE) -> #N/A | AG71: =S71 -> LB67L3W172R1Z44 | AH71: =W71 -> 57 | AI71: =X71 -> 5
A72: LITTORAL BATTERIES | B72: Commande 3 | C72: Premium | D72: SMF 56078 | E72: LB56L2W172R1Z44 | F72: L2 | G72: 63 | H72: =+J72/G72 -> 5 | J72: 315 | L72: 315 | M72: =IF(0<J72-K72-L72,J72-K72-L72,0) -> 0 | N72: W07 | O72: 44975 | P72: 44978 | Q72: 44972 | R72: FN230013 | S72: =E72 -> LB56L2W172R1Z44 | T72: =D72 -> SMF 56078 | V72: =VLOOKUP(S72,'Price list'!D$15:S$298,15,FALSE) -> 13.9 | W72: =G72 -> 63 | X72: =H72 -> 5 | Y72: =VLOOKUP(A72,AA:AB,2,FALSE) -> Littoral Batteries | Z72: =B72 -> Commande 3 | AC72: =CONCATENATE(Y72,S72,Z72) -> Littoral BatteriesLB56L2W172R1Z44Commande 3 | AD72: =S72 -> LB56L2W172R1Z44 | AE72: =CONCATENATE(Y72,AD72) -> Littoral BatteriesLB56L2W172R1Z44 | AF72: =VLOOKUP(AC72,'Price list'!AN:AO,2,FALSE) -> #N/A | AG72: =S72 -> LB56L2W172R1Z44 | AH72: =W72 -> 63 | AI72: =X72 -> 5
A73: LITTORAL BATTERIES | B73: Commande 3 | C73: Power | D73: MF 54459 | E73: LB44L1K072R1S12 | F73: L1 | G73: 72 | H73: =+J73/G73 -> 3 | J73: 216 | L73: 216 | M73: =IF(0<J73-K73-L73,J73-K73-L73,0) -> 0 | N73: W07 | O73: 44975 | P73: 44978 | Q73: 44972 | R73: FN230013 | S73: =E73 -> LB44L1K072R1S12 | T73: =D73 -> MF 54459 | V73: =VLOOKUP(S73,'Price list'!D$15:S$298,15,FALSE) -> 10.9 | W73: =G73 -> 72 | X73: =H73 -> 3 | Y73: =VLOOKUP(A73,AA:AB,2,FALSE) -> Littoral Batteries | Z73: =B73 -> Commande 3 | AC73: =CONCATENATE(Y73,S73,Z73) -> Littoral BatteriesLB44L1K072R1S12Commande 3 | AD73: =S73 -> LB44L1K072R1S12 | AE73: =CONCATENATE(Y73,AD73) -> Littoral BatteriesLB44L1K072R1S12 | AF73: =VLOOKUP(AC73,'Price list'!AN:AO,2,FALSE) -> #N/A | AG73: =S73 -> LB44L1K072R1S12 | AH73: =W73 -> 72 | AI73: =X73 -> 3
A74: LITTORAL BATTERIES | B74: Commande 3 | C74: Power | D74: MF 54512 | E74: LB44B1K072R1S12 | F74: L1B | G74: 72 | H74: =+J74/G74 -> 2 | J74: 144 | L74: 144 | M74: =IF(0<J74-K74-L74,J74-K74-L74,0) -> 0 | N74: W07 | O74: 44975 | P74: 44978 | Q74: 44972 | R74: FN230013 | S74: =E74 -> LB44B1K072R1S12 | T74: =D74 -> MF 54512 | V74: =VLOOKUP(S74,'Price list'!D$15:S$298,15,FALSE) -> 10.7 | W74: =G74 -> 72 | X74: =H74 -> 2 | Y74: =VLOOKUP(A74,AA:AB,2,FALSE) -> Littoral Batteries | Z74: =B74 -> Commande 3 | AC74: =CONCATENATE(Y74,S74,Z74) -> Littoral BatteriesLB44B1K072R1S12Commande 3 | AD74: =S74 -> LB44B1K072R1S12 | AE74: =CONCATENATE(Y74,AD74) -> Littoral BatteriesLB44B1K072R1S12 | AF74: =VLOOKUP(AC74,'Price list'!AN:AO,2,FALSE) -> #N/A | AG74: =S74 -> LB44B1K072R1S12 | AH74: =W74 -> 72 | AI74: =X74 -> 2
A75: LITTORAL BATTERIES | B75: Commande 3 | C75: Premium | D75: SMF 57014 | E75: LB67B3W172R1Z44 | F75: L3B | G75: 57 | H75: =+J75/G75 -> 7 | J75: 399 | L75: 399 | M75: =IF(0<J75-K75-L75,J75-K75-L75,0) -> 0 | N75: W07 | O75: 44975 | P75: 44978 | Q75: 44972 | R75: FN230013 | S75: =E75 -> LB67B3W172R1Z44 | T75: =D75 -> SMF 57014 | V75: =VLOOKUP(S75,'Price list'!D$15:S$298,15,FALSE) -> 16.8 | W75: =G75 -> 57 | X75: =H75 -> 7 | Y75: =VLOOKUP(A75,AA:AB,2,FALSE) -> Littoral Batteries | Z75: =B75 -> Commande 3 | AC75: =CONCATENATE(Y75,S75,Z75) -> Littoral BatteriesLB67B3W172R1Z44Commande 3 | AD75: =S75 -> LB67B3W172R1Z44 | AE75: =CONCATENATE(Y75,AD75) -> Littoral BatteriesLB67B3W172R1Z44 | AF75: =VLOOKUP(AC75,'Price list'!AN:AO,2,FALSE) -> #N/A | AG75: =S75 -> LB67B3W172R1Z44 | AH75: =W75 -> 57 | AI75: =X75 -> 7
A76: LITTORAL BATTERIES | B76: Commande 3 | C76: Premium | D76: SMF 57220 | E76: LB67L3W172R1Z44 | F76: L3 | G76: 57 | H76: =+J76/G76 -> 6 | J76: 342 | L76: 342 | M76: =IF(0<J76-K76-L76,J76-K76-L76,0) -> 0 | N76: W07 | O76: 44975 | P76: 44978 | Q76: 44972 | R76: FN230013 | S76: =E76 -> LB67L3W172R1Z44 | T76: =D76 -> SMF 57220 | V76: =VLOOKUP(S76,'Price list'!D$15:S$298,15,FALSE) -> 16.8 | W76: =G76 -> 57 | X76: =H76 -> 6 | Y76: =VLOOKUP(A76,AA:AB,2,FALSE) -> Littoral Batteries | Z76: =B76 -> Commande 3 | AC76: =CONCATENATE(Y76,S76,Z76) -> Littoral BatteriesLB67L3W172R1Z44Commande 3 | AD76: =S76 -> LB67L3W172R1Z44 | AE76: =CONCATENATE(Y76,AD76) -> Littoral BatteriesLB67L3W172R1Z44 | AF76: =VLOOKUP(AC76,'Price list'!AN:AO,2,FALSE) -> #N/A | AG76: =S76 -> LB67L3W172R1Z44 | AH76: =W76 -> 57 | AI76: =X76 -> 6
... A102: LITTORAL BATTERIES | B102: Commande 5 | C102: SMART | D102: SMF 60044 | E102: LB90L5W172R1Z55 | F102: L5 | G102: 36 | H102: =+J102/G102 -> 7 | J102: 252 | L102: 252 | M102: =IF(0<J102-K102-L102,J102-K102-L102,0) -> 0 | N102: W09 | O102: 44992 | P102: 45000 | Q102: 44987 | R102: FN230026 | S102: =E102 -> LB90L5W172R1Z55 | T102: =D102 -> SMF 60044 | V102: =VLOOKUP(S102,'Price list'!D$15:S$298,15,FALSE) -> 22.8 | W102: =G102 -> 36 | X102: =H102 -> 7 | Y102: =VLOOKUP(A102,AA:AB,2,FALSE) -> Littoral Batteries | Z102: =B102 -> Commande 5 | AC102: =CONCATENATE(Y102,S102,Z102) -> Littoral BatteriesLB90L5W172R1Z55Commande 5 | AD102: =S102 -> LB90L5W172R1Z55 | AE102: =CONCATENATE(Y102,AD102) -> Littoral BatteriesLB90L5W172R1Z55 | AF102: =VLOOKUP(AC102,'Price list'!AN:AO,2,FALSE) -> #N/A | AG102: =S102 -> LB90L5W172R1Z55 | AH102: =W102 -> 36 | AI102: =X102 -> 7
A103: Libya | B103: Commande 3 | C103: PL1MF | E103: LB44L1P072R1S121 | F103: L1 | G103: 120 | H103: 2 | J103: =+H103*G103 -> 240 | L103: 240 | M103: =IF(0<J103-K103-L103,J103-K103-L103,0) -> 0 | N103: W08 | O103: 44977 | P103: 45006 | Q103: 45002 | R103: FN230033 | S103: =E103 -> LB44L1P072R1S121 | T103: =D103 -> 0 | V103: =VLOOKUP(S103,'Price list'!D$15:S$298,15,FALSE) -> #N/A | W103: =G103 -> 120 | X103: =H103 -> 2 | Y103: =VLOOKUP(A103,AA:AB,2,FALSE) -> Arrafik | Z103: =B103 -> Commande 3 | AC103: =CONCATENATE(Y103,S103,Z103) -> ArrafikLB44L1P072R1S121Commande 3 | AD103: =S103 -> LB44L1P072R1S121 | AE103: =CONCATENATE(Y103,AD103) -> ArrafikLB44L1P072R1S121 | AF103: =VLOOKUP(AC103,'Price list'!AN:AO,2,FALSE) -> #N/A | AG103: =S103 -> LB44L1P072R1S121 | AH103: =W103 -> 120 | AI103: =X103 -> 2
A104: Libya | B104: Commande 3 | C104: PL2 | E104: LB45L2K073R1S122 | F104: L2 | G104: 114 | H104: 23 | J104: =+H104*G104 -> 2622 | L104: 2622 | M104: =IF(0<J104-K104-L104,J104-K104-L104,0) -> 0 | N104: W08 | O104: 44977 | P104: 45006 | Q104: 45002 | R104: FN230033 | S104: =E104 -> LB45L2K073R1S122 | T104: =D104 -> 0 | V104: =VLOOKUP(S104,'Price list'!D$15:S$298,15,FALSE) -> #N/A | W104: =G104 -> 114 | X104: =H104 -> 23 | Y104: =VLOOKUP(A104,AA:AB,2,FALSE) -> Arrafik | Z104: =B104 -> Commande 3 | AC104: =CONCATENATE(Y104,S104,Z104) -> ArrafikLB45L2K073R1S122Commande 3 | AD104: =S104 -> LB45L2K073R1S122 | AE104: =CONCATENATE(Y104,AD104) -> ArrafikLB45L2K073R1S122 | AF104: =VLOOKUP(AC104,'Price list'!AN:AO,2,FALSE) -> #N/A | AG104: =S104 -> LB45L2K073R1S122 | AH104: =W104 -> 114 | AI104: =X104 -> 23
A105: Libya | B105: Commande 3 | C105: PL3MF | E105: LB66L3P072R1S121 | F105: L3 | G105: 96 | H105: 1 | J105: =+H105*G105 -> 96 | L105: 96 | M105: =IF(0<J105-K105-L105,J105-K105-L105,0) -> 0 | N105: W08 | O105: 44977 | P105: 45006 | Q105: 45002 | R105: FN230033 | S105: =E105 -> LB66L3P072R1S121 | T105: =D105 -> 0 | V105: =VLOOKUP(S105,'Price list'!D$15:S$298,15,FALSE) -> #N/A | W105: =G105 -> 96 | X105: =H105 -> 1 | Y105: =VLOOKUP(A105,AA:AB,2,FALSE) -> Arrafik | Z105: =B105 -> Commande 3 | AC105: =CONCATENATE(Y105,S105,Z105) -> ArrafikLB66L3P072R1S121Commande 3 | AD105: =S105 -> LB66L3P072R1S121 | AE105: =CONCATENATE(Y105,AD105) -> ArrafikLB66L3P072R1S121 | AF105: =VLOOKUP(AC105,'Price list'!AN:AO,2,FALSE) -> #N/A | AG105: =S105 -> LB66L3P072R1S121 | AH105: =W105 -> 96 | AI105: =X105 -> 1
A106: Libya | B106: Commande 3 | C106: D23 | E106: M45J6X072R1S121 | F106: D23 | G106: 80 | H106: 2 | J106: =+H106*G106 -> 160 | L106: 160 | M106: =IF(0<J106-K106-L106,J106-K106-L106,0) -> 0 | N106: W08 | O106: 44977 | P106: 45006 | Q106: 45002 | R106: FN230033 | S106: =E106 -> M45J6X072R1S121 | T106: =D106 -> 0 | V106: =VLOOKUP(S106,'Price list'!D$15:S$298,15,FALSE) -> #N/A | W106: =G106 -> 80 | X106: =H106 -> 2 | Y106: =VLOOKUP(A106,AA:AB,2,FALSE) -> Arrafik | Z106: =B106 -> Commande 3 | AC106: =CONCATENATE(Y106,S106,Z106) -> ArrafikM45J6X072R1S121Commande 3 | AD106: =S106 -> M45J6X072R1S121 | AE106: =CONCATENATE(Y106,AD106) -> ArrafikM45J6X072R1S121 | AF106: =VLOOKUP(AC106,'Price list'!AN:AO,2,FALSE) -> #N/A | AG106: =S106 -> M45J6X072R1S121 | AH106: =W106 -> 80 | AI106: =X106 -> 2
A107: Libya | B107: Commande 3 | C107: M11D | F107: M11 | G107: 72 | H107: 3 | J107: =+H107*G107 -> 216 | L107: 216 | M107: =IF(0<J107-K107-L107,J107-K107-L107,0) -> 0 | N107: W08 | O107: 44977 | P107: 45006 | Q107: 45002 | R107: FN230033 | S107: =E107 -> 0 | T107: =D107 -> 0 | V107: =VLOOKUP(S107,'Price list'!D$15:S$298,15,FALSE) -> #N/A | W107: =G107 -> 72 | X107: =H107 -> 3 | Y107: =VLOOKUP(A107,AA:AB,2,FALSE) -> Arrafik | Z107: =B107 -> Commande 3 | AC107: =CONCATENATE(Y107,S107,Z107) -> Arrafik0Commande 3 | AD107: =S107 -> 0 | AE107: =CONCATENATE(Y107,AD107) -> Arrafik0 | AF107: =VLOOKUP(AC107,'Price list'!AN:AO,2,FALSE) -> #N/A | AG107: =S107 -> 0 | AH107: =W107 -> 72 | AI107: =X107 -> 3
A108: Libya | B108: Commande 3 | C108: M15 | E108: MSP99BF003L1S122 | F108: M15 | G108: 35 | H108: 3 | J108: =+H108*G108 -> 105 | L108: 105 | M108: =IF(0<J108-K108-L108,J108-K108-L108,0) -> 0 | N108: W08 | O108: 44977 | P108: 45006 | Q108: 45002 | R108: FN230033 | S108: =E108 -> MSP99BF003L1S122 | T108: =D108 -> 0 | V108: =VLOOKUP(S108,'Price list'!D$15:S$298,15,FALSE) -> #N/A | W108: =G108 -> 35 | X108: =H108 -> 3 | Y108: =VLOOKUP(A108,AA:AB,2,FALSE) -> Arrafik | Z108: =B108 -> Commande 3 | AC108: =CONCATENATE(Y108,S108,Z108) -> ArrafikMSP99BF003L1S122Commande 3 | AD108: =S108 -> MSP99BF003L1S122 | AE108: =CONCATENATE(Y108,AD108) -> ArrafikMSP99BF003L1S122 | AF108: =VLOOKUP(AC108,'Price list'!AN:AO,2,FALSE) -> #N/A | AG108: =S108 -> MSP99BF003L1S122 | AH108: =W108 -> 35 | AI108: =X108 -> 3
A109: Libya | B109: Commande 4 | C109: PL1MF | E109: LB44L1P072R1S121 | F109: L1 | G109: 120 | H109: =+J109/G109 -> 2 | J109: 240 | L109: 240 | M109: =IF(0<J109-K109-L109,J109-K109-L109,0) -> 0 | N109: W09 | O109: 44985 | P109: 45018 | Q109: 45013 | R109: FN230036 | S109: =E109 -> LB44L1P072R1S121 | T109: =D109 -> 0 | V109: =VLOOKUP(S109,'Price list'!D$15:S$298,15,FALSE) -> #N/A | W109: =G109 -> 120 | X109: =H109 -> 2 | Y109: =VLOOKUP(A109,AA:AB,2,FALSE) -> Arrafik | Z109: =B109 -> Commande 4 | AC109: =CONCATENATE(Y109,S109,Z109) -> ArrafikLB44L1P072R1S121Commande 4 | AD109: =S109 -> LB44L1P072R1S121 | AE109: =CONCATENATE(Y109,AD109) -> ArrafikLB44L1P072R1S121 | AF109: =VLOOKUP(AC109,'Price list'!AN:AO,2,FALSE) -> #N/A | AG109: =S109 -> LB44L1P072R1S121 | AH109: =W109 -> 120 | AI109: =X109 -> 2
A110: Libya | B110: Commande 4 | C110: PL2 | E110: LB45L2K073R1S122 | F110: L2 | G110: 114 | H110: =+J110/G110 -> 14 | J110: 1596 | L110: 1596 | M110: =IF(0<J110-K110-L110,J110-K110-L110,0) -> 0 | N110: W09 | O110: 44985 | P110: 45018 | Q110: 45013 | R110: FN230036 | S110: =E110 -> LB45L2K073R1S122 | T110: =D110 -> 0 | V110: =VLOOKUP(S110,'Price list'!D$15:S$298,15,FALSE) -> #N/A | W110: =G110 -> 114 | X110: =H110 -> 14 | Y110: =VLOOKUP(A110,AA:AB,2,FALSE) -> Arrafik | Z110: =B110 -> Commande 4 | AC110: =CONCATENATE(Y110,S110,Z110) -> ArrafikLB45L2K073R1S122Commande 4 | AD110: =S110 -> LB45L2K073R1S122 | AE110: =CONCATENATE(Y110,AD110) -> ArrafikLB45L2K073R1S122 | AF110: =VLOOKUP(AC110,'Price list'!AN:AO,2,FALSE) -> #N/A | AG110: =S110 -> LB45L2K073R1S122 | AH110: =W110 -> 114 | AI110: =X110 -> 14
A111: Libya | B111: Commande 4 | C111: PL1 | E111: LB34L1K077R1S122 | F111: L1 | G111: 120 | H111: =+J111/G111 -> 13 | J111: 1560 | L111: 1560 | M111: =IF(0<J111-K111-L111,J111-K111-L111,0) -> 0 | N111: W09 | O111: 44985 | P111: 45018 | Q111: 45013 | R111: FN230036 | S111: =E111 -> LB34L1K077R1S122 | T111: =D111 -> 0 | V111: =VLOOKUP(S111,'Price list'!D$15:S$298,15,FALSE) -> #N/A | W111: =G111 -> 120 | X111: =H111 -> 13 | Y111: =VLOOKUP(A111,AA:AB,2,FALSE) -> Arrafik | Z111: =B111 -> Commande 4 | AC111: =CONCATENATE(Y111,S111,Z111) -> ArrafikLB34L1K077R1S122Commande 4 | AD111: =S111 -> LB34L1K077R1S122 | AE111: =CONCATENATE(Y111,AD111) -> ArrafikLB34L1K077R1S122 | AF111: =VLOOKUP(AC111,'Price list'!AN:AO,2,FALSE) -> #N/A | AG111: =S111 -> LB34L1K077R1S122 | AH111: =W111 -> 120 | AI111: =X111 -> 13
A112: Libya | B112: Commande 4 | C112: PM11D | E112: =VLOOKUP(D112,'[5]Price List'!B$8:R$30,3,0) -> #N/A | F112: M11D | G112: 72 | H112: =+J112/G112 -> 1 | J112: 72 | L112: 72 | M112: =IF(0<J112-K112-L112,J112-K112-L112,0) -> 0 | N112: W09 | O112: 44985 | P112: 45018 | Q112: 45013 | R112: FN230036 | S112: =E112 -> #N/A | T112: =D112 -> 0 | V112: =VLOOKUP(S112,'Price list'!D$15:S$298,15,FALSE) -> #N/A | W112: =G112 -> 72 | X112: =H112 -> 1 | Y112: =VLOOKUP(A112,AA:AB,2,FALSE) -> Arrafik | Z112: =B112 -> Commande 4 | AC112: =CONCATENATE(Y112,S112,Z112) -> #N/A | AD112: =S112 -> #N/A | AE112: =CONCATENATE(Y112,AD112) -> #N/A | AF112: =VLOOKUP(AC112,'Price list'!AN:AO,2,FALSE) -> #N/A | AG112: =S112 -> #N/A | AH112: =W112 -> 72 | AI112: =X112 -> 1
A113: Libya | B113: Commande 4 | C113: L3MF | E113: LB66L3P072R1S121 | F113: L3 | G113: 96 | H113: =+J113/G113 -> 1 | J113: 96 | L113: 96 | M113: =IF(0<J113-K113-L113,J113-K113-L113,0) -> 0 | N113: W09 | O113: 44985 | P113: 45018 | Q113: 45013 | R113: FN230036 | S113: =E113 -> LB66L3P072R1S121 | T113: =D113 -> 0 | V113: =VLOOKUP(S113,'Price list'!D$15:S$298,15,FALSE) -> #N/A | W113: =G113 -> 96 | X113: =H113 -> 1 | Y113: =VLOOKUP(A113,AA:AB,2,FALSE) -> Arrafik | Z113: =B113 -> Commande 4 | AC113: =CONCATENATE(Y113,S113,Z113) -> ArrafikLB66L3P072R1S121Commande 4 | AD113: =S113 -> LB66L3P072R1S121 | AE113: =CONCATENATE(Y113,AD113) -> ArrafikLB66L3P072R1S121 | AF113: =VLOOKUP(AC113,'Price list'!AN:AO,2,FALSE) -> #N/A | AG113: =S113 -> LB66L3P072R1S121 | AH113: =W113 -> 96 | AI113: =X113 -> 1
A114: Libya | B114: Commande 4 | C114: PM15 | E114: MSP99BF003L1S122 | F114: M15 | G114: 35 | H114: =+J114/G114 -> 2 | J114: 70 | L114: 70 | M114: =IF(0<J114-K114-L114,J114-K114-L114,0) -> 0 | N114: W09 | O114: 44985 | P114: 45018 | Q114: 45013 | R114: FN230036 | S114: =E114 -> MSP99BF003L1S122 | T114: =D114 -> 0 | V114: =VLOOKUP(S114,'Price list'!D$15:S$298,15,FALSE) -> #N/A | W114: =G114 -> 35 | X114: =H114 -> 2 | Y114: =VLOOKUP(A114,AA:AB,2,FALSE) -> Arrafik | Z114: =B114 -> Commande 4 | AC114: =CONCATENATE(Y114,S114,Z114) -> ArrafikMSP99BF003L1S122Commande 4 | AD114: =S114 -> MSP99BF003L1S122 | AE114: =CONCATENATE(Y114,AD114) -> ArrafikMSP99BF003L1S122 | AF114: =VLOOKUP(AC114,'Price list'!AN:AO,2,FALSE) -> #N/A | AG114: =S114 -> MSP99BF003L1S122 | AH114: =W114 -> 35 | AI114: =X114 -> 2
A115: Libya | B115: Commande 4 | C115: D23 | E115: M45J6X072R1S121 | F115: D23 | G115: 80 | H115: =+J115/G115 -> 1 | J115: 80 | L115: 80 | M115: =IF(0<J115-K115-L115,J115-K115-L115,0) -> 0 | N115: W09 | O115: 44985 | P115: 45018 | Q115: 45013 | R115: FN230036 | S115: =E115 -> M45J6X072R1S121 | T115: =D115 -> 0 | V115: =VLOOKUP(S115,'Price list'!D$15:S$298,15,FALSE) -> #N/A | W115: =G115 -> 80 | X115: =H115 -> 1 | Y115: =VLOOKUP(A115,AA:AB,2,FALSE) -> Arrafik | Z115: =B115 -> Commande 4 | AC115: =CONCATENATE(Y115,S115,Z115) -> ArrafikM45J6X072R1S121Commande 4 | AD115: =S115 -> M45J6X072R1S121 | AE115: =CONCATENATE(Y115,AD115) -> ArrafikM45J6X072R1S121 | AF115: =VLOOKUP(AC115,'Price list'!AN:AO,2,FALSE) -> #N/A | AG115: =S115 -> M45J6X072R1S121 | AH115: =W115 -> 80 | AI115: =X115 -> 1
A116: LITTORAL BATTERIES | B116: Commande 6 | C116: PREMIUM | D116: SMF 54459 | E116: LB45L1W172R1Z44 | F116: L1 | G116: 60 | H116: 9 | J116: 540 | L116: 540 | M116: =IF(0<J116-K116-L116,J116-K116-L116,0) -> 0 | N116: W12 | O116: 44992 | P116: 45000 | Q116: 44987 | R116: FN230027 | S116: =E116 -> LB45L1W172R1Z44 | T116: =D116 -> SMF 54459 | V116: =VLOOKUP(S116,'Price list'!D$15:S$298,15,FALSE) -> 11.6 | W116: =G116 -> 60 | X116: =H116 -> 9 | Y116: =VLOOKUP(A116,AA:AB,2,FALSE) -> Littoral Batteries | Z116: =B116 -> Commande 6 | AC116: =CONCATENATE(Y116,S116,Z116) -> Littoral BatteriesLB45L1W172R1Z44Commande 6 | AD116: =S116 -> LB45L1W172R1Z44 | AE116: =CONCATENATE(Y116,AD116) -> Littoral BatteriesLB45L1W172R1Z44 | AF116: =VLOOKUP(AC116,'Price list'!AN:AO,2,FALSE) -> #N/A | AG116: =S116 -> LB45L1W172R1Z44 | AH116: =W116 -> 60 | AI116: =X116 -> 9
A117: LITTORAL BATTERIES | B117: Commande 6 | C117: PREMIUM | D117: SMF 57220 | E117: LB67L3W172R1Z44 | F117: L3 | G117: 48 | H117: 12 | J117: 576 | L117: 576 | M117: =IF(0<J117-K117-L117,J117-K117-L117,0) -> 0 | N117: W12 | O117: 44992 | P117: 45000 | Q117: 44987 | R117: FN230027 | S117: =E117 -> LB67L3W172R1Z44 | T117: =D117 -> SMF 57220 | V117: =VLOOKUP(S117,'Price list'!D$15:S$298,15,FALSE) -> 16.8 | W117: =G117 -> 48 | X117: =H117 -> 12 | Y117: =VLOOKUP(A117,AA:AB,2,FALSE) -> Littoral Batteries | Z117: =B117 -> Commande 6 | AC117: =CONCATENATE(Y117,S117,Z117) -> Littoral BatteriesLB67L3W172R1Z44Commande 6 | AD117: =S117 -> LB67L3W172R1Z44 | AE117: =CONCATENATE(Y117,AD117) -> Littoral BatteriesLB67L3W172R1Z44 | AF117: =VLOOKUP(AC117,'Price list'!AN:AO,2,FALSE) -> #N/A | AG117: =S117 -> LB67L3W172R1Z44 | AH117: =W117 -> 48 | AI117: =X117 -> 12
A118: LITTORAL BATTERIES | B118: Commande 6 | C118: PREMIUM | D118: SMF 56078 | E118: LB56L2W172R1Z44 | F118: L2 | G118: 54 | H118: 7 | J118: 378 | L118: 378 | M118: =IF(0<J118-K118-L118,J118-K118-L118,0) -> 0 | N118: W12 | O118: 44992 | P118: 45000 | Q118: 44987 | R118: FN230027 | S118: =E118 -> LB56L2W172R1Z44 | T118: =D118 -> SMF 56078 | V118: =VLOOKUP(S118,'Price list'!D$15:S$298,15,FALSE) -> 13.9 | W118: =G118 -> 54 | X118: =H118 -> 7 | Y118: =VLOOKUP(A118,AA:AB,2,FALSE) -> Littoral Batteries | Z118: =B118 -> Commande 6 | AC118: =CONCATENATE(Y118,S118,Z118) -> Littoral BatteriesLB56L2W172R1Z44Commande 6 | AD118: =S118 -> LB56L2W172R1Z44 | AE118: =CONCATENATE(Y118,AD118) -> Littoral BatteriesLB56L2W172R1Z44 | AF118: =VLOOKUP(AC118,'Price list'!AN:AO,2,FALSE) -> #N/A | AG118: =S118 -> LB56L2W172R1Z44 | AH118: =W118 -> 54 | AI118: =X118 -> 7
A119: LITTORAL BATTERIES | B119: Commande 6 | C119: SMART | D119: SMF 55028 | E119: LB55B1W172R1Z55 | F119: L1B | G119: 60 | H119: 2 | J119: 120 | L119: 120 | M119: =IF(0<J119-K119-L119,J119-K119-L119,0) -> 0 | N119: W12 | O119: 44992 | P119: 45000 | Q119: 44987 | R119: FN230027 | S119: =E119 -> LB55B1W172R1Z55 | T119: =D119 -> SMF 55028 | V119: =VLOOKUP(S119,'Price list'!D$15:S$298,15,FALSE) -> 12.1 | W119: =G119 -> 60 | X119: =H119 -> 2 | Y119: =VLOOKUP(A119,AA:AB,2,FALSE) -> Littoral Batteries | Z119: =B119 -> Commande 6 | AC119: =CONCATENATE(Y119,S119,Z119) -> Littoral BatteriesLB55B1W172R1Z55Commande 6 | AD119: =S119 -> LB55B1W172R1Z55 | AE119: =CONCATENATE(Y119,AD119) -> Littoral BatteriesLB55B1W172R1Z55 | AF119: =VLOOKUP(AC119,'Price list'!AN:AO,2,FALSE) -> #N/A | AG119: =S119 -> LB55B1W172R1Z55 | AH119: =W119 -> 60 | AI119: =X119 -> 2
A120: LITTORAL BATTERIES | B120: Commande 7 | C120: PREMIUM | D120: SMF 59538 | E120: LB89L5W172R1Z44 | F120: L5 | G120: 36 | H120: 4 | J120: 144 | L120: 144 | M120: =IF(0<J120-K120-L120,J120-K120-L120,0) -> 0 | N120: W13 | O120: 44992 | P120: 45000 | Q120: 44987 | R120: FN230028 | S120: =E120 -> LB89L5W172R1Z44 | T120: =D120 -> SMF 59538 | V120: =VLOOKUP(S120,'Price list'!D$15:S$298,15,FALSE) -> 21.2 | W120: =G120 -> 36 | X120: =H120 -> 4 | Y120: =VLOOKUP(A120,AA:AB,2,FALSE) -> Littoral Batteries | Z120: =B120 -> Commande 7 | AC120: =CONCATENATE(Y120,S120,Z120) -> Littoral BatteriesLB89L5W172R1Z44Commande 7 | AD120: =S120 -> LB89L5W172R1Z44 | AE120: =CONCATENATE(Y120,AD120) -> Littoral BatteriesLB89L5W172R1Z44 | AF120: =VLOOKUP(AC120,'Price list'!AN:AO,2,FALSE) -> #N/A | AG120: =S120 -> LB89L5W172R1Z44 | AH120: =W120 -> 36 | AI120: =X120 -> 4
A121: LITTORAL BATTERIES | B121: Commande 7 | C121: PREMIUM | D121: SMF 56078 | E121: LB56L2W172R1Z44 | F121: L2 | G121: 54 | H121: 10 | J121: 540 | L121: 540 | M121: =IF(0<J121-K121-L121,J121-K121-L121,0) -> 0 | N121: W13 | O121: 44992 | P121: 45000 | Q121: 44987 | R121: FN230028 | S121: =E121 -> LB56L2W172R1Z44 | T121: =D121 -> SMF 56078 | V121: =VLOOKUP(S121,'Price list'!D$15:S$298,15,FALSE) -> 13.9 | W121: =G121 -> 54 | X121: =H121 -> 10 | Y121: =VLOOKUP(A121,AA:AB,2,FALSE) -> Littoral Batteries | Z121: =B121 -> Commande 7 | AC121: =CONCATENATE(Y121,S121,Z121) -> Littoral BatteriesLB56L2W172R1Z44Commande 7 | AD121: =S121 -> LB56L2W172R1Z44 | AE121: =CONCATENATE(Y121,AD121) -> Littoral BatteriesLB56L2W172R1Z44 | AF121: =VLOOKUP(AC121,'Price list'!AN:AO,2,FALSE) -> #N/A | AG121: =S121 -> LB56L2W172R1Z44 | AH121: =W121 -> 54 | AI121: =X121 -> 10
A122: LITTORAL BATTERIES | B122: Commande 7 | C122: SMART | D122: SMF 57412 | E122: LB77L3W172R1Z55 | F122: L3 | G122: 48 | H122: 2 | J122: 96 | L122: 96 | M122: =IF(0<J122-K122-L122,J122-K122-L122,0) -> 0 | N122: W13 | O122: 44992 | P122: 45000 | Q122: 44987 | R122: FN230028 | S122: =E122 -> LB77L3W172R1Z55 | T122: =D122 -> SMF 57412 | V122: =VLOOKUP(S122,'Price list'!D$15:S$298,15,FALSE) -> 17.454 | W122: =G122 -> 48 | X122: =H122 -> 2 | Y122: =VLOOKUP(A122,AA:AB,2,FALSE) -> Littoral Batteries | Z122: =B122 -> Commande 7 | AC122: =CONCATENATE(Y122,S122,Z122) -> Littoral BatteriesLB77L3W172R1Z55Commande 7 | AD122: =S122 -> LB77L3W172R1Z55 | AE122: =CONCATENATE(Y122,AD122) -> Littoral BatteriesLB77L3W172R1Z55 | AF122: =VLOOKUP(AC122,'Price list'!AN:AO,2,FALSE) -> #N/A | AG122: =S122 -> LB77L3W172R1Z55 | AH122: =W122 -> 48 | AI122: =X122 -> 2
A123: LITTORAL BATTERIES | B123: Commande 7 | C123: SMART | D123: SMF 60044 | E123: LB90L5W172R1Z55 | F123: L5 | G123: 36 | H123: 2 | J123: 72 | L123: 72 | M123: =IF(0<J123-K123-L123,J123-K123-L123,0) -> 0 | N123: W13 | O123: 44992 | P123: 45000 | Q123: 44987 | R123: FN230028 | S123: =E123 -> LB90L5W172R1Z55 | T123: =D123 -> SMF 60044 | V123: =VLOOKUP(S123,'Price list'!D$15:S$298,15,FALSE) -> 22.8 | W123: =G123 -> 36 | X123: =H123 -> 2 | Y123: =VLOOKUP(A123,AA:AB,2,FALSE) -> Littoral Batteries | Z123: =B123 -> Commande 7 | AC123: =CONCATENATE(Y123,S123,Z123) -> Littoral BatteriesLB90L5W172R1Z55Commande 7 | AD123: =S123 -> LB90L5W172R1Z55 | AE123: =CONCATENATE(Y123,AD123) -> Littoral BatteriesLB90L5W172R1Z55 | AF123: =VLOOKUP(AC123,'Price list'!AN:AO,2,FALSE) -> #N/A | AG123: =S123 -> LB90L5W172R1Z55 | AH123: =W123 -> 36 | AI123: =X123 -> 2
A124: LITTORAL BATTERIES | B124: Commande 7 | C124: SMART | D124: SMF 56219 | E124: LB66L2W172R1Z55 | F124: L2 | G124: 54 | H124: 12 | J124: 648 | L124: 648 | M124: =IF(0<J124-K124-L124,J124-K124-L124,0) -> 0 | N124: W13 | O124: 44992 | P124: 45000 | Q124: 44987 | R124: FN230028 | S124: =E124 -> LB66L2W172R1Z55 | T124: =D124 -> SMF 56219 | V124: =VLOOKUP(S124,'Price list'!D$15:S$298,15,FALSE) -> 14.552 | W124: =G124 -> 54 | X124: =H124 -> 12 | Y124: =VLOOKUP(A124,AA:AB,2,FALSE) -> Littoral Batteries | Z124: =B124 -> Commande 7 | AC124: =CONCATENATE(Y124,S124,Z124) -> Littoral BatteriesLB66L2W172R1Z55Commande 7 | AD124: =S124 -> LB66L2W172R1Z55 | AE124: =CONCATENATE(Y124,AD124) -> Littoral BatteriesLB66L2W172R1Z55 | AF124: =VLOOKUP(AC124,'Price list'!AN:AO,2,FALSE) -> #N/A | AG124: =S124 -> LB66L2W172R1Z55 | AH124: =W124 -> 54 | AI124: =X124 -> 12
A125: ALGERIE | B125: Commande 1 | C125: SMART | D125: SMF 57412 | E125: =VLOOKUP(D125,'[5]Price List'!B$8:R$30,3,0) -> LB77L3W172R1Z55 | F125: L3 | G125: 76 | H125: 2 | J125: =+H125*G125 -> 152 | L125: 152 | M125: =IF(0<J125-K125-L125,J125-K125-L125,0) -> 0 | N125: W10 | O125: 44994 | P125: 45013 | Q125: 44993 | R125: FN230029 | S125: =E125 -> LB77L3W172R1Z55 | T125: =D125 -> SMF 57412 | V125: =VLOOKUP(S125,'Price list'!D$15:S$298,15,FALSE) -> 17.454 | W125: =G125 -> 76 | X125: =H125 -> 2 | Y125: =VLOOKUP(A125,AA:AB,2,FALSE) -> Next Power | Z125: =B125 -> Commande 1 | AC125: =CONCATENATE(Y125,S125,Z125) -> Next PowerLB77L3W172R1Z55Commande 1 | AD125: =S125 -> LB77L3W172R1Z55 | AE125: =CONCATENATE(Y125,AD125) -> Next PowerLB77L3W172R1Z55 | AF125: =VLOOKUP(AC125,'Price list'!AN:AO,2,FALSE) -> #N/A | AG125: =S125 -> LB77L3W172R1Z55 | AH125: =W125 -> 76 | AI125: =X125 -> 2
A126: ALGERIE | B126: Commande 1 | C126: SMART | D126: SMF 60044 | E126: =VLOOKUP(D126,'[5]Price List'!B$8:R$30,3,0) -> LB90L5W172R1Z55 | F126: L5 | G126: 48 | H126: 4 | J126: =+H126*G126 -> 192 | L126: 192 | M126: =IF(0<J126-K126-L126,J126-K126-L126,0) -> 0 | N126: W10 | O126: 44994 | P126: 45013 | Q126: 44993 | R126: FN230029 | S126: =E126 -> LB90L5W172R1Z55 | T126: =D126 -> SMF 60044 | V126: =VLOOKUP(S126,'Price list'!D$15:S$298,15,FALSE) -> 22.8 | W126: =G126 -> 48 | X126: =H126 -> 4 | Y126: =VLOOKUP(A126,AA:AB,2,FALSE) -> Next Power | Z126: =B126 -> Commande 1 | AC126: =CONCATENATE(Y126,S126,Z126) -> Next PowerLB90L5W172R1Z55Commande 1 | AD126: =S126 -> LB90L5W172R1Z55 | AE126: =CONCATENATE(Y126,AD126) -> Next PowerLB90L5W172R1Z55 | AF126: =VLOOKUP(AC126,'Price list'!AN:AO,2,FALSE) -> #N/A | AG126: =S126 -> LB90L5W172R1Z55 | AH126: =W126 -> 48 | AI126: =X126 -> 4
A127: ALGERIE | B127: Commande 1 | C127: PREMIUM | D127: SMF 54512 | E127: =VLOOKUP(D127,'[5]Price List'!B$8:R$30,3,0) -> LB45B1W172R1Z44 | F127: L1B | G127: 96 | H127: 1 | J127: =+H127*G127 -> 96 | L127: 96 | M127: =IF(0<J127-K127-L127,J127-K127-L127,0) -> 0 | N127: W10 | O127: 44994 | P127: 45013 | Q127: 44993 | R127: FN230029 | S127: =E127 -> LB45B1W172R1Z44 | T127: =D127 -> SMF 54512 | V127: =VLOOKUP(S127,'Price list'!D$15:S$298,15,FALSE) -> 11.6 | W127: =G127 -> 96 | X127: =H127 -> 1 | Y127: =VLOOKUP(A127,AA:AB,2,FALSE) -> Next Power | Z127: =B127 -> Commande 1 | AC127: =CONCATENATE(Y127,S127,Z127) -> Next PowerLB45B1W172R1Z44Commande 1 | AD127: =S127 -> LB45B1W172R1Z44 | AE127: =CONCATENATE(Y127,AD127) -> Next PowerLB45B1W172R1Z44 | AF127: =VLOOKUP(AC127,'Price list'!AN:AO,2,FALSE) -> #N/A | AG127: =S127 -> LB45B1W172R1Z44 | AH127: =W127 -> 96 | AI127: =X127 -> 1
A128: ALGERIE | B128: Commande 1 | C128: PREMIUM | D128: SMF 54459 | E128: =VLOOKUP(D128,'[5]Price List'!B$8:R$30,3,0) -> LB45L1W172R1Z44 | F128: L1 | G128: 96 | H128: 2 | J128: =+H128*G128 -> 192 | L128: 192 | M128: =IF(0<J128-K128-L128,J128-K128-L128,0) -> 0 | N128: W10 | O128: 44994 | P128: 45013 | Q128: 44993 | R128: FN230029 | S128: =E128 -> LB45L1W172R1Z44 | T128: =D128 -> SMF 54459 | V128: =VLOOKUP(S128,'Price list'!D$15:S$298,15,FALSE) -> 11.6 | W128: =G128 -> 96 | X128: =H128 -> 2 | Y128: =VLOOKUP(A128,AA:AB,2,FALSE) -> Next Power | Z128: =B128 -> Commande 1 | AC128: =CONCATENATE(Y128,S128,Z128) -> Next PowerLB45L1W172R1Z44Commande 1 | AD128: =S128 -> LB45L1W172R1Z44 | AE128: =CONCATENATE(Y128,AD128) -> Next PowerLB45L1W172R1Z44 | AF128: =VLOOKUP(AC128,'Price list'!AN:AO,2,FALSE) -> #N/A | AG128: =S128 -> LB45L1W172R1Z44 | AH128: =W128 -> 96 | AI128: =X128 -> 2
...

Sheet Base clients
A1: Base clients
A2: Saisissez vos clients ici (cases vertes uniquement)
A3: Pour trouver un client plus rapidement, faire Ctrl + touche F
A5: Numéro client | B5: Type | C5: Nom prénom ou raison sociale | D5: Adresse | E5: C. postal | F5: Ville | G5: Téléphone | H5: Portable | I5: Site internet | J5: E-mail | K5: RCS | L5: Devise | M5: SIREN | N5: SIRET | O5: TVA | P5: PAYS | Q5: ASSURENCE | R5: Price list name
A6: ='[6]Base clients'!A6 -> C00001 | B6: ='[6]Base clients'!B6 -> test | C6: ='[6]Base clients'!C6 -> test | D6: ='[6]Base clients'!D6 -> Boulevard Michelet | E6: ='[6]Base clients'!E6 -> 01200 | F6: ='[6]Base clients'!F6 -> Nantes | G6: ='[6]Base clients'!G6 -> 02 60 60 60 60 | H6: ='[6]Base clients'!H6 -> 660606060 | I6: ='[6]Base clients'!I6 -> www.batteries-du-littoral.fr | K6: ='[6]Base clients'!K6 -> 0 | L6: ='[6]Base clients'!L6 -> 0 | M6: ='[6]Base clients'!M6 -> 0 | N6: ='[6]Base clients'!N6 -> 0 | O6: ='[6]Base clients'!O6 -> 0 | P6: ='[6]Base clients'!P6 -> FRANCE | Q6: ='[6]Base clients'!Q6 -> 800000
A7: ='[6]Base clients'!A7 -> X352001 | B7: ='[6]Base clients'!B7 -> Professionnel | C7: ='[6]Base clients'!C7 -> Lubatex Group | D7: ='[6]Base clients'!D7 -> 13 Avenue du Bois | E7: ='[6]Base clients'!E7 -> L-1251 | F7: ='[6]Base clients'!F7 -> Luxembourg | G7: ='[6]Base clients'!G7 -> +33 (0)3 87 95 88 56 | I7: ='[6]Base clients'!I7 -> www.lubatexgroup.com | J7: ='[6]Base clients'!J7 -> Morgane.KESSALY@LUBATEXGROUP.COM | K7: ='[6]Base clients'!K7 -> 0 | L7: ='[6]Base clients'!L7 -> EURO | M7: ='[6]Base clients'!M7 -> 0 | N7: ='[6]Base clients'!N7 -> 0 | O7: ='[6]Base clients'!O7 -> 0 | P7: ='[6]Base clients'!P7 -> LUXAMBOURG | Q7: ='[6]Base clients'!Q7 -> 0 | R7: ='Price list'!B235 -> Lubatex
A8: ='[6]Base clients'!A8 -> X033005 | B8: ='[6]Base clients'!B8 -> Professionnel | C8: ='[6]Base clients'!C8 -> DT Batteries d'Armor | D8: ='[6]Base clients'!D8 -> ZA Les Hautieres 11 Rue Eiffel | E8: ='[6]Base clients'!E8 -> 22440 | F8: ='[6]Base clients'!F8 -> Tremuson | G8: ='[6]Base clients'!G8 -> +33 (0)2 96 76 86 08 | I8: ='[6]Base clients'!I8 -> www.dtbatteries.fr | J8: ='[6]Base clients'!J8 -> dtbatteries@orange.fr | K8: ='[6]Base clients'!K8 -> 100B1B2R3 | L8: ='[6]Base clients'!L8 -> EURO | M8: ='[6]Base clients'!M8 -> 0 | N8: ='[6]Base clients'!N8 -> 0 | O8: ='[6]Base clients'!O8 -> FR04501412365 | P8: ='[6]Base clients'!P8 -> FRANCE | Q8: ='[6]Base clients'!Q8 -> 400000 | R8: ='Price list'!B10 -> RPA
A9: ='[6]Base clients'!A9 -> X213004 | B9: ='[6]Base clients'!B9 -> Professionnel | C9: ='[6]Base clients'!C9 -> SARL NEXT POWER | D9: ='[6]Base clients'!D9 -> Zone Industrielle El Taref n° C 11 - Bin Badis | E9: ='[6]Base clients'!E9 -> 0 | F9: ='[6]Base clients'!F9 -> Constantine | G9: ='[6]Base clients'!G9 -> +213 770940614 | H9: ='[6]Base clients'!H9 -> +213 553280150 | J9: ='[6]Base clients'!J9 -> sarlnextpower@gmail.com | K9: ='[6]Base clients'!K9 -> 20B00727003 | L9: ='[6]Base clients'!L9 -> EURO | M9: ='[6]Base clients'!M9 -> 0 | N9: ='[6]Base clients'!N9 -> 0 | O9: ='[6]Base clients'!O9 -> 2025007270385 | P9: ='[6]Base clients'!P9 -> ALGERIA | Q9: ='[6]Base clients'!Q9 -> 0
A10: ='[6]Base clients'!A10 -> X049002 | B10: ='[6]Base clients'!B10 -> Professionnel | C10: ='[6]Base clients'!C10 -> Batteriedienst Hempe | D10: ='[6]Base clients'!D10 -> Weimarische Str. 128 | E10: ='[6]Base clients'!E10 -> 99625 | F10: ='[6]Base clients'!F10 -> Großneuhausen | G10: ='[6]Base clients'!G10 -> +49 1714020578 | I10: ='[6]Base clients'!I10 -> www.staplerbatterie24.de | J10: ='[6]Base clients'!J10 -> sabrina@batteriedienst-hempe.de | K10: ='[6]Base clients'!K10 -> DE 815903643 | L10: ='[6]Base clients'!L10 -> EURO | M10: ='[6]Base clients'!M10 -> 0 | N10: ='[6]Base clients'!N10 -> 0 | O10: ='[6]Base clients'!O10 -> 151/230/26214 | P10: ='[6]Base clients'!P10 -> GERMANY | Q10: ='[6]Base clients'!Q10 -> 0
A11: ='[6]Base clients'!A11 -> X973001 | B11: ='[6]Base clients'!B11 -> Professionnel | C11: ='[6]Base clients'!C11 -> NADHEERA TRADING EST | D11: ='[6]Base clients'!D11 -> PO BOX | E11: ='[6]Base clients'!E11 -> 37920 | F11: ='[6]Base clients'!F11 -> EAST RIFFA | K11: ='[6]Base clients'!K11 -> 0 | L11: ='[6]Base clients'!L11 -> EURO | M11: ='[6]Base clients'!M11 -> 0 | N11: ='[6]Base clients'!N11 -> 0 | O11: ='[6]Base clients'!O11 -> 0 | P11: ='[6]Base clients'!P11 -> KINGDOM OF BAHARAIN | Q11: ='[6]Base clients'!Q11 -> 0
A12: ='[6]Base clients'!A12 -> X033001 | B12: ='[6]Base clients'!B12 -> Professionnel | C12: ='[6]Base clients'!C12 -> LITTORAL BATTERIES | D12: ='[6]Base clients'!D12 -> 348 RTE DE SAINT OMER 62280 | E12: ='[6]Base clients'!E12 -> 62280 | F12: ='[6]Base clients'!F12 -> SAINT-MARTIN-BOULOGNE | I12: ='[6]Base clients'!I12 -> www.batteries-du-littoral.fr | J12: ='[6]Base clients'!J12 -> littoral.batteries@wanadoo.fr | K12: ='[6]Base clients'!K12 -> B 440 078 210 | L12: ='[6]Base clients'!L12 -> EURO | M12: ='[6]Base clients'!M12 -> 440078210 | N12: ='[6]Base clients'!N12 -> 44007821000026 | O12: ='[6]Base clients'!O12 -> FR40440078210 | P12: ='[6]Base clients'!P12 -> FRANCE | Q12: ='[6]Base clients'!Q12 -> 800000 | R12: ='Price list'!B145 -> Littoral Batteries
A13: ='[6]Base clients'!A13 -> X033002 | B13: ='[6]Base clients'!B13 -> Professionnel | C13: ='[6]Base clients'!C13 -> ACCUS PLUS | D13: ='[6]Base clients'!D13 -> 2211 RTE DE LA FENERIE | E13: ='[6]Base clients'!E13 -> 06580 | F13: ='[6]Base clients'!F13 -> PEGOMAS | G13: ='[6]Base clients'!G13 -> +33(0)614840839 | I13: ='[6]Base clients'!I13 -> www.accusplus.com | J13: ='[6]Base clients'!J13 -> Christian.Giroux@accus-plus.com | K13: ='[6]Base clients'!K13 -> B 409 158 631 | L13: ='[6]Base clients'!L13 -> EURO | M13: ='[6]Base clients'!M13 -> 409158631 | N13: ='[6]Base clients'!N13 -> 40915863100062 | O13: ='[6]Base clients'!O13 -> FR75 409 158 | P13: ='[6]Base clients'!P13 -> FRANCE | Q13: ='[6]Base clients'!Q13 -> 400000 | R13: =R8 -> RPA
A14: ='[6]Base clients'!A14 -> X033003 | B14: ='[6]Base clients'!B14 -> Professionnel | C14: ='[6]Base clients'!C14 -> OUEST BATTERIES | D14: ='[6]Base clients'!D14 -> 6 AV DU LAC | E14: ='[6]Base clients'!E14 -> 37550 | F14: ='[6]Base clients'!F14 -> SAINT-AVERTIN | G14: ='[6]Base clients'!G14 -> +33(0)247251212 | J14: ='[6]Base clients'!J14 -> magasin28@ouest-batteries.fr | K14: ='[6]Base clients'!K14 -> B 413 423 146 | L14: ='[6]Base clients'!L14 -> EURO | M14: ='[6]Base clients'!M14 -> 413423146 | N14: ='[6]Base clients'!N14 -> 41342314600047 | O14: ='[6]Base clients'!O14 -> FR96413423146 | P14: ='[6]Base clients'!P14 -> FRANCE | Q14: ='[6]Base clients'!Q14 -> 1300000 | R14: ='Price list'!B89 -> Ouest Batteries
A15: ='[6]Base clients'!A15 -> X033004 | B15: ='[6]Base clients'!B15 -> Professionnel | C15: ='[6]Base clients'!C15 -> PROXITECH SAS | D15: ='[6]Base clients'!D15 -> Parc Gustave Eiffel- 3,Av, Gutenberg- | E15: ='[6]Base clients'!E15 -> 77600 | F15: ='[6]Base clients'!F15 -> BUSSY SAINT GEORGE | G15: ='[6]Base clients'!G15 -> +33(0) 1 71 58 26 10 | H15: ='[6]Base clients'!H15 -> +33 (0) 1 85 76 65 84 | ... Q15: ='[6]Base clients'!Q15 -> 800000 | R15: ='Price list'!B106 -> Proxitech
A16: ='[6]Base clients'!A16 -> X966001 | B16: ='[6]Base clients'!B16 -> Professionnel | C16: ='[6]Base clients'!C16 -> Bin-Shihon Group Co., Ltd. | D16: ='[6]Base clients'!D16 -> P.O. Box 5922 | E16: ='[6]Base clients'!E16 -> 21432 | F16: ='[6]Base clients'!F16 -> Jeddah | G16: ='[6]Base clients'!G16 -> +966 12 681 22 22 | I16: ='[6]Base clients'!I16 -> www.binshihon.com | K16: ='[6]Base clients'!K16 -> 0 | L16: ='[6]Base clients'!L16 -> USD | M16: ='[6]Base clients'!M16 -> 0 | N16: ='[6]Base clients'!N16 -> 0 | O16: ='[6]Base clients'!O16 -> 0 | P16: ='[6]Base clients'!P16 -> KINGDOM OF SAUDI ARABIA | Q16: ='[6]Base clients'!Q16 -> 1500000 | R16: ='Price list'!B161 -> BIN SHIHON
A17: ='[6]Base clients'!A17 -> X966002 | B17: ='[6]Base clients'!B17 -> Professionnel | C17: ='[6]Base clients'!C17 -> Bin-Shihon trading Co | D17: ='[6]Base clients'!D17 -> P.O. Box 2896 | E17: ='[6]Base clients'!E17 -> 11461 | F17: ='[6]Base clients'!F17 -> Riyadh | K17: ='[6]Base clients'!K17 -> 0 | L17: ='[6]Base clients'!L17 -> USD | M17: ='[6]Base clients'!M17 -> 0 | N17: ='[6]Base clients'!N17 -> 0 | O17: ='[6]Base clients'!O17 -> 0 | P17: ='[6]Base clients'!P17 -> KINGDOM OF SAUDI ARABIA | Q17: ='[6]Base clients'!Q17 -> 0 | R17: =R16 -> BIN SHIHON
A18: ='[6]Base clients'!A18 -> X218004 | B18: ='[6]Base clients'!B18 -> Professionnel | C18: ='[6]Base clients'!C18 -> ERRAFIK EL DAYEM | D18: ='[6]Base clients'!D18 -> Tripoli | E18: ='[6]Base clients'!E18 -> 0 | F18: ='[6]Base clients'!F18 -> TRIPOLI | G18: ='[6]Base clients'!G18 -> +218 913201365 | K18: ='[6]Base clients'!K18 -> 0 | L18: ='[6]Base clients'!L18 -> EURO | M18: ='[6]Base clients'!M18 -> 0 | N18: ='[6]Base clients'!N18 -> 0 | O18: ='[6]Base clients'!O18 -> 0 | P18: ='[6]Base clients'!P18 -> 0 | Q18: ='[6]Base clients'!Q18 -> 0
A19: ='[6]Base clients'!A19 -> X359001 | B19: ='[6]Base clients'!B19 -> Professionnel | C19: ='[6]Base clients'!C19 -> MONBAT AD | D19: ='[6]Base clients'!D19 -> 32A, Cherni Vrah Blvd, fl 4, VAT No BG111028849 | E19: ='[6]Base clients'!E19 -> 1407 | F19: ='[6]Base clients'!F19 -> Sofia | G19: ='[6]Base clients'!G19 -> +359 96 393 123 | I19: ='[6]Base clients'!I19 -> www.monbat.com | K19: ='[6]Base clients'!K19 -> 0 | L19: ='[6]Base clients'!L19 -> EURO | M19: ='[6]Base clients'!M19 -> 0 | N19: ='[6]Base clients'!N19 -> 0 | O19: ='[6]Base clients'!O19 -> 0 | P19: ='[6]Base clients'!P19 -> BULGARIA | Q19: ='[6]Base clients'!Q19 -> 0
A20: ='[6]Base clients'!A20 -> X048001 | B20: ='[6]Base clients'!B20 -> Professionnel | C20: ='[6]Base clients'!C20 -> BATCAR | D20: ='[6]Base clients'!D20 -> Spolka Jawna Krzysztof Pawluc | E20: ='[6]Base clients'!E20 -> 0 | F20: ='[6]Base clients'!F20 -> Bogdan Tyliszczak | G20: ='[6]Base clients'!G20 -> +48 683209898 | I20: ='[6]Base clients'!I20 -> www.batcar.pl | J20: ='[6]Base clients'!J20 -> mdymek@batcar.pl | K20: ='[6]Base clients'!K20 -> PL9730548815 | L20: ='[6]Base clients'!L20 -> EURO | M20: ='[6]Base clients'!M20 -> 0 | N20: ='[6]Base clients'!N20 -> 535010484 | O20: ='[6]Base clients'!O20 -> 9730548815 | P20: ='[6]Base clients'!P20 -> POLAND | Q20: ='[6]Base clients'!Q20 -> 1000000 | R20: ='Price list'!B67 -> Batcar
A21: ='[6]Base clients'!A21 -> X213005 | B21: ='[6]Base clients'!B21 -> Professionnel | C21: ='[6]Base clients'!C21 -> SARL FILS AMOURI TRANSPOT | D21: ='[6]Base clients'!D21 -> CITE 24 LOGTS N°24, ROUTE CHETMA | E21: ='[6]Base clients'!E21 -> 0 | F21: ='[6]Base clients'!F21 -> BISKRA | G21: ='[6]Base clients'!G21 -> 33619704 | I21: ='[6]Base clients'!I21 -> 0 | J21: ='[6]Base clients'!J21 -> freretir@yahoo.fr | K21: ='[6]Base clients'!K21 -> 0248892B09-07/00 | L21: ='[6]Base clients'!L21 -> EURO | M21: ='[6]Base clients'!M21 -> 0 | N21: ='[6]Base clients'!N21 -> 0 | O21: ='[6]Base clients'!O21 -> NIF:000907024289215 | P21: ='[6]Base clients'!P21 -> ALGERIA | Q21: ='[6]Base clients'!Q21 -> 0
A22: ='[6]Base clients'!A22 -> C00017 | B22: ='[6]Base clients'!B22 -> 0 | C22: ='[6]Base clients'!C22 -> 0 | D22: ='[6]Base clients'!D22 -> 0 | E22: ='[6]Base clients'!E22 -> 0 | F22: ='[6]Base clients'!F22 -> 0 | G22: ='[6]Base clients'!G22 -> 0 | H22: ='[6]Base clients'!H22 -> 0 | ... Q22: ='[6]Base clients'!Q22 -> 0
A23: ='[6]Base clients'!A23 -> C00018 | B23: ='[6]Base clients'!B23 -> 0 | C23: ='[6]Base clients'!C23 -> 0 | D23: ='[6]Base clients'!D23 -> 0 | E23: ='[6]Base clients'!E23 -> 0 | F23: ='[6]Base clients'!F23 -> 0 | G23: ='[6]Base clients'!G23 -> 0 | H23: ='[6]Base clients'!H23 -> 0 | ... Q23: ='[6]Base clients'!Q23 -> 0
A24: ='[6]Base clients'!A24 -> C00019 | B24: ='[6]Base clients'!B24 -> 0 | C24: ='[6]Base clients'!C24 -> 0 | D24: ='[6]Base clients'!D24 -> 0 | E24: ='[6]Base clients'!E24 -> 0 | F24: ='[6]Base clients'!F24 -> 0 | G24: ='[6]Base clients'!G24 -> 0 | H24: ='[6]Base clients'!H24 -> 0 | ... Q24: ='[6]Base clients'!Q24 -> 0
A25: ='[6]Base clients'!A25 -> C00020 | B25: ='[6]Base clients'!B25 -> 0 | C25: ='[6]Base clients'!C25 -> 0 | D25: ='[6]Base clients'!D25 -> 0 | E25: ='[6]Base clients'!E25 -> 0 | F25: ='[6]Base clients'!F25 -> 0 | G25: ='[6]Base clients'!G25 -> 0 | H25: ='[6]Base clients'!H25 -> 0 | ... Q25: ='[6]Base clients'!Q25 -> 0
A26: ='[6]Base clients'!A26 -> C00021 | B26: ='[6]Base clients'!B26 -> 0 | C26: ='[6]Base clients'!C26 -> 0 | D26: ='[6]Base clients'!D26 -> 0 | E26: ='[6]Base clients'!E26 -> 0 | F26: ='[6]Base clients'!F26 -> 0 | G26: ='[6]Base clients'!G26 -> 0 | H26: ='[6]Base clients'!H26 -> 0 | ... Q26: ='[6]Base clients'!Q26 -> 0
A27: ='[6]Base clients'!A27 -> C00022 | B27: ='[6]Base clients'!B27 -> 0 | C27: ='[6]Base clients'!C27 -> 0 | D27: ='[6]Base clients'!D27 -> 0 | E27: ='[6]Base clients'!E27 -> 0 | F27: ='[6]Base clients'!F27 -> 0 | G27: ='[6]Base clients'!G27 -> 0 | H27: ='[6]Base clients'!H27 -> 0 | ... Q27: ='[6]Base clients'!Q27 -> 0
A28: ='[6]Base clients'!A28 -> C00023 | B28: ='[6]Base clients'!B28 -> 0 | C28: ='[6]Base clients'!C28 -> 0 | D28: ='[6]Base clients'!D28 -> 0 | E28: ='[6]Base clients'!E28 -> 0 | F28: ='[6]Base clients'!F28 -> 0 | G28: ='[6]Base clients'!G28 -> 0 | H28: ='[6]Base clients'!H28 -> 0 | ... Q28: ='[6]Base clients'!Q28 -> 0
A29: ='[6]Base clients'!A29 -> C00024 | B29: ='[6]Base clients'!B29 -> 0 | C29: ='[6]Base clients'!C29 -> 0 | D29: ='[6]Base clients'!D29 -> 0 | E29: ='[6]Base clients'!E29 -> 0 | F29: ='[6]Base clients'!F29 -> 0 | G29: ='[6]Base clients'!G29 -> 0 | H29: ='[6]Base clients'!H29 -> 0 | ... Q29: ='[6]Base clients'!Q29 -> 0
A30: ='[6]Base clients'!A30 -> C00025 | B30: ='[6]Base clients'!B30 -> 0 | C30: ='[6]Base clients'!C30 -> 0 | D30: ='[6]Base clients'!D30 -> 0 | E30: ='[6]Base clients'!E30 -> 0 | F30: ='[6]Base clients'!F30 -> 0 | G30: ='[6]Base clients'!G30 -> 0 | H30: ='[6]Base clients'!H30 -> 0 | ... Q30: ='[6]Base clients'!Q30 -> 0
A31: ='[6]Base clients'!A31 -> C00026 | B31: ='[6]Base clients'!B31 -> 0 | C31: ='[6]Base clients'!C31 -> 0 | D31: ='[6]Base clients'!D31 -> 0 | E31: ='[6]Base clients'!E31 -> 0 | F31: ='[6]Base clients'!F31 -> 0 | G31: ='[6]Base clients'!G31 -> 0 | H31: ='[6]Base clients'!H31 -> 0 | ... Q31: ='[6]Base clients'!Q31 -> 0
A32: ='[6]Base clients'!A32 -> C00027 | B32: ='[6]Base clients'!B32 -> 0 | C32: ='[6]Base clients'!C32 -> 0 | D32: ='[6]Base clients'!D32 -> 0 | E32: ='[6]Base clients'!E32 -> 0 | F32: ='[6]Base clients'!F32 -> 0 | G32: ='[6]Base clients'!G32 -> 0 | H32: ='[6]Base clients'!H32 -> 0 | ... Q32: ='[6]Base clients'!Q32 -> 0
A33: ='[6]Base clients'!A33 -> C00028 | B33: ='[6]Base clients'!B33 -> 0 | C33: ='[6]Base clients'!C33 -> 0 | D33: ='[6]Base clients'!D33 -> 0 | E33: ='[6]Base clients'!E33 -> 0 | F33: ='[6]Base clients'!F33 -> 0 | G33: ='[6]Base clients'!G33 -> 0 | H33: ='[6]Base clients'!H33 -> 0 | ... Q33: ='[6]Base clients'!Q33 -> 0
... A736: ='[6]Base clients'!A736 -> C00731 | B736: ='[6]Base clients'!B736 -> 0 | C736: ='[6]Base clients'!C736 -> 0 | D736: ='[6]Base clients'!D736 -> 0 | E736: ='[6]Base clients'!E736 -> 0 | F736: ='[6]Base clients'!F736 -> 0 | G736: ='[6]Base clients'!G736 -> 0 | H736: ='[6]Base clients'!H736 -> 0 | ... Q736: ='[6]Base clients'!Q736 -> 0

Sheet Calcul colisage
R2: Poids Palette = | S2: 25
R3: Description: | S3: Starter Batteries
I4: N° Palette | J4: Description | K4: Nour Code | L4: International Code | M4: Customer Code | N4: Qté/Palette | O4: Poids Net | P4: Poids Brut | R4: =[7]Colisage!AS35 -> Code Nour | S4: =[7]Colisage!AT35 -> Intl Code | T4: =[7]Colisage!AU35 -> Customer Code | U4: =[7]Colisage!AV35 -> Poids net U | V4: =[7]Colisage!AW35 -> Qté/Palette | W4: =[7]Colisage!AX35 -> Nbre Palettes
G5: =I5 -> 1 | I5: 1 | J5: =S3 -> Starter Batteries | K5: {=IF(ISERROR(_xlfn.IFS((I5<=X$7),R$7,I5<=X$8,R$8,I5<=X$9,R$9,I5<=X$10,R$10,I5<=X$11,R$11,I5<=X$12,R$12,I5<=X$13,R$13,I5<=X$14,R$14,I5<=X$15,R$15,I5<=X$16,R$16,I5<=X$17,R$17,I5<=X$18,R$18,I5<=X$19,R$19)),"",_xlfn.IFS((I5<=X$7),R$7,I5<=X$8,R$8,I5<=X$9,R$9,I5<=X$10,R$10,I5<=X$11,R$11,I5<=X$12,R$12,I5<=X$13,R$13,I5<=X$14,R$14,I5<=X$15,R$15,I5<=X$16,R$16,I5<=X$17,R$17,I5<=X$18,R$18,I5<=X$19,R$19))} -> LB66L2W172R1Z55 | L5: =IF(ISERROR(VLOOKUP(K5,R:X,2,FALSE)),"",VLOOKUP(K5,R:X,2,FALSE)) -> SMF 56219 | M5: =IF(ISERROR(VLOOKUP(K5,R:X,3,FALSE)),"",VLOOKUP(K5,R:X,3,FALSE)) -> A | N5: =IF(ISERROR(VLOOKUP(K5,R:X,5,FALSE)),"",VLOOKUP(K5,R:X,5,FALSE)) -> 63 | O5: =IF(ISERROR(VLOOKUP(K5,R:X,4,FALSE)*N5),"",VLOOKUP(K5,R:X,4,FALSE)*N5) -> 916.65 | P5: =IF(ISERROR(O5+$S$2),"",O5+$S$2) -> 941.65
G6: =I6 -> 2 | I6: 2 | J6: =J5 -> Starter Batteries | K6: {=IF(ISERROR(_xlfn.IFS((I6<=X$7),R$7,I6<=X$8,R$8,I6<=X$9,R$9,I6<=X$10,R$10,I6<=X$11,R$11,I6<=X$12,R$12,I6<=X$13,R$13,I6<=X$14,R$14,I6<=X$15,R$15,I6<=X$16,R$16,I6<=X$17,R$17,I6<=X$18,R$18,I6<=X$19,R$19)),"",_xlfn.IFS((I6<=X$7),R$7,I6<=X$8,R$8,I6<=X$9,R$9,I6<=X$10,R$10,I6<=X$11,R$11,I6<=X$12,R$12,I6<=X$13,R$13,I6<=X$14,R$14,I6<=X$15,R$15,I6<=X$16,R$16,I6<=X$17,R$17,I6<=X$18,R$18,I6<=X$19,R$19))} -> LB66L2W172R1Z55 | L6: =IF(ISERROR(VLOOKUP(K6,R:X,2,FALSE)),"",VLOOKUP(K6,R:X,2,FALSE)) -> SMF 56219 | M6: =IF(ISERROR(VLOOKUP(K6,R:X,3,FALSE)),"",VLOOKUP(K6,R:X,3,FALSE)) -> A | N6: =IF(ISERROR(VLOOKUP(K6,R:X,5,FALSE)),"",VLOOKUP(K6,R:X,5,FALSE)) -> 63 | O6: =IF(ISERROR(VLOOKUP(K6,R:X,4,FALSE)*N6),"",VLOOKUP(K6,R:X,4,FALSE)*N6) -> 916.65 | P6: =IF(ISERROR(O6+$S$2),"",O6+$S$2) -> 941.65 | W6: =SUM(W7:W19) -> 22 | X6: 0
G7: =I7 -> 3 | I7: 3 | J7: =J6 -> Starter Batteries | K7: {=IF(ISERROR(_xlfn.IFS((I7<=X$7),R$7,I7<=X$8,R$8,I7<=X$9,R$9,I7<=X$10,R$10,I7<=X$11,R$11,I7<=X$12,R$12,I7<=X$13,R$13,I7<=X$14,R$14,I7<=X$15,R$15,I7<=X$16,R$16,I7<=X$17,R$17,I7<=X$18,R$18,I7<=X$19,R$19)),"",_xlfn.IFS((I7<=X$7),R$7,I7<=X$8,R$8,I7<=X$9,R$9,I7<=X$10,R$10,I7<=X$11,R$11,I7<=X$12,R$12,I7<=X$13,R$13,I7<=X$14,R$14,I7<=X$15,R$15,I7<=X$16,R$16,I7<=X$17,R$17,I7<=X$18,R$18,I7<=X$19,R$19))} -> LB66L2W172R1Z55 | L7: =IF(ISERROR(VLOOKUP(K7,R:X,2,FALSE)),"",VLOOKUP(K7,R:X,2,FALSE)) -> SMF 56219 | M7: =IF(ISERROR(VLOOKUP(K7,R:X,3,FALSE)),"",VLOOKUP(K7,R:X,3,FALSE)) -> A | N7: =IF(ISERROR(VLOOKUP(K7,R:X,5,FALSE)),"",VLOOKUP(K7,R:X,5,FALSE)) -> 63 | O7: =IF(ISERROR(VLOOKUP(K7,R:X,4,FALSE)*N7),"",VLOOKUP(K7,R:X,4,FALSE)*N7) -> 916.65 | P7: =IF(ISERROR(O7+$S$2),"",O7+$S$2) -> 941.65 | R7: LB66L2W172R1Z55 | S7: SMF 56219 | T7: A | U7: 14.55 | V7: 63 | W7: 6 | X7: =W7 -> 6
G8: =I8 -> 4 | I8: 4 | J8: =J7 -> Starter Batteries | K8: {=IF(ISERROR(_xlfn.IFS((I8<=X$7),R$7,I8<=X$8,R$8,I8<=X$9,R$9,I8<=X$10,R$10,I8<=X$11,R$11,I8<=X$12,R$12,I8<=X$13,R$13,I8<=X$14,R$14,I8<=X$15,R$15,I8<=X$16,R$16,I8<=X$17,R$17,I8<=X$18,R$18,I8<=X$19,R$19)),"",_xlfn.IFS((I8<=X$7),R$7,I8<=X$8,R$8,I8<=X$9,R$9,I8<=X$10,R$10,I8<=X$11,R$11,I8<=X$12,R$12,I8<=X$13,R$13,I8<=X$14,R$14,I8<=X$15,R$15,I8<=X$16,R$16,I8<=X$17,R$17,I8<=X$18,R$18,I8<=X$19,R$19))} -> LB66L2W172R1Z55 | L8: =IF(ISERROR(VLOOKUP(K8,R:X,2,FALSE)),"",VLOOKUP(K8,R:X,2,FALSE)) -> SMF 56219 | M8: =IF(ISERROR(VLOOKUP(K8,R:X,3,FALSE)),"",VLOOKUP(K8,R:X,3,FALSE)) -> A | N8: =IF(ISERROR(VLOOKUP(K8,R:X,5,FALSE)),"",VLOOKUP(K8,R:X,5,FALSE)) -> 63 | O8: =IF(ISERROR(VLOOKUP(K8,R:X,4,FALSE)*N8),"",VLOOKUP(K8,R:X,4,FALSE)*N8) -> 916.65 | P8: =IF(ISERROR(O8+$S$2),"",O8+$S$2) -> 941.65 | R8: LB45L1W172R1Z44 | S8: SMF 54459 | T8: B | U8: 11.6 | V8: 72 | W8: 5 | X8: =W8+X7 -> 11
G9: =I9 -> 5 | I9: 5 | J9: =J8 -> Starter Batteries | K9: {=IF(ISERROR(_xlfn.IFS((I9<=X$7),R$7,I9<=X$8,R$8,I9<=X$9,R$9,I9<=X$10,R$10,I9<=X$11,R$11,I9<=X$12,R$12,I9<=X$13,R$13,I9<=X$14,R$14,I9<=X$15,R$15,I9<=X$16,R$16,I9<=X$17,R$17,I9<=X$18,R$18,I9<=X$19,R$19)),"",_xlfn.IFS((I9<=X$7),R$7,I9<=X$8,R$8,I9<=X$9,R$9,I9<=X$10,R$10,I9<=X$11,R$11,I9<=X$12,R$12,I9<=X$13,R$13,I9<=X$14,R$14,I9<=X$15,R$15,I9<=X$16,R$16,I9<=X$17,R$17,I9<=X$18,R$18,I9<=X$19,R$19))} -> LB66L2W172R1Z55 | L9: =IF(ISERROR(VLOOKUP(K9,R:X,2,FALSE)),"",VLOOKUP(K9,R:X,2,FALSE)) -> SMF 56219 | M9: =IF(ISERROR(VLOOKUP(K9,R:X,3,FALSE)),"",VLOOKUP(K9,R:X,3,FALSE)) -> A | N9: =IF(ISERROR(VLOOKUP(K9,R:X,5,FALSE)),"",VLOOKUP(K9,R:X,5,FALSE)) -> 63 | O9: =IF(ISERROR(VLOOKUP(K9,R:X,4,FALSE)*N9),"",VLOOKUP(K9,R:X,4,FALSE)*N9) -> 916.65 | P9: =IF(ISERROR(O9+$S$2),"",O9+$S$2) -> 941.65 | R9: LB56B2W172R1Z44 | S9: SMF 56077 | T9: C | U9: 13.9 | V9: 63 | W9: 2 | X9: =W9+X8 -> 13
G10: =I10 -> 6 | I10: 6 | J10: =J9 -> Starter Batteries | K10: {=IF(ISERROR(_xlfn.IFS((I10<=X$7),R$7,I10<=X$8,R$8,I10<=X$9,R$9,I10<=X$10,R$10,I10<=X$11,R$11,I10<=X$12,R$12,I10<=X$13,R$13,I10<=X$14,R$14,I10<=X$15,R$15,I10<=X$16,R$16,I10<=X$17,R$17,I10<=X$18,R$18,I10<=X$19,R$19)),"",_xlfn.IFS((I10<=X$7),R$7,I10<=X$8,R$8,I10<=X$9,R$9,I10<=X$10,R$10,I10<=X$11,R$11,I10<=X$12,R$12,I10<=X$13,R$13,I10<=X$14,R$14,I10<=X$15,R$15,I10<=X$16,R$16,I10<=X$17,R$17,I10<=X$18,R$18,I10<=X$19,R$19))} -> LB66L2W172R1Z55 | L10: =IF(ISERROR(VLOOKUP(K10,R:X,2,FALSE)),"",VLOOKUP(K10,R:X,2,FALSE)) -> SMF 56219 | M10: =IF(ISERROR(VLOOKUP(K10,R:X,3,FALSE)),"",VLOOKUP(K10,R:X,3,FALSE)) -> A | N10: =IF(ISERROR(VLOOKUP(K10,R:X,5,FALSE)),"",VLOOKUP(K10,R:X,5,FALSE)) -> 63 | O10: =IF(ISERROR(VLOOKUP(K10,R:X,4,FALSE)*N10),"",VLOOKUP(K10,R:X,4,FALSE)*N10) -> 916.65 | P10: =IF(ISERROR(O10+$S$2),"",O10+$S$2) -> 941.65 | R10: LB67B3W172R1Z44 | S10: SMF 57014 | T10: D | U10: 16.8 | V10: 57 | W10: 3 | X10: =W10+X9 -> 16
G11: =I11 -> 7 | I11: 7 | J11: =J10 -> Starter Batteries | K11: {=IF(ISERROR(_xlfn.IFS((I11<=X$7),R$7,I11<=X$8,R$8,I11<=X$9,R$9,I11<=X$10,R$10,I11<=X$11,R$11,I11<=X$12,R$12,I11<=X$13,R$13,I11<=X$14,R$14,I11<=X$15,R$15,I11<=X$16,R$16,I11<=X$17,R$17,I11<=X$18,R$18,I11<=X$19,R$19)),"",_xlfn.IFS((I11<=X$7),R$7,I11<=X$8,R$8,I11<=X$9,R$9,I11<=X$10,R$10,I11<=X$11,R$11,I11<=X$12,R$12,I11<=X$13,R$13,I11<=X$14,R$14,I11<=X$15,R$15,I11<=X$16,R$16,I11<=X$17,R$17,I11<=X$18,R$18,I11<=X$19,R$19))} -> LB45L1W172R1Z44 | L11: =IF(ISERROR(VLOOKUP(K11,R:X,2,FALSE)),"",VLOOKUP(K11,R:X,2,FALSE)) -> SMF 54459 | M11: =IF(ISERROR(VLOOKUP(K11,R:X,3,FALSE)),"",VLOOKUP(K11,R:X,3,FALSE)) -> B | N11: =IF(ISERROR(VLOOKUP(K11,R:X,5,FALSE)),"",VLOOKUP(K11,R:X,5,FALSE)) -> 72 | O11: =IF(ISERROR(VLOOKUP(K11,R:X,4,FALSE)*N11),"",VLOOKUP(K11,R:X,4,FALSE)*N11) -> 835.2 | P11: =IF(ISERROR(O11+$S$2),"",O11+$S$2) -> 860.2 | R11: LB67L3W172R1Z44 | S11: SMF 57220 | T11: E | U11: 16.8 | V11: 57 | W11: 4 | X11: =W11+X10 -> 20
G12: =I12 -> 8 | I12: 8 | J12: =J11 -> Starter Batteries | K12: {=IF(ISERROR(_xlfn.IFS((I12<=X$7),R$7,I12<=X$8,R$8,I12<=X$9,R$9,I12<=X$10,R$10,I12<=X$11,R$11,I12<=X$12,R$12,I12<=X$13,R$13,I12<=X$14,R$14,I12<=X$15,R$15,I12<=X$16,R$16,I12<=X$17,R$17,I12<=X$18,R$18,I12<=X$19,R$19)),"",_xlfn.IFS((I12<=X$7),R$7,I12<=X$8,R$8,I12<=X$9,R$9,I12<=X$10,R$10,I12<=X$11,R$11,I12<=X$12,R$12,I12<=X$13,R$13,I12<=X$14,R$14,I12<=X$15,R$15,I12<=X$16,R$16,I12<=X$17,R$17,I12<=X$18,R$18,I12<=X$19,R$19))} -> LB45L1W172R1Z44 | L12: =IF(ISERROR(VLOOKUP(K12,R:X,2,FALSE)),"",VLOOKUP(K12,R:X,2,FALSE)) -> SMF 54459 | M12: =IF(ISERROR(VLOOKUP(K12,R:X,3,FALSE)),"",VLOOKUP(K12,R:X,3,FALSE)) -> B | N12: =IF(ISERROR(VLOOKUP(K12,R:X,5,FALSE)),"",VLOOKUP(K12,R:X,5,FALSE)) -> 72 | O12: =IF(ISERROR(VLOOKUP(K12,R:X,4,FALSE)*N12),"",VLOOKUP(K12,R:X,4,FALSE)*N12) -> 835.2 | P12: =IF(ISERROR(O12+$S$2),"",O12+$S$2) -> 860.2 | R12: x | S12: xxx | T12: xx | U12: 15 | V12: 50 | W12: 2 | X12: =W12+X11 -> 22
G13: =I13 -> 9 | I13: 9 | J13: =J12 -> Starter Batteries | K13: {=IF(ISERROR(_xlfn.IFS((I13<=X$7),R$7,I13<=X$8,R$8,I13<=X$9,R$9,I13<=X$10,R$10,I13<=X$11,R$11,I13<=X$12,R$12,I13<=X$13,R$13,I13<=X$14,R$14,I13<=X$15,R$15,I13<=X$16,R$16,I13<=X$17,R$17,I13<=X$18,R$18,I13<=X$19,R$19)),"",_xlfn.IFS((I13<=X$7),R$7,I13<=X$8,R$8,I13<=X$9,R$9,I13<=X$10,R$10,I13<=X$11,R$11,I13<=X$12,R$12,I13<=X$13,R$13,I13<=X$14,R$14,I13<=X$15,R$15,I13<=X$16,R$16,I13<=X$17,R$17,I13<=X$18,R$18,I13<=X$19,R$19))} -> LB45L1W172R1Z44 | L13: =IF(ISERROR(VLOOKUP(K13,R:X,2,FALSE)),"",VLOOKUP(K13,R:X,2,FALSE)) -> SMF 54459 | M13: =IF(ISERROR(VLOOKUP(K13,R:X,3,FALSE)),"",VLOOKUP(K13,R:X,3,FALSE)) -> B | N13: =IF(ISERROR(VLOOKUP(K13,R:X,5,FALSE)),"",VLOOKUP(K13,R:X,5,FALSE)) -> 72 | O13: =IF(ISERROR(VLOOKUP(K13,R:X,4,FALSE)*N13),"",VLOOKUP(K13,R:X,4,FALSE)*N13) -> 835.2 | P13: =IF(ISERROR(O13+$S$2),"",O13+$S$2) -> 860.2 | X13: =W13+X12 -> 22
G14: =I14 -> 10 | I14: 10 | J14: =J13 -> Starter Batteries | K14: {=IF(ISERROR(_xlfn.IFS((I14<=X$7),R$7,I14<=X$8,R$8,I14<=X$9,R$9,I14<=X$10,R$10,I14<=X$11,R$11,I14<=X$12,R$12,I14<=X$13,R$13,I14<=X$14,R$14,I14<=X$15,R$15,I14<=X$16,R$16,I14<=X$17,R$17,I14<=X$18,R$18,I14<=X$19,R$19)),"",_xlfn.IFS((I14<=X$7),R$7,I14<=X$8,R$8,I14<=X$9,R$9,I14<=X$10,R$10,I14<=X$11,R$11,I14<=X$12,R$12,I14<=X$13,R$13,I14<=X$14,R$14,I14<=X$15,R$15,I14<=X$16,R$16,I14<=X$17,R$17,I14<=X$18,R$18,I14<=X$19,R$19))} -> LB45L1W172R1Z44 | L14: =IF(ISERROR(VLOOKUP(K14,R:X,2,FALSE)),"",VLOOKUP(K14,R:X,2,FALSE)) -> SMF 54459 | M14: =IF(ISERROR(VLOOKUP(K14,R:X,3,FALSE)),"",VLOOKUP(K14,R:X,3,FALSE)) -> B | N14: =IF(ISERROR(VLOOKUP(K14,R:X,5,FALSE)),"",VLOOKUP(K14,R:X,5,FALSE)) -> 72 | O14: =IF(ISERROR(VLOOKUP(K14,R:X,4,FALSE)*N14),"",VLOOKUP(K14,R:X,4,FALSE)*N14) -> 835.2 | P14: =IF(ISERROR(O14+$S$2),"",O14+$S$2) -> 860.2 | X14: =W14+X13 -> 22
G15: =I15 -> 11 | I15: 11 | J15: =J14 -> Starter Batteries | K15: {=IF(ISERROR(_xlfn.IFS((I15<=X$7),R$7,I15<=X$8,R$8,I15<=X$9,R$9,I15<=X$10,R$10,I15<=X$11,R$11,I15<=X$12,R$12,I15<=X$13,R$13,I15<=X$14,R$14,I15<=X$15,R$15,I15<=X$16,R$16,I15<=X$17,R$17,I15<=X$18,R$18,I15<=X$19,R$19)),"",_xlfn.IFS((I15<=X$7),R$7,I15<=X$8,R$8,I15<=X$9,R$9,I15<=X$10,R$10,I15<=X$11,R$11,I15<=X$12,R$12,I15<=X$13,R$13,I15<=X$14,R$14,I15<=X$15,R$15,I15<=X$16,R$16,I15<=X$17,R$17,I15<=X$18,R$18,I15<=X$19,R$19))} -> LB45L1W172R1Z44 | L15: =IF(ISERROR(VLOOKUP(K15,R:X,2,FALSE)),"",VLOOKUP(K15,R:X,2,FALSE)) -> SMF 54459 | M15: =IF(ISERROR(VLOOKUP(K15,R:X,3,FALSE)),"",VLOOKUP(K15,R:X,3,FALSE)) -> B | N15: =IF(ISERROR(VLOOKUP(K15,R:X,5,FALSE)),"",VLOOKUP(K15,R:X,5,FALSE)) -> 72 | O15: =IF(ISERROR(VLOOKUP(K15,R:X,4,FALSE)*N15),"",VLOOKUP(K15,R:X,4,FALSE)*N15) -> 835.2 | P15: =IF(ISERROR(O15+$S$2),"",O15+$S$2) -> 860.2 | X15: =W15+X14 -> 22
G16: =I16 -> 12 | I16: 12 | J16: =J15 -> Starter Batteries | K16: {=IF(ISERROR(_xlfn.IFS((I16<=X$7),R$7,I16<=X$8,R$8,I16<=X$9,R$9,I16<=X$10,R$10,I16<=X$11,R$11,I16<=X$12,R$12,I16<=X$13,R$13,I16<=X$14,R$14,I16<=X$15,R$15,I16<=X$16,R$16,I16<=X$17,R$17,I16<=X$18,R$18,I16<=X$19,R$19)),"",_xlfn.IFS((I16<=X$7),R$7,I16<=X$8,R$8,I16<=X$9,R$9,I16<=X$10,R$10,I16<=X$11,R$11,I16<=X$12,R$12,I16<=X$13,R$13,I16<=X$14,R$14,I16<=X$15,R$15,I16<=X$16,R$16,I16<=X$17,R$17,I16<=X$18,R$18,I16<=X$19,R$19))} -> LB56B2W172R1Z44 | L16: =IF(ISERROR(VLOOKUP(K16,R:X,2,FALSE)),"",VLOOKUP(K16,R:X,2,FALSE)) -> SMF 56077 | M16: =IF(ISERROR(VLOOKUP(K16,R:X,3,FALSE)),"",VLOOKUP(K16,R:X,3,FALSE)) -> C | N16: =IF(ISERROR(VLOOKUP(K16,R:X,5,FALSE)),"",VLOOKUP(K16,R:X,5,FALSE)) -> 63 | O16: =IF(ISERROR(VLOOKUP(K16,R:X,4,FALSE)*N16),"",VLOOKUP(K16,R:X,4,FALSE)*N16) -> 875.7 | P16: =IF(ISERROR(O16+$S$2),"",O16+$S$2) -> 900.7 | X16: =W16+X15 -> 22
G17: =I17 -> 13 | I17: 13 | J17: =J16 -> Starter Batteries | K17: {=IF(ISERROR(_xlfn.IFS((I17<=X$7),R$7,I17<=X$8,R$8,I17<=X$9,R$9,I17<=X$10,R$10,I17<=X$11,R$11,I17<=X$12,R$12,I17<=X$13,R$13,I17<=X$14,R$14,I17<=X$15,R$15,I17<=X$16,R$16,I17<=X$17,R$17,I17<=X$18,R$18,I17<=X$19,R$19)),"",_xlfn.IFS((I17<=X$7),R$7,I17<=X$8,R$8,I17<=X$9,R$9,I17<=X$10,R$10,I17<=X$11,R$11,I17<=X$12,R$12,I17<=X$13,R$13,I17<=X$14,R$14,I17<=X$15,R$15,I17<=X$16,R$16,I17<=X$17,R$17,I17<=X$18,R$18,I17<=X$19,R$19))} -> LB56B2W172R1Z44 | L17: =IF(ISERROR(VLOOKUP(K17,R:X,2,FALSE)),"",VLOOKUP(K17,R:X,2,FALSE)) -> SMF 56077 | M17: =IF(ISERROR(VLOOKUP(K17,R:X,3,FALSE)),"",VLOOKUP(K17,R:X,3,FALSE)) -> C | N17: =IF(ISERROR(VLOOKUP(K17,R:X,5,FALSE)),"",VLOOKUP(K17,R:X,5,FALSE)) -> 63 | O17: =IF(ISERROR(VLOOKUP(K17,R:X,4,FALSE)*N17),"",VLOOKUP(K17,R:X,4,FALSE)*N17) -> 875.7 | P17: =IF(ISERROR(O17+$S$2),"",O17+$S$2) -> 900.7 | X17: =W17+X16 -> 22
G18: =I18 -> 14 | I18: 14 | J18: =J17 -> Starter Batteries | K18: {=IF(ISERROR(_xlfn.IFS((I18<=X$7),R$7,I18<=X$8,R$8,I18<=X$9,R$9,I18<=X$10,R$10,I18<=X$11,R$11,I18<=X$12,R$12,I18<=X$13,R$13,I18<=X$14,R$14,I18<=X$15,R$15,I18<=X$16,R$16,I18<=X$17,R$17,I18<=X$18,R$18,I18<=X$19,R$19)),"",_xlfn.IFS((I18<=X$7),R$7,I18<=X$8,R$8,I18<=X$9,R$9,I18<=X$10,R$10,I18<=X$11,R$11,I18<=X$12,R$12,I18<=X$13,R$13,I18<=X$14,R$14,I18<=X$15,R$15,I18<=X$16,R$16,I18<=X$17,R$17,I18<=X$18,R$18,I18<=X$19,R$19))} -> LB67B3W172R1Z44 | L18: =IF(ISERROR(VLOOKUP(K18,R:X,2,FALSE)),"",VLOOKUP(K18,R:X,2,FALSE)) -> SMF 57014 | M18: =IF(ISERROR(VLOOKUP(K18,R:X,3,FALSE)),"",VLOOKUP(K18,R:X,3,FALSE)) -> D | N18: =IF(ISERROR(VLOOKUP(K18,R:X,5,FALSE)),"",VLOOKUP(K18,R:X,5,FALSE)) -> 57 | O18: =IF(ISERROR(VLOOKUP(K18,R:X,4,FALSE)*N18),"",VLOOKUP(K18,R:X,4,FALSE)*N18) -> 957.6 | P18: =IF(ISERROR(O18+$S$2),"",O18+$S$2) -> 982.6 | X18: =W18+X17 -> 22
G19: =I19 -> 15 | I19: 15 | J19: =J18 -> Starter Batteries | K19: {=IF(ISERROR(_xlfn.IFS((I19<=X$7),R$7,I19<=X$8,R$8,I19<=X$9,R$9,I19<=X$10,R$10,I19<=X$11,R$11,I19<=X$12,R$12,I19<=X$13,R$13,I19<=X$14,R$14,I19<=X$15,R$15,I19<=X$16,R$16,I19<=X$17,R$17,I19<=X$18,R$18,I19<=X$19,R$19)),"",_xlfn.IFS((I19<=X$7),R$7,I19<=X$8,R$8,I19<=X$9,R$9,I19<=X$10,R$10,I19<=X$11,R$11,I19<=X$12,R$12,I19<=X$13,R$13,I19<=X$14,R$14,I19<=X$15,R$15,I19<=X$16,R$16,I19<=X$17,R$17,I19<=X$18,R$18,I19<=X$19,R$19))} -> LB67B3W172R1Z44 | L19: =IF(ISERROR(VLOOKUP(K19,R:X,2,FALSE)),"",VLOOKUP(K19,R:X,2,FALSE)) -> SMF 57014 | M19: =IF(ISERROR(VLOOKUP(K19,R:X,3,FALSE)),"",VLOOKUP(K19,R:X,3,FALSE)) -> D | N19: =IF(ISERROR(VLOOKUP(K19,R:X,5,FALSE)),"",VLOOKUP(K19,R:X,5,FALSE)) -> 57 | O19: =IF(ISERROR(VLOOKUP(K19,R:X,4,FALSE)*N19),"",VLOOKUP(K19,R:X,4,FALSE)*N19) -> 957.6 | P19: =IF(ISERROR(O19+$S$2),"",O19+$S$2) -> 982.6 | X19: =W19+X18 -> 22
G20: =I20 -> 16 | I20: 16 | J20: =J19 -> Starter Batteries | K20: {=IF(ISERROR(_xlfn.IFS((I20<=X$7),R$7,I20<=X$8,R$8,I20<=X$9,R$9,I20<=X$10,R$10,I20<=X$11,R$11,I20<=X$12,R$12,I20<=X$13,R$13,I20<=X$14,R$14,I20<=X$15,R$15,I20<=X$16,R$16,I20<=X$17,R$17,I20<=X$18,R$18,I20<=X$19,R$19)),"",_xlfn.IFS((I20<=X$7),R$7,I20<=X$8,R$8,I20<=X$9,R$9,I20<=X$10,R$10,I20<=X$11,R$11,I20<=X$12,R$12,I20<=X$13,R$13,I20<=X$14,R$14,I20<=X$15,R$15,I20<=X$16,R$16,I20<=X$17,R$17,I20<=X$18,R$18,I20<=X$19,R$19))} -> LB67B3W172R1Z44 | L20: =IF(ISERROR(VLOOKUP(K20,R:X,2,FALSE)),"",VLOOKUP(K20,R:X,2,FALSE)) -> SMF 57014 | M20: =IF(ISERROR(VLOOKUP(K20,R:X,3,FALSE)),"",VLOOKUP(K20,R:X,3,FALSE)) -> D | N20: =IF(ISERROR(VLOOKUP(K20,R:X,5,FALSE)),"",VLOOKUP(K20,R:X,5,FALSE)) -> 57 | O20: =IF(ISERROR(VLOOKUP(K20,R:X,4,FALSE)*N20),"",VLOOKUP(K20,R:X,4,FALSE)*N20) -> 957.6 | P20: =IF(ISERROR(O20+$S$2),"",O20+$S$2) -> 982.6 | R20: =[7]Colisage!AS51 | S20: =[7]Colisage!AT51 | T20: =[7]Colisage!AU51 | U20: =[7]Colisage!AV51 | V20: =[7]Colisage!AW51 | W20: =[7]Colisage!AX51
G21: =I21 -> 17 | I21: 17 | J21: =J20 -> Starter Batteries | K21: {=IF(ISERROR(_xlfn.IFS((I21<=X$7),R$7,I21<=X$8,R$8,I21<=X$9,R$9,I21<=X$10,R$10,I21<=X$11,R$11,I21<=X$12,R$12,I21<=X$13,R$13,I21<=X$14,R$14,I21<=X$15,R$15,I21<=X$16,R$16,I21<=X$17,R$17,I21<=X$18,R$18,I21<=X$19,R$19)),"",_xlfn.IFS((I21<=X$7),R$7,I21<=X$8,R$8,I21<=X$9,R$9,I21<=X$10,R$10,I21<=X$11,R$11,I21<=X$12,R$12,I21<=X$13,R$13,I21<=X$14,R$14,I21<=X$15,R$15,I21<=X$16,R$16,I21<=X$17,R$17,I21<=X$18,R$18,I21<=X$19,R$19))} -> LB67L3W172R1Z44 | L21: =IF(ISERROR(VLOOKUP(K21,R:X,2,FALSE)),"",VLOOKUP(K21,R:X,2,FALSE)) -> SMF 57220 | M21: =IF(ISERROR(VLOOKUP(K21,R:X,3,FALSE)),"",VLOOKUP(K21,R:X,3,FALSE)) -> E | N21: =IF(ISERROR(VLOOKUP(K21,R:X,5,FALSE)),"",VLOOKUP(K21,R:X,5,FALSE)) -> 57 | O21: =IF(ISERROR(VLOOKUP(K21,R:X,4,FALSE)*N21),"",VLOOKUP(K21,R:X,4,FALSE)*N21) -> 957.6 | P21: =IF(ISERROR(O21+$S$2),"",O21+$S$2) -> 982.6 | R21: =[7]Colisage!AS52 | S21: =[7]Colisage!AT52 | T21: =[7]Colisage!AU52 | U21: =[7]Colisage!AV52 | V21: =[7]Colisage!AW52 | W21: =[7]Colisage!AX52
A22: =[7]Colisage!AS55 | B22: =[7]Colisage!AT55 | C22: =[7]Colisage!AU55 | D22: =[7]Colisage!AV55 | E22: =[7]Colisage!AW55 | F22: =[7]Colisage!AX55 | G22: =I22 -> 18 | I22: 18 | J22: =J21 -> Starter Batteries | K22: {=IF(ISERROR(_xlfn.IFS((I22<=X$7),R$7,I22<=X$8,R$8,I22<=X$9,R$9,I22<=X$10,R$10,I22<=X$11,R$11,I22<=X$12,R$12,I22<=X$13,R$13,I22<=X$14,R$14,I22<=X$15,R$15,I22<=X$16,R$16,I22<=X$17,R$17,I22<=X$18,R$18,I22<=X$19,R$19)),"",_xlfn.IFS((I22<=X$7),R$7,I22<=X$8,R$8,I22<=X$9,R$9,I22<=X$10,R$10,I22<=X$11,R$11,I22<=X$12,R$12,I22<=X$13,R$13,I22<=X$14,R$14,I22<=X$15,R$15,I22<=X$16,R$16,I22<=X$17,R$17,I22<=X$18,R$18,I22<=X$19,R$19))} -> LB67L3W172R1Z44 | L22: =IF(ISERROR(VLOOKUP(K22,R:X,2,FALSE)),"",VLOOKUP(K22,R:X,2,FALSE)) -> SMF 57220 | M22: =IF(ISERROR(VLOOKUP(K22,R:X,3,FALSE)),"",VLOOKUP(K22,R:X,3,FALSE)) -> E | N22: =IF(ISERROR(VLOOKUP(K22,R:X,5,FALSE)),"",VLOOKUP(K22,R:X,5,FALSE)) -> 57 | O22: =IF(ISERROR(VLOOKUP(K22,R:X,4,FALSE)*N22),"",VLOOKUP(K22,R:X,4,FALSE)*N22) -> 957.6 | P22: =IF(ISERROR(O22+$S$2),"",O22+$S$2) -> 982.6 | R22: =[7]Colisage!AS53 | S22: =[7]Colisage!AT53 | T22: =[7]Colisage!AU53 | U22: =[7]Colisage!AV53 | V22: =[7]Colisage!AW53 | W22: =[7]Colisage!AX53
A23: =[7]Colisage!AS56 | B23: =[7]Colisage!AT56 | C23: =[7]Colisage!AU56 | D23: =[7]Colisage!AV56 | E23: =[7]Colisage!AW56 | F23: =[7]Colisage!AX56 | G23: =I23 -> 19 | I23: 19 | J23: =J22 -> Starter Batteries | K23: {=IF(ISERROR(_xlfn.IFS((I23<=X$7),R$7,I23<=X$8,R$8,I23<=X$9,R$9,I23<=X$10,R$10,I23<=X$11,R$11,I23<=X$12,R$12,I23<=X$13,R$13,I23<=X$14,R$14,I23<=X$15,R$15,I23<=X$16,R$16,I23<=X$17,R$17,I23<=X$18,R$18,I23<=X$19,R$19)),"",_xlfn.IFS((I23<=X$7),R$7,I23<=X$8,R$8,I23<=X$9,R$9,I23<=X$10,R$10,I23<=X$11,R$11,I23<=X$12,R$12,I23<=X$13,R$13,I23<=X$14,R$14,I23<=X$15,R$15,I23<=X$16,R$16,I23<=X$17,R$17,I23<=X$18,R$18,I23<=X$19,R$19))} -> LB67L3W172R1Z44 | L23: =IF(ISERROR(VLOOKUP(K23,R:X,2,FALSE)),"",VLOOKUP(K23,R:X,2,FALSE)) -> SMF 57220 | M23: =IF(ISERROR(VLOOKUP(K23,R:X,3,FALSE)),"",VLOOKUP(K23,R:X,3,FALSE)) -> E | N23: =IF(ISERROR(VLOOKUP(K23,R:X,5,FALSE)),"",VLOOKUP(K23,R:X,5,FALSE)) -> 57 | O23: =IF(ISERROR(VLOOKUP(K23,R:X,4,FALSE)*N23),"",VLOOKUP(K23,R:X,4,FALSE)*N23) -> 957.6 | P23: =IF(ISERROR(O23+$S$2),"",O23+$S$2) -> 982.6 | R23: =[7]Colisage!AS54 | S23: =[7]Colisage!AT54 | T23: =[7]Colisage!AU54 | U23: =[7]Colisage!AV54 | V23: =[7]Colisage!AW54 | W23: =[7]Colisage!AX54
A24: =[7]Colisage!AS57 | B24: =[7]Colisage!AT57 | C24: =[7]Colisage!AU57 | D24: =[7]Colisage!AV57 | E24: =[7]Colisage!AW57 | F24: =[7]Colisage!AX57 | G24: =I24 -> 20 | I24: 20 | J24: =J23 -> Starter Batteries | K24: {=IF(ISERROR(_xlfn.IFS((I24<=X$7),R$7,I24<=X$8,R$8,I24<=X$9,R$9,I24<=X$10,R$10,I24<=X$11,R$11,I24<=X$12,R$12,I24<=X$13,R$13,I24<=X$14,R$14,I24<=X$15,R$15,I24<=X$16,R$16,I24<=X$17,R$17,I24<=X$18,R$18,I24<=X$19,R$19)),"",_xlfn.IFS((I24<=X$7),R$7,I24<=X$8,R$8,I24<=X$9,R$9,I24<=X$10,R$10,I24<=X$11,R$11,I24<=X$12,R$12,I24<=X$13,R$13,I24<=X$14,R$14,I24<=X$15,R$15,I24<=X$16,R$16,I24<=X$17,R$17,I24<=X$18,R$18,I24<=X$19,R$19))} -> LB67L3W172R1Z44 | L24: =IF(ISERROR(VLOOKUP(K24,R:X,2,FALSE)),"",VLOOKUP(K24,R:X,2,FALSE)) -> SMF 57220 | M24: =IF(ISERROR(VLOOKUP(K24,R:X,3,FALSE)),"",VLOOKUP(K24,R:X,3,FALSE)) -> E | N24: =IF(ISERROR(VLOOKUP(K24,R:X,5,FALSE)),"",VLOOKUP(K24,R:X,5,FALSE)) -> 57 | O24: =IF(ISERROR(VLOOKUP(K24,R:X,4,FALSE)*N24),"",VLOOKUP(K24,R:X,4,FALSE)*N24) -> 957.6 | P24: =IF(ISERROR(O24+$S$2),"",O24+$S$2) -> 982.6
A25: =[7]Colisage!AS58 | B25: =[7]Colisage!AT58 | C25: =[7]Colisage!AU58 | D25: =[7]Colisage!AV58 | E25: =[7]Colisage!AW58 | F25: =[7]Colisage!AX58 | G25: =I25 -> 21 | I25: 21 | J25: =J24 -> Starter Batteries | K25: {=IF(ISERROR(_xlfn.IFS((I25<=X$7),R$7,I25<=X$8,R$8,I25<=X$9,R$9,I25<=X$10,R$10,I25<=X$11,R$11,I25<=X$12,R$12,I25<=X$13,R$13,I25<=X$14,R$14,I25<=X$15,R$15,I25<=X$16,R$16,I25<=X$17,R$17,I25<=X$18,R$18,I25<=X$19,R$19)),"",_xlfn.IFS((I25<=X$7),R$7,I25<=X$8,R$8,I25<=X$9,R$9,I25<=X$10,R$10,I25<=X$11,R$11,I25<=X$12,R$12,I25<=X$13,R$13,I25<=X$14,R$14,I25<=X$15,R$15,I25<=X$16,R$16,I25<=X$17,R$17,I25<=X$18,R$18,I25<=X$19,R$19))} -> x | L25: =IF(ISERROR(VLOOKUP(K25,R:X,2,FALSE)),"",VLOOKUP(K25,R:X,2,FALSE)) -> xxx | M25: =IF(ISERROR(VLOOKUP(K25,R:X,3,FALSE)),"",VLOOKUP(K25,R:X,3,FALSE)) -> xx | N25: =IF(ISERROR(VLOOKUP(K25,R:X,5,FALSE)),"",VLOOKUP(K25,R:X,5,FALSE)) -> 50 | O25: =IF(ISERROR(VLOOKUP(K25,R:X,4,FALSE)*N25),"",VLOOKUP(K25,R:X,4,FALSE)*N25) -> 750 | P25: =IF(ISERROR(O25+$S$2),"",O25+$S$2) -> 775
A26: =[7]Colisage!AS59 | B26: =[7]Colisage!AT59 | C26: =[7]Colisage!AU59 | D26: =[7]Colisage!AV59 | E26: =[7]Colisage!AW59 | F26: =[7]Colisage!AX59 | G26: =I26 -> 22 | I26: 22 | J26: =J25 -> Starter Batteries | K26: {=IF(ISERROR(_xlfn.IFS((I26<=X$7),R$7,I26<=X$8,R$8,I26<=X$9,R$9,I26<=X$10,R$10,I26<=X$11,R$11,I26<=X$12,R$12,I26<=X$13,R$13,I26<=X$14,R$14,I26<=X$15,R$15,I26<=X$16,R$16,I26<=X$17,R$17,I26<=X$18,R$18,I26<=X$19,R$19)),"",_xlfn.IFS((I26<=X$7),R$7,I26<=X$8,R$8,I26<=X$9,R$9,I26<=X$10,R$10,I26<=X$11,R$11,I26<=X$12,R$12,I26<=X$13,R$13,I26<=X$14,R$14,I26<=X$15,R$15,I26<=X$16,R$16,I26<=X$17,R$17,I26<=X$18,R$18,I26<=X$19,R$19))} -> x | L26: =IF(ISERROR(VLOOKUP(K26,R:X,2,FALSE)),"",VLOOKUP(K26,R:X,2,FALSE)) -> xxx | M26: =IF(ISERROR(VLOOKUP(K26,R:X,3,FALSE)),"",VLOOKUP(K26,R:X,3,FALSE)) -> xx | N26: =IF(ISERROR(VLOOKUP(K26,R:X,5,FALSE)),"",VLOOKUP(K26,R:X,5,FALSE)) -> 50 | O26: =IF(ISERROR(VLOOKUP(K26,R:X,4,FALSE)*N26),"",VLOOKUP(K26,R:X,4,FALSE)*N26) -> 750 | P26: =IF(ISERROR(O26+$S$2),"",O26+$S$2) -> 775
A27: =[7]Colisage!AS60 | B27: =[7]Colisage!AT60 | C27: =[7]Colisage!AU60 | D27: =[7]Colisage!AV60 | E27: =[7]Colisage!AW60 | F27: =[7]Colisage!AX60 | G27: =I27 -> 23 | I27: 23 | J27: =J26 -> Starter Batteries | K27: {=IF(ISERROR(_xlfn.IFS((I27<=X$7),R$7,I27<=X$8,R$8,I27<=X$9,R$9,I27<=X$10,R$10,I27<=X$11,R$11,I27<=X$12,R$12,I27<=X$13,R$13,I27<=X$14,R$14,I27<=X$15,R$15,I27<=X$16,R$16,I27<=X$17,R$17,I27<=X$18,R$18,I27<=X$19,R$19)),"",_xlfn.IFS((I27<=X$7),R$7,I27<=X$8,R$8,I27<=X$9,R$9,I27<=X$10,R$10,I27<=X$11,R$11,I27<=X$12,R$12,I27<=X$13,R$13,I27<=X$14,R$14,I27<=X$15,R$15,I27<=X$16,R$16,I27<=X$17,R$17,I27<=X$18,R$18,I27<=X$19,R$19))} | L27: =IF(ISERROR(VLOOKUP(K27,R:X,2,FALSE)),"",VLOOKUP(K27,R:X,2,FALSE)) | M27: =IF(ISERROR(VLOOKUP(K27,R:X,3,FALSE)),"",VLOOKUP(K27,R:X,3,FALSE)) | N27: =IF(ISERROR(VLOOKUP(K27,R:X,5,FALSE)),"",VLOOKUP(K27,R:X,5,FALSE)) | O27: =IF(ISERROR(VLOOKUP(K27,R:X,4,FALSE)*N27),"",VLOOKUP(K27,R:X,4,FALSE)*N27) | P27: =IF(ISERROR(O27+$S$2),"",O27+$S$2)
A28: =[7]Colisage!AS61 | B28: =[7]Colisage!AT61 | C28: =[7]Colisage!AU61 | D28: =[7]Colisage!AV61 | E28: =[7]Colisage!AW61 | F28: =[7]Colisage!AX61 | G28: =I28 -> 24 | I28: 24 | J28: =J27 -> Starter Batteries | K28: {=IF(ISERROR(_xlfn.IFS((I28<=X$7),R$7,I28<=X$8,R$8,I28<=X$9,R$9,I28<=X$10,R$10,I28<=X$11,R$11,I28<=X$12,R$12,I28<=X$13,R$13,I28<=X$14,R$14,I28<=X$15,R$15,I28<=X$16,R$16,I28<=X$17,R$17,I28<=X$18,R$18,I28<=X$19,R$19)),"",_xlfn.IFS((I28<=X$7),R$7,I28<=X$8,R$8,I28<=X$9,R$9,I28<=X$10,R$10,I28<=X$11,R$11,I28<=X$12,R$12,I28<=X$13,R$13,I28<=X$14,R$14,I28<=X$15,R$15,I28<=X$16,R$16,I28<=X$17,R$17,I28<=X$18,R$18,I28<=X$19,R$19))} | L28: =IF(ISERROR(VLOOKUP(K28,R:X,2,FALSE)),"",VLOOKUP(K28,R:X,2,FALSE)) | M28: =IF(ISERROR(VLOOKUP(K28,R:X,3,FALSE)),"",VLOOKUP(K28,R:X,3,FALSE)) | N28: =IF(ISERROR(VLOOKUP(K28,R:X,5,FALSE)),"",VLOOKUP(K28,R:X,5,FALSE)) | O28: =IF(ISERROR(VLOOKUP(K28,R:X,4,FALSE)*N28),"",VLOOKUP(K28,R:X,4,FALSE)*N28) | P28: =IF(ISERROR(O28+$S$2),"",O28+$S$2)
A29: =[7]Colisage!AS62 | B29: =[7]Colisage!AT62 | C29: =[7]Colisage!AU62 | D29: =[7]Colisage!AV62 | E29: =[7]Colisage!AW62 | F29: =[7]Colisage!AX62 | G29: =I29 -> 25 | I29: 25 | J29: =J28 -> Starter Batteries | K29: {=IF(ISERROR(_xlfn.IFS((I29<=X$7),R$7,I29<=X$8,R$8,I29<=X$9,R$9,I29<=X$10,R$10,I29<=X$11,R$11,I29<=X$12,R$12,I29<=X$13,R$13,I29<=X$14,R$14,I29<=X$15,R$15,I29<=X$16,R$16,I29<=X$17,R$17,I29<=X$18,R$18,I29<=X$19,R$19)),"",_xlfn.IFS((I29<=X$7),R$7,I29<=X$8,R$8,I29<=X$9,R$9,I29<=X$10,R$10,I29<=X$11,R$11,I29<=X$12,R$12,I29<=X$13,R$13,I29<=X$14,R$14,I29<=X$15,R$15,I29<=X$16,R$16,I29<=X$17,R$17,I29<=X$18,R$18,I29<=X$19,R$19))} | L29: =IF(ISERROR(VLOOKUP(K29,R:X,2,FALSE)),"",VLOOKUP(K29,R:X,2,FALSE)) | M29: =IF(ISERROR(VLOOKUP(K29,R:X,3,FALSE)),"",VLOOKUP(K29,R:X,3,FALSE)) | N29: =IF(ISERROR(VLOOKUP(K29,R:X,5,FALSE)),"",VLOOKUP(K29,R:X,5,FALSE)) | O29: =IF(ISERROR(VLOOKUP(K29,R:X,4,FALSE)*N29),"",VLOOKUP(K29,R:X,4,FALSE)*N29) | P29: =IF(ISERROR(O29+$S$2),"",O29+$S$2)
A30: =[7]Colisage!AS63 | B30: =[7]Colisage!AT63 | C30: =[7]Colisage!AU63 | D30: =[7]Colisage!AV63 | E30: =[7]Colisage!AW63 | F30: =[7]Colisage!AX63 | G30: =I30 -> 26 | I30: 26 | J30: =J29 -> Starter Batteries | K30: {=IF(ISERROR(_xlfn.IFS((I30<=X$7),R$7,I30<=X$8,R$8,I30<=X$9,R$9,I30<=X$10,R$10,I30<=X$11,R$11,I30<=X$12,R$12,I30<=X$13,R$13,I30<=X$14,R$14,I30<=X$15,R$15,I30<=X$16,R$16,I30<=X$17,R$17,I30<=X$18,R$18,I30<=X$19,R$19)),"",_xlfn.IFS((I30<=X$7),R$7,I30<=X$8,R$8,I30<=X$9,R$9,I30<=X$10,R$10,I30<=X$11,R$11,I30<=X$12,R$12,I30<=X$13,R$13,I30<=X$14,R$14,I30<=X$15,R$15,I30<=X$16,R$16,I30<=X$17,R$17,I30<=X$18,R$18,I30<=X$19,R$19))} | L30: =IF(ISERROR(VLOOKUP(K30,R:X,2,FALSE)),"",VLOOKUP(K30,R:X,2,FALSE)) | M30: =IF(ISERROR(VLOOKUP(K30,R:X,3,FALSE)),"",VLOOKUP(K30,R:X,3,FALSE)) | N30: =IF(ISERROR(VLOOKUP(K30,R:X,5,FALSE)),"",VLOOKUP(K30,R:X,5,FALSE)) | O30: =IF(ISERROR(VLOOKUP(K30,R:X,4,FALSE)*N30),"",VLOOKUP(K30,R:X,4,FALSE)*N30) | P30: =IF(ISERROR(O30+$S$2),"",O30+$S$2)
A31: =[7]Colisage!AS64 | B31: =[7]Colisage!AT64 | C31: =[7]Colisage!AU64 | D31: =[7]Colisage!AV64 | E31: =[7]Colisage!AW64 | F31: =[7]Colisage!AX64 | G31: =I31 -> 27 | I31: 27 | J31: =J30 -> Starter Batteries | K31: {=IF(ISERROR(_xlfn.IFS((I31<=X$7),R$7,I31<=X$8,R$8,I31<=X$9,R$9,I31<=X$10,R$10,I31<=X$11,R$11,I31<=X$12,R$12,I31<=X$13,R$13,I31<=X$14,R$14,I31<=X$15,R$15,I31<=X$16,R$16,I31<=X$17,R$17,I31<=X$18,R$18,I31<=X$19,R$19)),"",_xlfn.IFS((I31<=X$7),R$7,I31<=X$8,R$8,I31<=X$9,R$9,I31<=X$10,R$10,I31<=X$11,R$11,I31<=X$12,R$12,I31<=X$13,R$13,I31<=X$14,R$14,I31<=X$15,R$15,I31<=X$16,R$16,I31<=X$17,R$17,I31<=X$18,R$18,I31<=X$19,R$19))} | L31: =IF(ISERROR(VLOOKUP(K31,R:X,2,FALSE)),"",VLOOKUP(K31,R:X,2,FALSE)) | M31: =IF(ISERROR(VLOOKUP(K31,R:X,3,FALSE)),"",VLOOKUP(K31,R:X,3,FALSE)) | N31: =IF(ISERROR(VLOOKUP(K31,R:X,5,FALSE)),"",VLOOKUP(K31,R:X,5,FALSE)) | O31: =IF(ISERROR(VLOOKUP(K31,R:X,4,FALSE)*N31),"",VLOOKUP(K31,R:X,4,FALSE)*N31) | P31: =IF(ISERROR(O31+$S$2),"",O31+$S$2)
A32: =[7]Colisage!AS65 | B32: =[7]Colisage!AT65 | C32: =[7]Colisage!AU65 | D32: =[7]Colisage!AV65 | E32: =[7]Colisage!AW65 | F32: =[7]Colisage!AX65 | G32: =I32 -> 28 | I32: 28 | J32: =J31 -> Starter Batteries | K32: {=IF(ISERROR(_xlfn.IFS((I32<=X$7),R$7,I32<=X$8,R$8,I32<=X$9,R$9,I32<=X$10,R$10,I32<=X$11,R$11,I32<=X$12,R$12,I32<=X$13,R$13,I32<=X$14,R$14,I32<=X$15,R$15,I32<=X$16,R$16,I32<=X$17,R$17,I32<=X$18,R$18,I32<=X$19,R$19)),"",_xlfn.IFS((I32<=X$7),R$7,I32<=X$8,R$8,I32<=X$9,R$9,I32<=X$10,R$10,I32<=X$11,R$11,I32<=X$12,R$12,I32<=X$13,R$13,I32<=X$14,R$14,I32<=X$15,R$15,I32<=X$16,R$16,I32<=X$17,R$17,I32<=X$18,R$18,I32<=X$19,R$19))} | L32: =IF(ISERROR(VLOOKUP(K32,R:X,2,FALSE)),"",VLOOKUP(K32,R:X,2,FALSE)) | M32: =IF(ISERROR(VLOOKUP(K32,R:X,3,FALSE)),"",VLOOKUP(K32,R:X,3,FALSE)) | N32: =IF(ISERROR(VLOOKUP(K32,R:X,5,FALSE)),"",VLOOKUP(K32,R:X,5,FALSE)) | O32: =IF(ISERROR(VLOOKUP(K32,R:X,4,FALSE)*N32),"",VLOOKUP(K32,R:X,4,FALSE)*N32) | P32: =IF(ISERROR(O32+$S$2),"",O32+$S$2)
A33: =[7]Colisage!AS66 | B33: =[7]Colisage!AT66 | C33: =[7]Colisage!AU66 | D33: =[7]Colisage!AV66 | E33: =[7]Colisage!AW66 | F33: =[7]Colisage!AX66 | G33: =I33 -> 29 | I33: 29 | J33: =J32 -> Starter Batteries | K33: {=IF(ISERROR(_xlfn.IFS((I33<=X$7),R$7,I33<=X$8,R$8,I33<=X$9,R$9,I33<=X$10,R$10,I33<=X$11,R$11,I33<=X$12,R$12,I33<=X$13,R$13,I33<=X$14,R$14,I33<=X$15,R$15,I33<=X$16,R$16,I33<=X$17,R$17,I33<=X$18,R$18,I33<=X$19,R$19)),"",_xlfn.IFS((I33<=X$7),R$7,I33<=X$8,R$8,I33<=X$9,R$9,I33<=X$10,R$10,I33<=X$11,R$11,I33<=X$12,R$12,I33<=X$13,R$13,I33<=X$14,R$14,I33<=X$15,R$15,I33<=X$16,R$16,I33<=X$17,R$17,I33<=X$18,R$18,I33<=X$19,R$19))} | L33: =IF(ISERROR(VLOOKUP(K33,R:X,2,FALSE)),"",VLOOKUP(K33,R:X,2,FALSE)) | M33: =IF(ISERROR(VLOOKUP(K33,R:X,3,FALSE)),"",VLOOKUP(K33,R:X,3,FALSE)) | N33: =IF(ISERROR(VLOOKUP(K33,R:X,5,FALSE)),"",VLOOKUP(K33,R:X,5,FALSE)) | O33: =IF(ISERROR(VLOOKUP(K33,R:X,4,FALSE)*N33),"",VLOOKUP(K33,R:X,4,FALSE)*N33) | P33: =IF(ISERROR(O33+$S$2),"",O33+$S$2)
A34: =[7]Colisage!AS67 | B34: =[7]Colisage!AT67 | C34: =[7]Colisage!AU67 | D34: =[7]Colisage!AV67 | E34: =[7]Colisage!AW67 | F34: =[7]Colisage!AX67 | G34: =I34 -> 30 | I34: 30 | J34: =J33 -> Starter Batteries | K34: {=IF(ISERROR(_xlfn.IFS((I34<=X$7),R$7,I34<=X$8,R$8,I34<=X$9,R$9,I34<=X$10,R$10,I34<=X$11,R$11,I34<=X$12,R$12,I34<=X$13,R$13,I34<=X$14,R$14,I34<=X$15,R$15,I34<=X$16,R$16,I34<=X$17,R$17,I34<=X$18,R$18,I34<=X$19,R$19)),"",_xlfn.IFS((I34<=X$7),R$7,I34<=X$8,R$8,I34<=X$9,R$9,I34<=X$10,R$10,I34<=X$11,R$11,I34<=X$12,R$12,I34<=X$13,R$13,I34<=X$14,R$14,I34<=X$15,R$15,I34<=X$16,R$16,I34<=X$17,R$17,I34<=X$18,R$18,I34<=X$19,R$19))} | L34: =IF(ISERROR(VLOOKUP(K34,R:X,2,FALSE)),"",VLOOKUP(K34,R:X,2,FALSE)) | M34: =IF(ISERROR(VLOOKUP(K34,R:X,3,FALSE)),"",VLOOKUP(K34,R:X,3,FALSE)) | N34: =IF(ISERROR(VLOOKUP(K34,R:X,5,FALSE)),"",VLOOKUP(K34,R:X,5,FALSE)) | O34: =IF(ISERROR(VLOOKUP(K34,R:X,4,FALSE)*N34),"",VLOOKUP(K34,R:X,4,FALSE)*N34) | P34: =IF(ISERROR(O34+$S$2),"",O34+$S$2)
G35: =I35 -> 31 | I35: 31 | J35: =J34 -> Starter Batteries | K35: {=IF(ISERROR(_xlfn.IFS((I35<=X$7),R$7,I35<=X$8,R$8,I35<=X$9,R$9,I35<=X$10,R$10,I35<=X$11,R$11,I35<=X$12,R$12,I35<=X$13,R$13,I35<=X$14,R$14,I35<=X$15,R$15,I35<=X$16,R$16,I35<=X$17,R$17,I35<=X$18,R$18,I35<=X$19,R$19)),"",_xlfn.IFS((I35<=X$7),R$7,I35<=X$8,R$8,I35<=X$9,R$9,I35<=X$10,R$10,I35<=X$11,R$11,I35<=X$12,R$12,I35<=X$13,R$13,I35<=X$14,R$14,I35<=X$15,R$15,I35<=X$16,R$16,I35<=X$17,R$17,I35<=X$18,R$18,I35<=X$19,R$19))} | L35: =IF(ISERROR(VLOOKUP(K35,R:X,2,FALSE)),"",VLOOKUP(K35,R:X,2,FALSE)) | M35: =IF(ISERROR(VLOOKUP(K35,R:X,3,FALSE)),"",VLOOKUP(K35,R:X,3,FALSE)) | N35: =IF(ISERROR(VLOOKUP(K35,R:X,5,FALSE)),"",VLOOKUP(K35,R:X,5,FALSE)) | O35: =IF(ISERROR(VLOOKUP(K35,R:X,4,FALSE)*N35),"",VLOOKUP(K35,R:X,4,FALSE)*N35) | P35: =IF(ISERROR(O35+$S$2),"",O35+$S$2)
G36: =I36 -> 32 | I36: 32 | J36: =J35 -> Starter Batteries | K36: {=IF(ISERROR(_xlfn.IFS((I36<=X$7),R$7,I36<=X$8,R$8,I36<=X$9,R$9,I36<=X$10,R$10,I36<=X$11,R$11,I36<=X$12,R$12,I36<=X$13,R$13,I36<=X$14,R$14,I36<=X$15,R$15,I36<=X$16,R$16,I36<=X$17,R$17,I36<=X$18,R$18,I36<=X$19,R$19)),"",_xlfn.IFS((I36<=X$7),R$7,I36<=X$8,R$8,I36<=X$9,R$9,I36<=X$10,R$10,I36<=X$11,R$11,I36<=X$12,R$12,I36<=X$13,R$13,I36<=X$14,R$14,I36<=X$15,R$15,I36<=X$16,R$16,I36<=X$17,R$17,I36<=X$18,R$18,I36<=X$19,R$19))} | L36: =IF(ISERROR(VLOOKUP(K36,R:X,2,FALSE)),"",VLOOKUP(K36,R:X,2,FALSE)) | M36: =IF(ISERROR(VLOOKUP(K36,R:X,3,FALSE)),"",VLOOKUP(K36,R:X,3,FALSE)) | N36: =IF(ISERROR(VLOOKUP(K36,R:X,5,FALSE)),"",VLOOKUP(K36,R:X,5,FALSE)) | O36: =IF(ISERROR(VLOOKUP(K36,R:X,4,FALSE)*N36),"",VLOOKUP(K36,R:X,4,FALSE)*N36) | P36: =IF(ISERROR(O36+$S$2),"",O36+$S$2)
G37: =I37 -> 33 | I37: 33 | J37: =J36 -> Starter Batteries | K37: {=IF(ISERROR(_xlfn.IFS((I37<=X$7),R$7,I37<=X$8,R$8,I37<=X$9,R$9,I37<=X$10,R$10,I37<=X$11,R$11,I37<=X$12,R$12,I37<=X$13,R$13,I37<=X$14,R$14,I37<=X$15,R$15,I37<=X$16,R$16,I37<=X$17,R$17,I37<=X$18,R$18,I37<=X$19,R$19)),"",_xlfn.IFS((I37<=X$7),R$7,I37<=X$8,R$8,I37<=X$9,R$9,I37<=X$10,R$10,I37<=X$11,R$11,I37<=X$12,R$12,I37<=X$13,R$13,I37<=X$14,R$14,I37<=X$15,R$15,I37<=X$16,R$16,I37<=X$17,R$17,I37<=X$18,R$18,I37<=X$19,R$19))} | L37: =IF(ISERROR(VLOOKUP(K37,R:X,2,FALSE)),"",VLOOKUP(K37,R:X,2,FALSE)) | M37: =IF(ISERROR(VLOOKUP(K37,R:X,3,FALSE)),"",VLOOKUP(K37,R:X,3,FALSE)) | N37: =IF(ISERROR(VLOOKUP(K37,R:X,5,FALSE)),"",VLOOKUP(K37,R:X,5,FALSE)) | O37: =IF(ISERROR(VLOOKUP(K37,R:X,4,FALSE)*N37),"",VLOOKUP(K37,R:X,4,FALSE)*N37) | P37: =IF(ISERROR(O37+$S$2),"",O37+$S$2)
G38: =I38 -> 34 | I38: 34 | J38: =J37 -> Starter Batteries | K38: {=IF(ISERROR(_xlfn.IFS((I38<=X$7),R$7,I38<=X$8,R$8,I38<=X$9,R$9,I38<=X$10,R$10,I38<=X$11,R$11,I38<=X$12,R$12,I38<=X$13,R$13,I38<=X$14,R$14,I38<=X$15,R$15,I38<=X$16,R$16,I38<=X$17,R$17,I38<=X$18,R$18,I38<=X$19,R$19)),"",_xlfn.IFS((I38<=X$7),R$7,I38<=X$8,R$8,I38<=X$9,R$9,I38<=X$10,R$10,I38<=X$11,R$11,I38<=X$12,R$12,I38<=X$13,R$13,I38<=X$14,R$14,I38<=X$15,R$15,I38<=X$16,R$16,I38<=X$17,R$17,I38<=X$18,R$18,I38<=X$19,R$19))} | L38: =IF(ISERROR(VLOOKUP(K38,R:X,2,FALSE)),"",VLOOKUP(K38,R:X,2,FALSE)) | M38: =IF(ISERROR(VLOOKUP(K38,R:X,3,FALSE)),"",VLOOKUP(K38,R:X,3,FALSE)) | N38: =IF(ISERROR(VLOOKUP(K38,R:X,5,FALSE)),"",VLOOKUP(K38,R:X,5,FALSE)) | O38: =IF(ISERROR(VLOOKUP(K38,R:X,4,FALSE)*N38),"",VLOOKUP(K38,R:X,4,FALSE)*N38) | P38: =IF(ISERROR(O38+$S$2),"",O38+$S$2)
G39: =I39 -> 35 | I39: 35 | J39: =J38 -> Starter Batteries | K39: {=IF(ISERROR(_xlfn.IFS((I39<=X$7),R$7,I39<=X$8,R$8,I39<=X$9,R$9,I39<=X$10,R$10,I39<=X$11,R$11,I39<=X$12,R$12,I39<=X$13,R$13,I39<=X$14,R$14,I39<=X$15,R$15,I39<=X$16,R$16,I39<=X$17,R$17,I39<=X$18,R$18,I39<=X$19,R$19)),"",_xlfn.IFS((I39<=X$7),R$7,I39<=X$8,R$8,I39<=X$9,R$9,I39<=X$10,R$10,I39<=X$11,R$11,I39<=X$12,R$12,I39<=X$13,R$13,I39<=X$14,R$14,I39<=X$15,R$15,I39<=X$16,R$16,I39<=X$17,R$17,I39<=X$18,R$18,I39<=X$19,R$19))} | L39: =IF(ISERROR(VLOOKUP(K39,R:X,2,FALSE)),"",VLOOKUP(K39,R:X,2,FALSE)) | M39: =IF(ISERROR(VLOOKUP(K39,R:X,3,FALSE)),"",VLOOKUP(K39,R:X,3,FALSE)) | N39: =IF(ISERROR(VLOOKUP(K39,R:X,5,FALSE)),"",VLOOKUP(K39,R:X,5,FALSE)) | O39: =IF(ISERROR(VLOOKUP(K39,R:X,4,FALSE)*N39),"",VLOOKUP(K39,R:X,4,FALSE)*N39) | P39: =IF(ISERROR(O39+$S$2),"",O39+$S$2)
G40: =I40 -> 36 | I40: 36 | J40: =J39 -> Starter Batteries | K40: {=IF(ISERROR(_xlfn.IFS((I40<=X$7),R$7,I40<=X$8,R$8,I40<=X$9,R$9,I40<=X$10,R$10,I40<=X$11,R$11,I40<=X$12,R$12,I40<=X$13,R$13,I40<=X$14,R$14,I40<=X$15,R$15,I40<=X$16,R$16,I40<=X$17,R$17,I40<=X$18,R$18,I40<=X$19,R$19)),"",_xlfn.IFS((I40<=X$7),R$7,I40<=X$8,R$8,I40<=X$9,R$9,I40<=X$10,R$10,I40<=X$11,R$11,I40<=X$12,R$12,I40<=X$13,R$13,I40<=X$14,R$14,I40<=X$15,R$15,I40<=X$16,R$16,I40<=X$17,R$17,I40<=X$18,R$18,I40<=X$19,R$19))} | L40: =IF(ISERROR(VLOOKUP(K40,R:X,2,FALSE)),"",VLOOKUP(K40,R:X,2,FALSE)) | M40: =IF(ISERROR(VLOOKUP(K40,R:X,3,FALSE)),"",VLOOKUP(K40,R:X,3,FALSE)) | N40: =IF(ISERROR(VLOOKUP(K40,R:X,5,FALSE)),"",VLOOKUP(K40,R:X,5,FALSE)) | O40: =IF(ISERROR(VLOOKUP(K40,R:X,4,FALSE)*N40),"",VLOOKUP(K40,R:X,4,FALSE)*N40) | P40: =IF(ISERROR(O40+$S$2),"",O40+$S$2)
G41: =I41 -> 37 | I41: 37 | J41: =J40 -> Starter Batteries | K41: {=IF(ISERROR(_xlfn.IFS((I41<=X$7),R$7,I41<=X$8,R$8,I41<=X$9,R$9,I41<=X$10,R$10,I41<=X$11,R$11,I41<=X$12,R$12,I41<=X$13,R$13,I41<=X$14,R$14,I41<=X$15,R$15,I41<=X$16,R$16,I41<=X$17,R$17,I41<=X$18,R$18,I41<=X$19,R$19)),"",_xlfn.IFS((I41<=X$7),R$7,I41<=X$8,R$8,I41<=X$9,R$9,I41<=X$10,R$10,I41<=X$11,R$11,I41<=X$12,R$12,I41<=X$13,R$13,I41<=X$14,R$14,I41<=X$15,R$15,I41<=X$16,R$16,I41<=X$17,R$17,I41<=X$18,R$18,I41<=X$19,R$19))} | L41: =IF(ISERROR(VLOOKUP(K41,R:X,2,FALSE)),"",VLOOKUP(K41,R:X,2,FALSE)) | M41: =IF(ISERROR(VLOOKUP(K41,R:X,3,FALSE)),"",VLOOKUP(K41,R:X,3,FALSE)) | N41: =IF(ISERROR(VLOOKUP(K41,R:X,5,FALSE)),"",VLOOKUP(K41,R:X,5,FALSE)) | O41: =IF(ISERROR(VLOOKUP(K41,R:X,4,FALSE)*N41),"",VLOOKUP(K41,R:X,4,FALSE)*N41) | P41: =IF(ISERROR(O41+$S$2),"",O41+$S$2)
G42: =I42 -> 38 | I42: 38 | J42: =J41 -> Starter Batteries | K42: {=IF(ISERROR(_xlfn.IFS((I42<=X$7),R$7,I42<=X$8,R$8,I42<=X$9,R$9,I42<=X$10,R$10,I42<=X$11,R$11,I42<=X$12,R$12,I42<=X$13,R$13,I42<=X$14,R$14,I42<=X$15,R$15,I42<=X$16,R$16,I42<=X$17,R$17,I42<=X$18,R$18,I42<=X$19,R$19)),"",_xlfn.IFS((I42<=X$7),R$7,I42<=X$8,R$8,I42<=X$9,R$9,I42<=X$10,R$10,I42<=X$11,R$11,I42<=X$12,R$12,I42<=X$13,R$13,I42<=X$14,R$14,I42<=X$15,R$15,I42<=X$16,R$16,I42<=X$17,R$17,I42<=X$18,R$18,I42<=X$19,R$19))} | L42: =IF(ISERROR(VLOOKUP(K42,R:X,2,FALSE)),"",VLOOKUP(K42,R:X,2,FALSE)) | M42: =IF(ISERROR(VLOOKUP(K42,R:X,3,FALSE)),"",VLOOKUP(K42,R:X,3,FALSE)) | N42: =IF(ISERROR(VLOOKUP(K42,R:X,5,FALSE)),"",VLOOKUP(K42,R:X,5,FALSE)) | O42: =IF(ISERROR(VLOOKUP(K42,R:X,4,FALSE)*N42),"",VLOOKUP(K42,R:X,4,FALSE)*N42) | P42: =IF(ISERROR(O42+$S$2),"",O42+$S$2)
G43: =I43 -> 39 | I43: 39 | J43: =J42 -> Starter Batteries | K43: {=IF(ISERROR(_xlfn.IFS((I43<=X$7),R$7,I43<=X$8,R$8,I43<=X$9,R$9,I43<=X$10,R$10,I43<=X$11,R$11,I43<=X$12,R$12,I43<=X$13,R$13,I43<=X$14,R$14,I43<=X$15,R$15,I43<=X$16,R$16,I43<=X$17,R$17,I43<=X$18,R$18,I43<=X$19,R$19)),"",_xlfn.IFS((I43<=X$7),R$7,I43<=X$8,R$8,I43<=X$9,R$9,I43<=X$10,R$10,I43<=X$11,R$11,I43<=X$12,R$12,I43<=X$13,R$13,I43<=X$14,R$14,I43<=X$15,R$15,I43<=X$16,R$16,I43<=X$17,R$17,I43<=X$18,R$18,I43<=X$19,R$19))} | L43: =IF(ISERROR(VLOOKUP(K43,R:X,2,FALSE)),"",VLOOKUP(K43,R:X,2,FALSE)) | M43: =IF(ISERROR(VLOOKUP(K43,R:X,3,FALSE)),"",VLOOKUP(K43,R:X,3,FALSE)) | N43: =IF(ISERROR(VLOOKUP(K43,R:X,5,FALSE)),"",VLOOKUP(K43,R:X,5,FALSE)) | O43: =IF(ISERROR(VLOOKUP(K43,R:X,4,FALSE)*N43),"",VLOOKUP(K43,R:X,4,FALSE)*N43) | P43: =IF(ISERROR(O43+$S$2),"",O43+$S$2)
G44: =I44 -> 40 | I44: 40 | J44: =J43 -> Starter Batteries | K44: {=IF(ISERROR(_xlfn.IFS((I44<=X$7),R$7,I44<=X$8,R$8,I44<=X$9,R$9,I44<=X$10,R$10,I44<=X$11,R$11,I44<=X$12,R$12,I44<=X$13,R$13,I44<=X$14,R$14,I44<=X$15,R$15,I44<=X$16,R$16,I44<=X$17,R$17,I44<=X$18,R$18,I44<=X$19,R$19)),"",_xlfn.IFS((I44<=X$7),R$7,I44<=X$8,R$8,I44<=X$9,R$9,I44<=X$10,R$10,I44<=X$11,R$11,I44<=X$12,R$12,I44<=X$13,R$13,I44<=X$14,R$14,I44<=X$15,R$15,I44<=X$16,R$16,I44<=X$17,R$17,I44<=X$18,R$18,I44<=X$19,R$19))} | L44: =IF(ISERROR(VLOOKUP(K44,R:X,2,FALSE)),"",VLOOKUP(K44,R:X,2,FALSE)) | M44: =IF(ISERROR(VLOOKUP(K44,R:X,3,FALSE)),"",VLOOKUP(K44,R:X,3,FALSE)) | N44: =IF(ISERROR(VLOOKUP(K44,R:X,5,FALSE)),"",VLOOKUP(K44,R:X,5,FALSE)) | O44: =IF(ISERROR(VLOOKUP(K44,R:X,4,FALSE)*N44),"",VLOOKUP(K44,R:X,4,FALSE)*N44) | P44: =IF(ISERROR(O44+$S$2),"",O44+$S$2)
G45: =I45 -> 41 | I45: 41 | J45: =J44 -> Starter Batteries | K45: {=IF(ISERROR(_xlfn.IFS((I45<=X$7),R$7,I45<=X$8,R$8,I45<=X$9,R$9,I45<=X$10,R$10,I45<=X$11,R$11,I45<=X$12,R$12,I45<=X$13,R$13,I45<=X$14,R$14,I45<=X$15,R$15,I45<=X$16,R$16,I45<=X$17,R$17,I45<=X$18,R$18,I45<=X$19,R$19)),"",_xlfn.IFS((I45<=X$7),R$7,I45<=X$8,R$8,I45<=X$9,R$9,I45<=X$10,R$10,I45<=X$11,R$11,I45<=X$12,R$12,I45<=X$13,R$13,I45<=X$14,R$14,I45<=X$15,R$15,I45<=X$16,R$16,I45<=X$17,R$17,I45<=X$18,R$18,I45<=X$19,R$19))} | L45: =IF(ISERROR(VLOOKUP(K45,R:X,2,FALSE)),"",VLOOKUP(K45,R:X,2,FALSE)) | M45: =IF(ISERROR(VLOOKUP(K45,R:X,3,FALSE)),"",VLOOKUP(K45,R:X,3,FALSE)) | N45: =IF(ISERROR(VLOOKUP(K45,R:X,5,FALSE)),"",VLOOKUP(K45,R:X,5,FALSE)) | O45: =IF(ISERROR(VLOOKUP(K45,R:X,4,FALSE)*N45),"",VLOOKUP(K45,R:X,4,FALSE)*N45) | P45: =IF(ISERROR(O45+$S$2),"",O45+$S$2)
G46: =I46 -> 42 | I46: 42 | J46: =J45 -> Starter Batteries | K46: {=IF(ISERROR(_xlfn.IFS((I46<=X$7),R$7,I46<=X$8,R$8,I46<=X$9,R$9,I46<=X$10,R$10,I46<=X$11,R$11,I46<=X$12,R$12,I46<=X$13,R$13,I46<=X$14,R$14,I46<=X$15,R$15,I46<=X$16,R$16,I46<=X$17,R$17,I46<=X$18,R$18,I46<=X$19,R$19)),"",_xlfn.IFS((I46<=X$7),R$7,I46<=X$8,R$8,I46<=X$9,R$9,I46<=X$10,R$10,I46<=X$11,R$11,I46<=X$12,R$12,I46<=X$13,R$13,I46<=X$14,R$14,I46<=X$15,R$15,I46<=X$16,R$16,I46<=X$17,R$17,I46<=X$18,R$18,I46<=X$19,R$19))} | L46: =IF(ISERROR(VLOOKUP(K46,R:X,2,FALSE)),"",VLOOKUP(K46,R:X,2,FALSE)) | M46: =IF(ISERROR(VLOOKUP(K46,R:X,3,FALSE)),"",VLOOKUP(K46,R:X,3,FALSE)) | N46: =IF(ISERROR(VLOOKUP(K46,R:X,5,FALSE)),"",VLOOKUP(K46,R:X,5,FALSE)) | O46: =IF(ISERROR(VLOOKUP(K46,R:X,4,FALSE)*N46),"",VLOOKUP(K46,R:X,4,FALSE)*N46) | P46: =IF(ISERROR(O46+$S$2),"",O46+$S$2)
... G214: =I214 -> 210 | I214: 210 | J214: =J213 -> Starter Batteries | K214: {=IF(ISERROR(_xlfn.IFS((I214<=X$7),R$7,I214<=X$8,R$8,I214<=X$9,R$9,I214<=X$10,R$10,I214<=X$11,R$11,I214<=X$12,R$12,I214<=X$13,R$13,I214<=X$14,R$14,I214<=X$15,R$15,I214<=X$16,R$16,I214<=X$17,R$17,I214<=X$18,R$18,I214<=X$19,R$19)),"",_xlfn.IFS((I214<=X$7),R$7,I214<=X$8,R$8,I214<=X$9,R$9,I214<=X$10,R$10,I214<=X$11,R$11,I214<=X$12,R$12,I214<=X$13,R$13,I214<=X$14,R$14,I214<=X$15,R$15,I214<=X$16,R$16,I214<=X$17,R$17,I214<=X$18,R$18,I214<=X$19,R$19))} | L214: =IF(ISERROR(VLOOKUP(K214,R:X,2,FALSE)),"",VLOOKUP(K214,R:X,2,FALSE)) | M214: =IF(ISERROR(VLOOKUP(K214,R:X,3,FALSE)),"",VLOOKUP(K214,R:X,3,FALSE)) | N214: =IF(ISERROR(VLOOKUP(K214,R:X,5,FALSE)),"",VLOOKUP(K214,R:X,5,FALSE)) | O214: =IF(ISERROR(VLOOKUP(K214,R:X,4,FALSE)*N214),"",VLOOKUP(K214,R:X,4,FALSE)*N214) | P214: =IF(ISERROR(O214+$S$2),"",O214+$S$2)
I215: Total | N215: =SUM(N5:N214) -> 1363 | O215: =SUM(O5:O214) -> 19630.5 | P215: =SUM(P5:P214) -> 20180.5

Sheet PL230087
P1: 20' DRY | Q1: Remorque N°: | AB1: RPALB55L1W172R1Z55 | AC1: RPA | AD1: SMF 55027 | AE1: LB55L1W172R1Z55 | AF1: R+ | AG1: DIN | AH1: P0001 | AI1: =CONCATENATE(AB1,$R$5) -> RPALB55L1W172R1Z55Commande 4 | AJ1: =AH1 -> P0001 | AK1: ='Commande Export 2023'!AF3 -> #N/A | AL1: =CONCATENATE($P$7,AE1,$R$5) -> Ouest BatteriesLB55L1W172R1Z55Commande 4 | AM1: =VLOOKUP(AL1,'Commande Export 2023'!AC:AF,4,FALSE) -> P0064 | AN1: =IF(AL1=AI1,AM1,#N/A) -> #N/A | AO1: =IF(ISERROR(AN1),"",AH1) | AP1: =VLOOKUP(AO1,'Price list'!AM:AN,2,FALSE) -> #N/A | AQ1: =IF(ISERROR(AP1),"",1) | AR1: =IF(ISERROR(VLOOKUP($AY1,$AT$1:$AY$660,2,0)),"",VLOOKUP($AY1,$AT$1:$AY$660,2,0)) -> P0064 | AS1: =IF(AV1>0,1,"") | AT1: =AS1 | AU1: P0001 | AV1: =IF(AQ1="",0,1) -> 0 | AW1: RPA | AX1: 21 | AY1: 1 | AZ1: =AR1 -> P0064 | BA1: =VLOOKUP(AZ1,'Price list'!AM:AN,2,FALSE) -> Ouest BatteriesLB55L1W172R1Z55Commande 4 | BB1: =IF(ISERROR(VLOOKUP(BA1,'Commande Export 2023'!AC:AG,5,FALSE)),"",VLOOKUP(BA1,'Commande Export 2023'!AC:AG,5,FALSE)) -> LB55L1W172R1Z55 | BC1: =$P$7 -> Ouest Batteries
F2: Seller : Societe Nouvelle des Accumulateurs NOUR | P2: 40' DRY | Q2: Container N° : | AB2: RPALB66L2W172R1Z55 | AC2: RPA | AD2: SMF 56219 | AE2: LB66L2W172R1Z55 | AF2: R+ | AG2: DIN | AH2: P0002 | AI2: =CONCATENATE(AB2,$R$5) -> RPALB66L2W172R1Z55Commande 4 | AJ2: =AH2 -> P0002 | AK2: ='Commande Export 2023'!AF4 -> #N/A | AL2: =CONCATENATE($P$7,AE2,$R$5) -> Ouest BatteriesLB66L2W172R1Z55Commande 4 | AM2: =VLOOKUP(AL2,'Commande Export 2023'!AC:AF,4,FALSE) -> P0065 | AN2: =IF(AL2=AI2,AM2,#N/A) -> #N/A | AO2: =IF(ISERROR(AN2),"",AH2) | AP2: =VLOOKUP(AO2,'Price list'!AO:AP,2,FALSE) -> #N/A | AQ2: =IF(ISERROR(AP2),"",1) | AR2: =IF(ISERROR(VLOOKUP($AY2,$AT$1:$AY$660,2,0)),"",VLOOKUP($AY2,$AT$1:$AY$660,2,0)) -> P0065 | AS2: =IF(AV2>0,1,"") | AT2: =SUM($AS$1:AS2) -> 0 | AU2: P0002 | AV2: =IF(AQ2="",0,1) -> 0 | AW2: RPA | AX2: 22 | AY2: 2 | AZ2: =AR2 -> P0065 | BA2: =VLOOKUP(AZ2,'Price list'!AM:AN,2,FALSE) -> Ouest BatteriesLB66L2W172R1Z55Commande 4 | BB2: =IF(ISERROR(VLOOKUP(BA2,'Commande Export 2023'!AC:AG,5,FALSE)),"",VLOOKUP(BA2,'Commande Export 2023'!AC:AG,5,FALSE)) -> LB66L2W172R1Z55 | BC2: =$P$7 -> Ouest Batteries
F3: Address: Route de sousse km 6, 2033 Megrine, Tunis | Q3: Truck N°: | AB3: RPALB77L3W172R1Z55 | AC3: RPA | AD3: SMF 57412 | AE3: LB77L3W172R1Z55 | AF3: R+ | AG3: DIN | AH3: P0003 | AI3: =CONCATENATE(AB3,$R$5) -> RPALB77L3W172R1Z55Commande 4 | AJ3: =AH3 -> P0003 | AK3: ='Commande Export 2023'!AF5 -> #N/A | AL3: =CONCATENATE($P$7,AE3,$R$5) -> Ouest BatteriesLB77L3W172R1Z55Commande 4 | AM3: =VLOOKUP(AL3,'Commande Export 2023'!AC:AF,4,FALSE) -> #N/A | AN3: =IF(AL3=AI3,AM3,#N/A) -> #N/A | AO3: =IF(ISERROR(AN3),"",AH3) | AP3: =VLOOKUP(AO3,'Price list'!AO:AP,2,FALSE) -> #N/A | AQ3: =IF(ISERROR(AP3),"",1) | AR3: =IF(ISERROR(VLOOKUP($AY3,$AT$1:$AY$660,2,0)),"",VLOOKUP($AY3,$AT$1:$AY$660,2,0)) -> P0070 | AS3: =IF(AV3>0,1,"") | AT3: =SUM($AS$1:AS3) -> 0 | AU3: P0003 | AV3: =IF(AQ3="",0,1) -> 0 | AW3: RPA | AX3: 23 | AY3: 3 | AZ3: =AR3 -> P0070 | BA3: =VLOOKUP(AZ3,'Price list'!AM:AN,2,FALSE) -> Ouest BatteriesLB56B2W172R1Z44Commande 4 | BB3: =IF(ISERROR(VLOOKUP(BA3,'Commande Export 2023'!AC:AG,5,FALSE)),"",VLOOKUP(BA3,'Commande Export 2023'!AC:AG,5,FALSE)) -> LB56B2W172R1Z44 | BC3: =$P$7 -> Ouest Batteries
F4: Tel : [+216] 71 433-233 Fax : [+216] 71 433-424 | L4: Customer Code | M4: X033003 | N4: =C11 -> OUEST BATTERIES | Q4: Trailer N°: | AB4: RPALB90L5W172R1Z55 | AC4: RPA | AD4: SMF 60044 | AE4: LB90L5W172R1Z55 | AF4: R+ | AG4: DIN | AH4: P0004 | AI4: =CONCATENATE(AB4,$R$5) -> RPALB90L5W172R1Z55Commande 4 | AJ4: =AH4 -> P0004 | AK4: ='Commande Export 2023'!AF6 -> #N/A | AL4: =CONCATENATE($P$7,AE4,$R$5) -> Ouest BatteriesLB90L5W172R1Z55Commande 4 | AM4: =VLOOKUP(AL4,'Commande Export 2023'!AC:AF,4,FALSE) -> #N/A | AN4: =IF(AL4=AI4,AM4,#N/A) -> #N/A | AO4: =IF(ISERROR(AN4),"",AH4) | AP4: =VLOOKUP(AO4,'Price list'!AO:AP,2,FALSE) -> #N/A | AQ4: =IF(ISERROR(AP4),"",1) | AR4: =IF(ISERROR(VLOOKUP($AY4,$AT$1:$AY$660,2,0)),"",VLOOKUP($AY4,$AT$1:$AY$660,2,0)) -> P0071 | AS4: =IF(AV4>0,1,"") | AT4: =SUM($AS$1:AS4) -> 0 | AU4: P0004 | AV4: =IF(AQ4="",0,1) -> 0 | AW4: RPA | AX4: 24 | AY4: 4 | AZ4: =AR4 -> P0071 | BA4: =VLOOKUP(AZ4,'Price list'!AM:AN,2,FALSE) -> Ouest BatteriesLB56L2W172R1Z44Commande 4 | BB4: =IF(ISERROR(VLOOKUP(BA4,'Commande Export 2023'!AC:AG,5,FALSE)),"",VLOOKUP(BA4,'Commande Export 2023'!AC:AG,5,FALSE)) -> LB56L2W172R1Z44 | BC4: =$P$7 -> Ouest Batteries
F5: Capital 12.000.000 DT MF : 1027384 F/A/M/000 RC : B2478702007 | L5: Commande | M5: 4 | R5: =CONCATENATE(L5,M5) -> Commande 4 | U5: Code Nour | V5: Intl Code | W5: Customer Code | X5: Poids net U | Y5: Qté/Palette | Z5: Nbre Palettes | AB5: RPALB45B1W172R1Z44 | AC5: RPA | AD5: SMF 54512 | AE5: LB45B1W172R1Z44 | AF5: R+ | AG5: DIN | AH5: P0005 | AI5: =CONCATENATE(AB5,$R$5) -> RPALB45B1W172R1Z44Commande 4 | AJ5: =AH5 -> P0005 | AK5: ='Commande Export 2023'!AF7 -> #N/A | AL5: =CONCATENATE($P$7,AE5,$R$5) -> Ouest BatteriesLB45B1W172R1Z44Commande 4 | AM5: =VLOOKUP(AL5,'Commande Export 2023'!AC:AF,4,FALSE) -> #N/A | AN5: =IF(AL5=AI5,AM5,#N/A) -> #N/A | AO5: =IF(ISERROR(AN5),"",AH5) | AP5: =VLOOKUP(AO5,'Price list'!AO:AP,2,FALSE) -> #N/A | AQ5: =IF(ISERROR(AP5),"",1) | AR5: =IF(ISERROR(VLOOKUP($AY5,$AT$1:$AY$660,2,0)),"",VLOOKUP($AY5,$AT$1:$AY$660,2,0)) -> P0072 | AS5: =IF(AV5>0,1,"") | AT5: =SUM($AS$1:AS5) -> 0 | AU5: P0005 | AV5: =IF(AQ5="",0,1) -> 0 | AW5: RPA | AX5: 25 | AY5: 5 | AZ5: =AR5 -> P0072 | BA5: =VLOOKUP(AZ5,'Price list'!AM:AN,2,FALSE) -> Ouest BatteriesLB67B3W172R1Z44Commande 4 | BB5: =IF(ISERROR(VLOOKUP(BA5,'Commande Export 2023'!AC:AG,5,FALSE)),"",VLOOKUP(BA5,'Commande Export 2023'!AC:AG,5,FALSE)) -> LB67B3W172R1Z44 | BC5: =$P$7 -> Ouest Batteries
F6: Bank Details : STB bank / IBAN : TN59 1010 6045 2315 2787 8897 / SWIFT : STBKTNTTXXX | L6: Invoice N° | M6: FN230090 | Z6: =SUM(Z7:Z19) -> 27 | AA6: 0 | AB6: RPALB45L1W172R1Z44 | AC6: RPA | AD6: SMF 54459 | AE6: LB45L1W172R1Z44 | AF6: R+ | AG6: DIN | AH6: P0006 | AI6: =CONCATENATE(AB6,$R$5) -> RPALB45L1W172R1Z44Commande 4 | AJ6: =AH6 -> P0006 | AK6: ='Commande Export 2023'!AF8 -> #N/A | AL6: =CONCATENATE($P$7,AE6,$R$5) -> Ouest BatteriesLB45L1W172R1Z44Commande 4 | AM6: =VLOOKUP(AL6,'Commande Export 2023'!AC:AF,4,FALSE) -> #N/A | AN6: =IF(AL6=AI6,AM6,#N/A) -> #N/A | AO6: =IF(ISERROR(AN6),"",AH6) | AP6: =VLOOKUP(AO6,'Price list'!AO:AP,2,FALSE) -> #N/A | AQ6: =IF(ISERROR(AP6),"",1) | AR6: =IF(ISERROR(VLOOKUP($AY6,$AT$1:$AY$660,2,0)),"",VLOOKUP($AY6,$AT$1:$AY$660,2,0)) -> P0073 | AS6: =IF(AV6>0,1,"") | AT6: =SUM($AS$1:AS6) -> 0 | AU6: P0006 | AV6: =IF(AQ6="",0,1) -> 0 | AW6: RPA | AX6: 26 | AY6: 6 | AZ6: =AR6 -> P0073 | BA6: =VLOOKUP(AZ6,'Price list'!AM:AN,2,FALSE) -> Ouest BatteriesLB67L3W172R1Z44Commande 4 | BB6: =IF(ISERROR(VLOOKUP(BA6,'Commande Export 2023'!AC:AG,5,FALSE)),"",VLOOKUP(BA6,'Commande Export 2023'!AC:AG,5,FALSE)) -> LB67L3W172R1Z44 | BC6: =$P$7 -> Ouest Batteries
O7: =R$5 -> Commande 4 | P7: =VLOOKUP($M$4,'Base clients'!A$6:R$238,18,FALSE) -> Ouest Batteries | Q7: =CONCATENATE(P7,U7) -> Ouest BatteriesLB55L1W172R1Z55 | R7: =VLOOKUP(Q7,'Price list'!A$10:AO$663,39,FALSE) -> P0064 | S7: =R$5 -> Commande 4 | T7: =CONCATENATE(Q7,S7) -> Ouest BatteriesLB55L1W172R1Z55Commande 4 | U7: =IF(ISNONTEXT(BB1),"",BB1) -> LB55L1W172R1Z55 | V7: =IF(ISBLANK(VLOOKUP(Q7,'Price list'!A$10:AO$663,3,FALSE)),"",VLOOKUP(Q7,'Price list'!A$10:AO$663,3,FALSE)) -> SMF 55027 | W7: =IF(ISBLANK(VLOOKUP(Q7,'Price list'!A$10:AO$663,7,FALSE)),"",VLOOKUP(Q7,'Price list'!A$10:AO$663,7,FALSE)) -> 222PLUSMF | X7: =IF(ISBLANK(VLOOKUP(Q7,'Price list'!A$10:AO$663,18,FALSE)),"",VLOOKUP(Q7,'Price list'!A$10:AO$663,18,FALSE)) -> 12.555 | Y7: =IF(ISERROR(VLOOKUP(T7,'Commande Export 2023'!AC:AI,6,FALSE)),"",VLOOKUP(T7,'Commande Export 2023'!AC:AI,6,FALSE)) -> 72 | Z7: =IF(ISERROR(VLOOKUP(T7,'Commande Export 2023'!AC:AI,7,FALSE)),"",VLOOKUP(T7,'Commande Export 2023'!AC:AI,7,FALSE)) -> 4 | AA7: =Z7 -> 4 | AB7: RPALB56B2W172R1Z44 | AC7: RPA | AD7: SMF 56077 | AE7: LB56B2W172R1Z44 | AF7: R+ | AG7: DIN | AH7: P0007 | AI7: =CONCATENATE(AB7,$R$5) -> RPALB56B2W172R1Z44Commande 4 | AJ7: =AH7 -> P0007 | AK7: ='Commande Export 2023'!AF9 -> #N/A | AL7: =CONCATENATE($P$7,AE7,$R$5) -> Ouest BatteriesLB56B2W172R1Z44Commande 4 | AM7: =VLOOKUP(AL7,'Commande Export 2023'!AC:AF,4,FALSE) -> P0070 | AN7: =IF(AL7=AI7,AM7,#N/A) -> #N/A | AO7: =IF(ISERROR(AN7),"",AH7) | AP7: =VLOOKUP(AO7,'Price list'!AO:AP,2,FALSE) -> #N/A | AQ7: =IF(ISERROR(AP7),"",1) | AR7: =IF(ISERROR(VLOOKUP($AY7,$AT$1:$AY$660,2,0)),"",VLOOKUP($AY7,$AT$1:$AY$660,2,0)) -> P0076 | AS7: =IF(AV7>0,1,"") | AT7: =SUM($AS$1:AS7) -> 0 | AU7: P0007 | AV7: =IF(AQ7="",0,1) -> 0 | AW7: RPA | AX7: 27 | AY7: 7 | AZ7: =AR7 -> P0076 | BA7: =VLOOKUP(AZ7,'Price list'!AM:AN,2,FALSE) -> Ouest BatteriesLB44L1K072R1S12Commande 4 | BB7: =IF(ISERROR(VLOOKUP(BA7,'Commande Export 2023'!AC:AG,5,FALSE)),"",VLOOKUP(BA7,'Commande Export 2023'!AC:AG,5,FALSE)) -> LB44L1K072R1S12 | BC7: =$P$7 -> Ouest Batteries
L8: Date: | M8: 29/08/2023 | N8: Nature | O8: =R$5 -> Commande 4 | P8: =P7 -> Ouest Batteries | Q8: =CONCATENATE(P8,U8) -> Ouest BatteriesLB66L2W172R1Z55 | R8: =VLOOKUP(Q8,'Price list'!A$10:AO$663,39,FALSE) -> P0065 | S8: =R$5 -> Commande 4 | T8: =CONCATENATE(Q8,S8) -> Ouest BatteriesLB66L2W172R1Z55Commande 4 | U8: =IF(ISNONTEXT(BB2),"",BB2) -> LB66L2W172R1Z55 | V8: =IF(ISBLANK(VLOOKUP(Q8,'Price list'!A$10:AO$663,3,FALSE)),"",VLOOKUP(Q8,'Price list'!A$10:AO$663,3,FALSE)) -> SMF 56219 | W8: =IF(ISBLANK(VLOOKUP(Q8,'Price list'!A$10:AO$663,7,FALSE)),"",VLOOKUP(Q8,'Price list'!A$10:AO$663,7,FALSE)) -> 426PLUSMF | X8: =IF(ISBLANK(VLOOKUP(Q8,'Price list'!A$10:AO$663,18,FALSE)),"",VLOOKUP(Q8,'Price list'!A$10:AO$663,18,FALSE)) -> 14.552 | Y8: =IF(ISERROR(VLOOKUP(T8,'Commande Export 2023'!AC:AI,6,FALSE)),"",VLOOKUP(T8,'Commande Export 2023'!AC:AI,6,FALSE)) -> 63 | Z8: =IF(ISERROR(VLOOKUP(T8,'Commande Export 2023'!AC:AI,7,FALSE)),"",VLOOKUP(T8,'Commande Export 2023'!AC:AI,7,FALSE)) -> 4 | AA8: =IF(ISERROR(Z8+AA7),"",(Z8+AA7)) -> 8 | AB8: RPALB56L2W172R1Z44 | AC8: RPA | AD8: SMF 56078 | AE8: LB56L2W172R1Z44 | AF8: R+ | AG8: DIN | AH8: P0008 | AI8: =CONCATENATE(AB8,$R$5) -> RPALB56L2W172R1Z44Commande 4 | AJ8: =AH8 -> P0008 | AK8: ='Commande Export 2023'!AF10 -> #N/A | AL8: =CONCATENATE($P$7,AE8,$R$5) -> Ouest BatteriesLB56L2W172R1Z44Commande 4 | AM8: =VLOOKUP(AL8,'Commande Export 2023'!AC:AF,4,FALSE) -> P0071 | AN8: =IF(AL8=AI8,AM8,#N/A) -> #N/A | AO8: =IF(ISERROR(AN8),"",AH8) | AP8: =VLOOKUP(AO8,'Price list'!AO:AP,2,FALSE) -> #N/A | AQ8: =IF(ISERROR(AP8),"",1) | AR8: =IF(ISERROR(VLOOKUP($AY8,$AT$1:$AY$660,2,0)),"",VLOOKUP($AY8,$AT$1:$AY$660,2,0)) | AS8: =IF(AV8>0,1,"") | AT8: =SUM($AS$1:AS8) -> 0 | AU8: P0008 | AV8: =IF(AQ8="",0,1) -> 0 | AW8: RPA | AX8: 28 | AY8: 8 | AZ8: =AR8 | BA8: =VLOOKUP(AZ8,'Price list'!AM:AN,2,FALSE) -> #N/A | BB8: =IF(ISERROR(VLOOKUP(BA8,'Commande Export 2023'!AC:AG,5,FALSE)),"",VLOOKUP(BA8,'Commande Export 2023'!AC:AG,5,FALSE)) | BC8: =$P$7 -> Ouest Batteries
C9: =CONCATENATE("Date: ", M8) -> Date: 29/08/2023 | L9: Remorque N°: | O9: =R$5 -> Commande 4 | P9: =P8 -> Ouest Batteries | Q9: =CONCATENATE(P9,U9) -> Ouest BatteriesLB56B2W172R1Z44 | R9: =VLOOKUP(Q9,'Price list'!A$10:AO$663,39,FALSE) -> P0070 | S9: =R$5 -> Commande 4 | T9: =CONCATENATE(Q9,S9) -> Ouest BatteriesLB56B2W172R1Z44Commande 4 | U9: =IF(ISNONTEXT(BB3),"",BB3) -> LB56B2W172R1Z44 | V9: =IF(ISBLANK(VLOOKUP(Q9,'Price list'!A$10:AO$663,3,FALSE)),"",VLOOKUP(Q9,'Price list'!A$10:AO$663,3,FALSE)) -> SMF 56077 | W9: =IF(ISBLANK(VLOOKUP(Q9,'Price list'!A$10:AO$663,7,FALSE)),"",VLOOKUP(Q9,'Price list'!A$10:AO$663,7,FALSE)) -> 600MF | X9: =IF(ISBLANK(VLOOKUP(Q9,'Price list'!A$10:AO$663,18,FALSE)),"",VLOOKUP(Q9,'Price list'!A$10:AO$663,18,FALSE)) -> 13.9 | Y9: =IF(ISERROR(VLOOKUP(T9,'Commande Export 2023'!AC:AI,6,FALSE)),"",VLOOKUP(T9,'Commande Export 2023'!AC:AI,6,FALSE)) -> 63 | Z9: =IF(ISERROR(VLOOKUP(T9,'Commande Export 2023'!AC:AI,7,FALSE)),"",VLOOKUP(T9,'Commande Export 2023'!AC:AI,7,FALSE)) -> 2 | AA9: =IF(ISERROR(Z9+AA8),"",(Z9+AA8)) -> 10 | AB9: RPALB67B3W172R1Z44 | AC9: RPA | AD9: SMF 57014 | AE9: LB67B3W172R1Z44 | AF9: R+ | AG9: DIN | AH9: P0009 | AI9: =CONCATENATE(AB9,$R$5) -> RPALB67B3W172R1Z44Commande 4 | AJ9: =AH9 -> P0009 | AK9: ='Commande Export 2023'!AF11 -> #N/A | AL9: =CONCATENATE($P$7,AE9,$R$5) -> Ouest BatteriesLB67B3W172R1Z44Commande 4 | AM9: =VLOOKUP(AL9,'Commande Export 2023'!AC:AF,4,FALSE) -> P0072 | AN9: =IF(AL9=AI9,AM9,#N/A) -> #N/A | AO9: =IF(ISERROR(AN9),"",AH9) | AP9: =VLOOKUP(AO9,'Price list'!AO:AP,2,FALSE) -> #N/A | AQ9: =IF(ISERROR(AP9),"",1) | AR9: =IF(ISERROR(VLOOKUP($AY9,$AT$1:$AY$660,2,0)),"",VLOOKUP($AY9,$AT$1:$AY$660,2,0)) | AS9: =IF(AV9>0,1,"") | AT9: =SUM($AS$1:AS9) -> 0 | AU9: P0009 | AV9: =IF(AQ9="",0,1) -> 0 | AW9: RPA | AX9: 29 | AY9: 9 | AZ9: =AR9 | BA9: =VLOOKUP(AZ9,'Price list'!AM:AN,2,FALSE) -> #N/A | BB9: =IF(ISERROR(VLOOKUP(BA9,'Commande Export 2023'!AC:AG,5,FALSE)),"",VLOOKUP(BA9,'Commande Export 2023'!AC:AG,5,FALSE)) | BC9: =$P$7 -> Ouest Batteries
C10: Buyer : | L10: Seal N°: | O10: =R$5 -> Commande 4 | P10: =P9 -> Ouest Batteries | Q10: =CONCATENATE(P10,U10) -> Ouest BatteriesLB56L2W172R1Z44 | R10: =VLOOKUP(Q10,'Price list'!A$10:AO$663,39,FALSE) -> P0071 | S10: =R$5 -> Commande 4 | T10: =CONCATENATE(Q10,S10) -> Ouest BatteriesLB56L2W172R1Z44Commande 4 | U10: =IF(ISNONTEXT(BB4),"",BB4) -> LB56L2W172R1Z44 | V10: =IF(ISBLANK(VLOOKUP(Q10,'Price list'!A$10:AO$663,3,FALSE)),"",VLOOKUP(Q10,'Price list'!A$10:AO$663,3,FALSE)) -> SMF 56078 | W10: =IF(ISBLANK(VLOOKUP(Q10,'Price list'!A$10:AO$663,7,FALSE)),"",VLOOKUP(Q10,'Price list'!A$10:AO$663,7,FALSE)) -> 426MF | X10: =IF(ISBLANK(VLOOKUP(Q10,'Price list'!A$10:AO$663,18,FALSE)),"",VLOOKUP(Q10,'Price list'!A$10:AO$663,18,FALSE)) -> 13.9 | Y10: =IF(ISERROR(VLOOKUP(T10,'Commande Export 2023'!AC:AI,6,FALSE)),"",VLOOKUP(T10,'Commande Export 2023'!AC:AI,6,FALSE)) -> 63 | Z10: =IF(ISERROR(VLOOKUP(T10,'Commande Export 2023'!AC:AI,7,FALSE)),"",VLOOKUP(T10,'Commande Export 2023'!AC:AI,7,FALSE)) -> 4 | AA10: =IF(ISERROR(Z10+AA9),"",(Z10+AA9)) -> 14 | AB10: RPALB67L3W172R1Z44 | AC10: RPA | AD10: SMF 57220 | AE10: LB67L3W172R1Z44 | AF10: R+ | AG10: DIN | AH10: P0010 | AI10: =CONCATENATE(AB10,$R$5) -> RPALB67L3W172R1Z44Commande 4 | AJ10: =AH10 -> P0010 | AK10: ='Commande Export 2023'!AF12 -> #N/A | AL10: =CONCATENATE($P$7,AE10,$R$5) -> Ouest BatteriesLB67L3W172R1Z44Commande 4 | AM10: =VLOOKUP(AL10,'Commande Export 2023'!AC:AF,4,FALSE) -> P0073 | AN10: =IF(AL10=AI10,AM10,#N/A) -> #N/A | AO10: =IF(ISERROR(AN10),"",AH10) | AP10: =VLOOKUP(AO10,'Price list'!AO:AP,2,FALSE) -> #N/A | AQ10: =IF(ISERROR(AP10),"",1) | AR10: =IF(ISERROR(VLOOKUP($AY10,$AT$1:$AY$660,2,0)),"",VLOOKUP($AY10,$AT$1:$AY$660,2,0)) | AS10: =IF(AV10>0,1,"") | AT10: =SUM($AS$1:AS10) -> 0 | AU10: P0010 | AV10: =IF(AQ10="",0,1) -> 0 | AW10: RPA | AX10: 30 | AY10: 10 | AZ10: =AR10 | BA10: =VLOOKUP(AZ10,'Price list'!AM:AN,2,FALSE) -> #N/A | BB10: =IF(ISERROR(VLOOKUP(BA10,'Commande Export 2023'!AC:AG,5,FALSE)),"",VLOOKUP(BA10,'Commande Export 2023'!AC:AG,5,FALSE)) | BC10: =$P$7 -> Ouest Batteries
C11: =VLOOKUP('PL230087'!M4,'Base clients'!A:Q,3,FALSE) -> OUEST BATTERIES | L11: Description | M11: Starter Batteries | O11: =R$5 -> Commande 4 | P11: =P10 -> Ouest Batteries | Q11: =CONCATENATE(P11,U11) -> Ouest BatteriesLB67B3W172R1Z44 | R11: =VLOOKUP(Q11,'Price list'!A$10:AO$663,39,FALSE) -> P0072 | S11: =R$5 -> Commande 4 | T11: =CONCATENATE(Q11,S11) -> Ouest BatteriesLB67B3W172R1Z44Commande 4 | U11: =IF(ISNONTEXT(BB5),"",BB5) -> LB67B3W172R1Z44 | V11: =IF(ISBLANK(VLOOKUP(Q11,'Price list'!A$10:AO$663,3,FALSE)),"",VLOOKUP(Q11,'Price list'!A$10:AO$663,3,FALSE)) -> SMF 57014 | W11: =IF(ISBLANK(VLOOKUP(Q11,'Price list'!A$10:AO$663,7,FALSE)),"",VLOOKUP(Q11,'Price list'!A$10:AO$663,7,FALSE)) -> 358MF | X11: =IF(ISBLANK(VLOOKUP(Q11,'Price list'!A$10:AO$663,18,FALSE)),"",VLOOKUP(Q11,'Price list'!A$10:AO$663,18,FALSE)) -> 16.8 | Y11: =IF(ISERROR(VLOOKUP(T11,'Commande Export 2023'!AC:AI,6,FALSE)),"",VLOOKUP(T11,'Commande Export 2023'!AC:AI,6,FALSE)) -> 57 | Z11: =IF(ISERROR(VLOOKUP(T11,'Commande Export 2023'!AC:AI,7,FALSE)),"",VLOOKUP(T11,'Commande Export 2023'!AC:AI,7,FALSE)) -> 2 | AA11: =IF(ISERROR(Z11+AA10),"",(Z11+AA10)) -> 16 | AB11: RPALB89L5W172R1Z44 | AC11: RPA | AD11: SMF 59538 | AE11: LB89L5W172R1Z44 | AF11: R+ | AG11: DIN | AH11: P0011 | AI11: =CONCATENATE(AB11,$R$5) -> RPALB89L5W172R1Z44Commande 4 | AJ11: =AH11 -> P0011 | AK11: ='Commande Export 2023'!AF13 -> #N/A | AL11: =CONCATENATE($P$7,AE11,$R$5) -> Ouest BatteriesLB89L5W172R1Z44Commande 4 | AM11: =VLOOKUP(AL11,'Commande Export 2023'!AC:AF,4,FALSE) -> #N/A | AN11: =IF(AL11=AI11,AM11,#N/A) -> #N/A | AO11: =IF(ISERROR(AN11),"",AH11) | AP11: =VLOOKUP(AO11,'Price list'!AO:AP,2,FALSE) -> #N/A | AQ11: =IF(ISERROR(AP11),"",1) | AR11: =IF(ISERROR(VLOOKUP($AY11,$AT$1:$AY$660,2,0)),"",VLOOKUP($AY11,$AT$1:$AY$660,2,0)) | AS11: =IF(AV11>0,1,"") | AT11: =SUM($AS$1:AS11) -> 0 | AU11: P0011 | AV11: =IF(AQ11="",0,1) -> 0 | AW11: RPA | AX11: 31 | AY11: 11 | AZ11: =AR11 | BA11: =VLOOKUP(AZ11,'Price list'!AM:AN,2,FALSE) -> #N/A | BB11: =IF(ISERROR(VLOOKUP(BA11,'Commande Export 2023'!AC:AG,5,FALSE)),"",VLOOKUP(BA11,'Commande Export 2023'!AC:AG,5,FALSE)) | BC11: =$P$7 -> Ouest Batteries
C12: =CONCATENATE(VLOOKUP('PL230087'!M4,'Base clients'!A:Q,4,FALSE)," ",VLOOKUP('PL230087'!M4,'Base clients'!A:Q,5,FALSE)," ",VLOOKUP('PL230087'!M4,'Base clients'!A:Q,6,FALSE)) -> 6 AV DU LAC 37550 SAINT-AVERTIN | L12: Poids Palette = | M12: 25 | O12: =R$5 -> Commande 4 | P12: =P11 -> Ouest Batteries | Q12: =CONCATENATE(P12,U12) -> Ouest BatteriesLB67L3W172R1Z44 | R12: =VLOOKUP(Q12,'Price list'!A$10:AO$663,39,FALSE) -> P0073 | S12: =R$5 -> Commande 4 | T12: =CONCATENATE(Q12,S12) -> Ouest BatteriesLB67L3W172R1Z44Commande 4 | U12: =IF(ISNONTEXT(BB6),"",BB6) -> LB67L3W172R1Z44 | V12: =IF(ISBLANK(VLOOKUP(Q12,'Price list'!A$10:AO$663,3,FALSE)),"",VLOOKUP(Q12,'Price list'!A$10:AO$663,3,FALSE)) -> SMF 57220 | W12: =IF(ISBLANK(VLOOKUP(Q12,'Price list'!A$10:AO$663,7,FALSE)),"",VLOOKUP(Q12,'Price list'!A$10:AO$663,7,FALSE)) -> 430MF | X12: =IF(ISBLANK(VLOOKUP(Q12,'Price list'!A$10:AO$663,18,FALSE)),"",VLOOKUP(Q12,'Price list'!A$10:AO$663,18,FALSE)) -> 16.8 | Y12: =IF(ISERROR(VLOOKUP(T12,'Commande Export 2023'!AC:AI,6,FALSE)),"",VLOOKUP(T12,'Commande Export 2023'!AC:AI,6,FALSE)) -> 57 | Z12: =IF(ISERROR(VLOOKUP(T12,'Commande Export 2023'!AC:AI,7,FALSE)),"",VLOOKUP(T12,'Commande Export 2023'!AC:AI,7,FALSE)) -> 10 | AA12: =IF(ISERROR(Z12+AA11),"",(Z12+AA11)) -> 26 | AB12: RPALB44B1K072R1S12 | AC12: RPA | AD12: MF 54512 | AE12: LB44B1K072R1S12 | AF12: R+ | AG12: DIN | AH12: P0012 | AI12: =CONCATENATE(AB12,$R$5) -> RPALB44B1K072R1S12Commande 4 | AJ12: =AH12 -> P0012 | AK12: ='Commande Export 2023'!AF14 -> #N/A | AL12: =CONCATENATE($P$7,AE12,$R$5) -> Ouest BatteriesLB44B1K072R1S12Commande 4 | AM12: =VLOOKUP(AL12,'Commande Export 2023'!AC:AF,4,FALSE) -> #N/A | AN12: =IF(AL12=AI12,AM12,#N/A) -> #N/A | AO12: =IF(ISERROR(AN12),"",AH12) | AP12: =VLOOKUP(AO12,'Price list'!AO:AP,2,FALSE) -> #N/A | AQ12: =IF(ISERROR(AP12),"",1) | AR12: =IF(ISERROR(VLOOKUP($AY12,$AT$1:$AY$660,2,0)),"",VLOOKUP($AY12,$AT$1:$AY$660,2,0)) | AS12: =IF(AV12>0,1,"") | AT12: =SUM($AS$1:AS12) -> 0 | AU12: P0012 | AV12: =IF(AQ12="",0,1) -> 0 | AW12: RPA | AX12: 32 | AY12: 12 | AZ12: =AR12 | BA12: =VLOOKUP(AZ12,'Price list'!AM:AN,2,FALSE) -> #N/A | BB12: =IF(ISERROR(VLOOKUP(BA12,'Commande Export 2023'!AC:AG,5,FALSE)),"",VLOOKUP(BA12,'Commande Export 2023'!AC:AG,5,FALSE)) | BC12: =$P$7 -> Ouest Batteries
